Workbook
Name _\a: #REF!
Name _\b: #REF!
Name _\c: #REF!
Name _\eliminar: [1]RESUM96!#REF!
Name _\eliminar1: [1]RESUM96!#REF!
Name _\m: #REF!
Name _\q: #REF!
Name _\w: #N/A
Name _\z: #REF!
Name ___________________l9001: '[2]Plan auditoría'!#REF!
Name __________________l9001: '[2]Plan auditoría'!#REF!
Name ________________A16403: #REF!
Name ________________l9001: '[2]Plan auditoría'!#REF!
Name _______________A164063: #REF!
Name _______________EST1: #REF!
Name _______________EST10: #REF!
Name _______________EST11: #REF!
Name _______________EST12: #REF!
Name _______________EST13: #REF!
Name _______________EST14: #REF!
Name _______________EST15: #REF!
Name _______________EST16: #REF!
Name _______________EST17: #REF!
Name _______________EST18: #REF!
Name _______________EST19: #REF!
Name _______________EST2: #REF!
Name _______________EST3: #REF!
Name _______________EST4: #REF!
Name _______________EST5: #REF!
Name _______________EST6: #REF!
Name _______________EST7: #REF!
Name _______________EST8: #REF!
Name _______________EST9: #REF!
Name _______________EXC1: #REF!
Name _______________EXC10: #REF!
Name _______________EXC11: #REF!
Name _______________EXC12: #REF!
Name _______________EXC2: #REF!
Name _______________EXC3: #REF!
Name _______________EXC4: #REF!
Name _______________EXC5: #REF!
Name _______________EXC6: #REF!
Name _______________EXC7: #REF!
Name _______________EXC8: #REF!
Name _______________EXC9: #REF!
Name _______________l9001: '[2]Plan auditoría'!#REF!
Name ______________A16400: #REF!
Name ______________A16463: #REF!
Name ______________l9001: '[2]Plan auditoría'!#REF!
Name _____________A163163: #REF!
Name _____________A1640016: #REF!
Name _____________A1640033: #REF!
Name _____________A164004: #REF!
Name _____________A1640336: #REF!
Name _____________A164132: #REF!
Name _____________A1641336: #REF!
Name _____________EST1: #REF!
Name _____________EST10: #REF!
Name _____________EST11: #REF!
Name _____________EST12: #REF!

Sheet 1.4
A1: MEMORIA DE CANTIDADES DE OBRAS
A2: DEPARTAMENTO DE BOLIVAR
A3: CORREGIMIENTO DE CAUSADO, JURISDICCION DEL MUNICIPIO DE MARGARITA
A5: OBJETO DEL PROYECTO | G5: CAPITULO | H5: ='PRESUPUESTO '!B12 -> 1 | I5: ITEM | J5: ='PRESUPUESTO '!#REF! -> #REF! | K5: ='PRESUPUESTO '!B18 -> 2.1 | M5: UNIDAD
A6: ='PRESUPUESTO '!E5 -> RECUPERACION Y CONSERVACIÓN DE ÁREAS DE IMPORTANCIA ESTRATEGICA DE LA ZONA DE INFLUENCIA DEL COMPLEJO CENAGOSO DE CASCALOA DE MAGANGUÉ, BOLÍVAR | G6: =VLOOKUP(H5,'PRESUPUESTO '!B12:K26,2) -> PRELIMINARES Y COMPLEMENTARIAS | I6: =VLOOKUP(J5,'PRESUPUESTO '!B12:K26,5) -> #REF! | M6: =VLOOKUP(J5,'PRESUPUESTO '!B12:K26,6) -> #REF!
A8: LOCALIZACION | G8: DESCRIPCION / ELEMENTO / AREA | H8: UNIDAD | I8: CANTIDAD | J8: LONGITUD | K8: ANCHO | L8: ALTO | M8: SUB TOTAL
H9: =IF(G9="","",$M$6) | M9: =PRODUCT(I9:L9) -> 0
H10: =IF(G10="","",$M$6) | M10: =PRODUCT(I10:L10) -> 0
H11: =IF(G11="","",$M$6) | M11: =PRODUCT(I11:L11) -> 0
H12: =IF(G12="","",$M$6) | M12: =PRODUCT(I12:L12) -> 0
H13: =IF(G13="","",$M$6) | M13: =PRODUCT(I13:L13) -> 0
H14: =IF(G14="","",$M$6) | M14: =PRODUCT(I14:L14) -> 0
H15: =IF(G15="","",$M$6) | M15: =PRODUCT(I15:L15) -> 0
H16: =IF(G16="","",$M$6) | M16: =PRODUCT(I16:L16) -> 0
H17: =IF(G17="","",$M$6) | M17: =PRODUCT(I17:L17) -> 0
H18: =IF(G18="","",$M$6) | M18: =PRODUCT(I18:L18) -> 0
H19: =IF(G19="","",$M$6) | M19: =PRODUCT(I19:L19) -> 0
H20: =IF(G20="","",$M$6) | M20: =PRODUCT(I20:L20) -> 0
... H23: =IF(G23="","",$M$6) | M23: =PRODUCT(I23:L23) -> 0
A24: GRAFICA / ESQUEMA | H24: =IF(G24="","",$M$6)
G26: TOTAL CANTIDAD | H26: =M6 -> #REF! | M26: =SUM(M9:M24) -> 0
G30: OBSERVACIONES;
G33: Planos:
G35: Informe:
G40: ='PRESUPUESTO '!B42 -> 0
G41: ='PRESUPUESTO '!B43 -> 0
G42: ='PRESUPUESTO '!B44 -> 0

Sheet 1.5
A1: MEMORIA DE CANTIDADES DE OBRAS
A2: DEPARTAMENTO DE BOLIVAR
A3: CORREGIMIENTO DE CAUSADO, JURISDICCION DEL MUNICIPIO DE MARGARITA
A5: OBJETO DEL PROYECTO | G5: CAPITULO | H5: ='PRESUPUESTO '!B12 -> 1 | I5: ITEM | J5: ='PRESUPUESTO '!#REF! -> #REF! | K5: ='PRESUPUESTO '!B18 -> 2.1 | M5: UNIDAD
A6: ='PRESUPUESTO '!E5 -> RECUPERACION Y CONSERVACIÓN DE ÁREAS DE IMPORTANCIA ESTRATEGICA DE LA ZONA DE INFLUENCIA DEL COMPLEJO CENAGOSO DE CASCALOA DE MAGANGUÉ, BOLÍVAR | G6: =VLOOKUP(H5,'PRESUPUESTO '!B12:K26,2) -> PRELIMINARES Y COMPLEMENTARIAS | I6: =VLOOKUP(J5,'PRESUPUESTO '!B12:K26,5) -> #REF! | M6: =VLOOKUP(J5,'PRESUPUESTO '!B12:K26,6) -> #REF!
A8: LOCALIZACION | G8: DESCRIPCION / ELEMENTO / AREA | H8: UNIDAD | I8: CANTIDAD | J8: LONGITUD | K8: ANCHO | L8: ALTO | M8: SUB TOTAL
H9: =IF(G9="","",$M$6) | M9: =PRODUCT(I9:L9) -> 0
H10: =IF(G10="","",$M$6) | M10: =PRODUCT(I10:L10) -> 0
H11: =IF(G11="","",$M$6) | M11: =PRODUCT(I11:L11) -> 0
H12: =IF(G12="","",$M$6) | M12: =PRODUCT(I12:L12) -> 0
H13: =IF(G13="","",$M$6) | M13: =PRODUCT(I13:L13) -> 0
H14: =IF(G14="","",$M$6) | M14: =PRODUCT(I14:L14) -> 0
H15: =IF(G15="","",$M$6) | M15: =PRODUCT(I15:L15) -> 0
H16: =IF(G16="","",$M$6) | M16: =PRODUCT(I16:L16) -> 0
H17: =IF(G17="","",$M$6) | M17: =PRODUCT(I17:L17) -> 0
H18: =IF(G18="","",$M$6) | M18: =PRODUCT(I18:L18) -> 0
H19: =IF(G19="","",$M$6) | M19: =PRODUCT(I19:L19) -> 0
H20: =IF(G20="","",$M$6) | M20: =PRODUCT(I20:L20) -> 0
... H23: =IF(G23="","",$M$6) | M23: =PRODUCT(I23:L23) -> 0
A24: GRAFICA / ESQUEMA | H24: =IF(G24="","",$M$6)
G26: TOTAL CANTIDAD | H26: =M6 -> #REF! | M26: =SUM(M9:M24) -> 0
G30: OBSERVACIONES;
G33: Planos:
G35: Informe:
G40: ='PRESUPUESTO '!B42 -> 0
G41: ='PRESUPUESTO '!B43 -> 0
G42: ='PRESUPUESTO '!B44 -> 0

Sheet 1.6
A1: MEMORIA DE CANTIDADES DE OBRAS
A2: DEPARTAMENTO DE BOLIVAR
A3: CORREGIMIENTO DE CAUSADO, JURISDICCION DEL MUNICIPIO DE MARGARITA
A5: OBJETO DEL PROYECTO | G5: CAPITULO | H5: ='PRESUPUESTO '!B12 -> 1 | I5: ITEM | J5: ='PRESUPUESTO '!#REF! -> #REF! | K5: ='PRESUPUESTO '!B18 -> 2.1 | M5: UNIDAD
A6: ='PRESUPUESTO '!E5 -> RECUPERACION Y CONSERVACIÓN DE ÁREAS DE IMPORTANCIA ESTRATEGICA DE LA ZONA DE INFLUENCIA DEL COMPLEJO CENAGOSO DE CASCALOA DE MAGANGUÉ, BOLÍVAR | G6: =VLOOKUP(H5,'PRESUPUESTO '!B12:K26,2) -> PRELIMINARES Y COMPLEMENTARIAS | I6: =VLOOKUP(J5,'PRESUPUESTO '!B12:K26,5) -> #REF! | M6: =VLOOKUP(J5,'PRESUPUESTO '!B12:K26,6) -> #REF!
A8: LOCALIZACION | G8: DESCRIPCION / ELEMENTO / AREA | H8: UNIDAD | I8: CANTIDAD | J8: LONGITUD | K8: ANCHO | L8: ALTO | M8: SUB TOTAL
H9: =IF(G9="","",$M$6) | M9: =PRODUCT(I9:L9) -> 0
H10: =IF(G10="","",$M$6) | M10: =PRODUCT(I10:L10) -> 0
H11: =IF(G11="","",$M$6) | M11: =PRODUCT(I11:L11) -> 0
H12: =IF(G12="","",$M$6) | M12: =PRODUCT(I12:L12) -> 0
H13: =IF(G13="","",$M$6) | M13: =PRODUCT(I13:L13) -> 0
H14: =IF(G14="","",$M$6) | M14: =PRODUCT(I14:L14) -> 0
H15: =IF(G15="","",$M$6) | M15: =PRODUCT(I15:L15) -> 0
H16: =IF(G16="","",$M$6) | M16: =PRODUCT(I16:L16) -> 0
H17: =IF(G17="","",$M$6) | M17: =PRODUCT(I17:L17) -> 0
H18: =IF(G18="","",$M$6) | M18: =PRODUCT(I18:L18) -> 0
H19: =IF(G19="","",$M$6) | M19: =PRODUCT(I19:L19) -> 0
H20: =IF(G20="","",$M$6) | M20: =PRODUCT(I20:L20) -> 0
... H23: =IF(G23="","",$M$6) | M23: =PRODUCT(I23:L23) -> 0
A24: GRAFICA / ESQUEMA | H24: =IF(G24="","",$M$6)
G26: TOTAL CANTIDAD | H26: =M6 -> #REF! | M26: =SUM(M9:M24) -> 0
G30: OBSERVACIONES;
G33: Planos:
G35: Informe:
G40: ='PRESUPUESTO '!B42 -> 0
G41: ='PRESUPUESTO '!B43 -> 0
G42: ='PRESUPUESTO '!B44 -> 0

Sheet 2.4
A1: MEMORIA DE CANTIDADES DE OBRAS
A2: DEPARTAMENTO DE BOLIVAR
A3: CORREGIMIENTO DE CAUSADO, JURISDICCION DEL MUNICIPIO DE MARGARITA
A5: OBJETO DEL PROYECTO | G5: CAPITULO | H5: ='PRESUPUESTO '!B17 -> 2 | I5: ITEM | J5: ='PRESUPUESTO '!#REF! -> #REF! | K5: ='PRESUPUESTO '!B18 -> 2.1 | M5: UNIDAD
A6: ='PRESUPUESTO '!E5 -> RECUPERACION Y CONSERVACIÓN DE ÁREAS DE IMPORTANCIA ESTRATEGICA DE LA ZONA DE INFLUENCIA DEL COMPLEJO CENAGOSO DE CASCALOA DE MAGANGUÉ, BOLÍVAR | G6: =VLOOKUP(H5,'PRESUPUESTO '!B12:K26,2) -> EXPLANACIONES | I6: =VLOOKUP(J5,'PRESUPUESTO '!B12:K26,5) -> #REF! | M6: =VLOOKUP(J5,'PRESUPUESTO '!B12:K26,6) -> #REF!
A8: LOCALIZACION | G8: DESCRIPCION / ELEMENTO / AREA | H8: UNIDAD | I8: CANTIDAD | J8: LONGITUD | K8: ANCHO | L8: ALTO | M8: SUB TOTAL
H9: =IF(G9="","",$M$6) | M9: =PRODUCT(I9:L9) -> 0
H10: =IF(G10="","",$M$6) | M10: =PRODUCT(I10:L10) -> 0
H11: =IF(G11="","",$M$6) | M11: =PRODUCT(I11:L11) -> 0
H12: =IF(G12="","",$M$6) | M12: =PRODUCT(I12:L12) -> 0
H13: =IF(G13="","",$M$6) | M13: =PRODUCT(I13:L13) -> 0
H14: =IF(G14="","",$M$6) | M14: =PRODUCT(I14:L14) -> 0
H15: =IF(G15="","",$M$6) | M15: =PRODUCT(I15:L15) -> 0
H16: =IF(G16="","",$M$6) | M16: =PRODUCT(I16:L16) -> 0
H17: =IF(G17="","",$M$6) | M17: =PRODUCT(I17:L17) -> 0
H18: =IF(G18="","",$M$6) | M18: =PRODUCT(I18:L18) -> 0
H19: =IF(G19="","",$M$6) | M19: =PRODUCT(I19:L19) -> 0
H20: =IF(G20="","",$M$6) | M20: =PRODUCT(I20:L20) -> 0
... H23: =IF(G23="","",$M$6) | M23: =PRODUCT(I23:L23) -> 0
A24: GRAFICA / ESQUEMA | H24: =IF(G24="","",$M$6)
G26: TOTAL CANTIDAD | H26: =M6 -> #REF! | M26: =SUM(M9:M24) -> 0
G30: OBSERVACIONES;
G33: Planos:
G35: Informe:
G40: ='PRESUPUESTO '!B42 -> 0
G41: ='PRESUPUESTO '!B43 -> 0
G42: ='PRESUPUESTO '!B44 -> 0

Sheet 2.5
A1: MEMORIA DE CANTIDADES DE OBRAS
A2: DEPARTAMENTO DE BOLIVAR
A3: CORREGIMIENTO DE CAUSADO, JURISDICCION DEL MUNICIPIO DE MARGARITA
A5: OBJETO DEL PROYECTO | G5: CAPITULO | H5: ='PRESUPUESTO '!B17 -> 2 | I5: ITEM | J5: ='PRESUPUESTO '!#REF! -> #REF! | K5: ='PRESUPUESTO '!B18 -> 2.1 | M5: UNIDAD
A6: ='PRESUPUESTO '!E5 -> RECUPERACION Y CONSERVACIÓN DE ÁREAS DE IMPORTANCIA ESTRATEGICA DE LA ZONA DE INFLUENCIA DEL COMPLEJO CENAGOSO DE CASCALOA DE MAGANGUÉ, BOLÍVAR | G6: =VLOOKUP(H5,'PRESUPUESTO '!B12:K26,2) -> EXPLANACIONES | I6: =VLOOKUP(J5,'PRESUPUESTO '!B12:K26,5) -> #REF! | M6: =VLOOKUP(J5,'PRESUPUESTO '!B12:K26,6) -> #REF!
A8: LOCALIZACION | G8: DESCRIPCION / ELEMENTO / AREA | H8: UNIDAD | I8: CANTIDAD | J8: LONGITUD | K8: ANCHO | L8: ALTO | M8: SUB TOTAL
H9: =IF(G9="","",$M$6) | M9: =PRODUCT(I9:L9) -> 0
H10: =IF(G10="","",$M$6) | M10: =PRODUCT(I10:L10) -> 0
H11: =IF(G11="","",$M$6) | M11: =PRODUCT(I11:L11) -> 0
H12: =IF(G12="","",$M$6) | M12: =PRODUCT(I12:L12) -> 0
H13: =IF(G13="","",$M$6) | M13: =PRODUCT(I13:L13) -> 0
H14: =IF(G14="","",$M$6) | M14: =PRODUCT(I14:L14) -> 0
H15: =IF(G15="","",$M$6) | M15: =PRODUCT(I15:L15) -> 0
H16: =IF(G16="","",$M$6) | M16: =PRODUCT(I16:L16) -> 0
H17: =IF(G17="","",$M$6) | M17: =PRODUCT(I17:L17) -> 0
H18: =IF(G18="","",$M$6) | M18: =PRODUCT(I18:L18) -> 0
H19: =IF(G19="","",$M$6) | M19: =PRODUCT(I19:L19) -> 0
H20: =IF(G20="","",$M$6) | M20: =PRODUCT(I20:L20) -> 0
... H23: =IF(G23="","",$M$6) | M23: =PRODUCT(I23:L23) -> 0
A24: GRAFICA / ESQUEMA | H24: =IF(G24="","",$M$6)
G26: TOTAL CANTIDAD | H26: =M6 -> #REF! | M26: =SUM(M9:M24) -> 0
G30: OBSERVACIONES;
G33: Planos:
G35: Informe:
G40: ='PRESUPUESTO '!B42 -> 0
G41: ='PRESUPUESTO '!B43 -> 0
G42: ='PRESUPUESTO '!B44 -> 0

Sheet 2.6
A1: MEMORIA DE CANTIDADES DE OBRAS
A2: DEPARTAMENTO DE BOLIVAR
A3: CORREGIMIENTO DE CAUSADO, JURISDICCION DEL MUNICIPIO DE MARGARITA
A5: OBJETO DEL PROYECTO | G5: CAPITULO | H5: ='PRESUPUESTO '!B17 -> 2 | I5: ITEM | J5: ='PRESUPUESTO '!#REF! -> #REF! | K5: ='PRESUPUESTO '!B18 -> 2.1 | M5: UNIDAD
A6: ='PRESUPUESTO '!E5 -> RECUPERACION Y CONSERVACIÓN DE ÁREAS DE IMPORTANCIA ESTRATEGICA DE LA ZONA DE INFLUENCIA DEL COMPLEJO CENAGOSO DE CASCALOA DE MAGANGUÉ, BOLÍVAR | G6: =VLOOKUP(H5,'PRESUPUESTO '!B12:K26,2) -> EXPLANACIONES | I6: =VLOOKUP(J5,'PRESUPUESTO '!B12:K26,5) -> #REF! | M6: =VLOOKUP(J5,'PRESUPUESTO '!B12:K26,6) -> #REF!
A8: LOCALIZACION | G8: DESCRIPCION / ELEMENTO / AREA | H8: UNIDAD | I8: CANTIDAD | J8: LONGITUD | K8: ANCHO | L8: ALTO | M8: SUB TOTAL
H9: =IF(G9="","",$M$6) | M9: =PRODUCT(I9:L9) -> 0
H10: =IF(G10="","",$M$6) | M10: =PRODUCT(I10:L10) -> 0
H11: =IF(G11="","",$M$6) | M11: =PRODUCT(I11:L11) -> 0
H12: =IF(G12="","",$M$6) | M12: =PRODUCT(I12:L12) -> 0
H13: =IF(G13="","",$M$6) | M13: =PRODUCT(I13:L13) -> 0
H14: =IF(G14="","",$M$6) | M14: =PRODUCT(I14:L14) -> 0
H15: =IF(G15="","",$M$6) | M15: =PRODUCT(I15:L15) -> 0
H16: =IF(G16="","",$M$6) | M16: =PRODUCT(I16:L16) -> 0
H17: =IF(G17="","",$M$6) | M17: =PRODUCT(I17:L17) -> 0
H18: =IF(G18="","",$M$6) | M18: =PRODUCT(I18:L18) -> 0
H19: =IF(G19="","",$M$6) | M19: =PRODUCT(I19:L19) -> 0
H20: =IF(G20="","",$M$6) | M20: =PRODUCT(I20:L20) -> 0
... H23: =IF(G23="","",$M$6) | M23: =PRODUCT(I23:L23) -> 0
A24: GRAFICA / ESQUEMA | H24: =IF(G24="","",$M$6)
G26: TOTAL CANTIDAD | H26: =M6 -> #REF! | M26: =SUM(M9:M24) -> 0
G30: OBSERVACIONES;
G33: Planos:
G35: Informe:
G40: ='PRESUPUESTO '!B42 -> 0
G41: ='PRESUPUESTO '!B43 -> 0
G42: ='PRESUPUESTO '!B44 -> 0

Sheet 3.2
A1: MEMORIA DE CANTIDADES DE OBRAS
A2: DEPARTAMENTO DE BOLIVAR
A3: CORREGIMIENTO DE CAUSADO, JURISDICCION DEL MUNICIPIO DE MARGARITA
A5: OBJETO DEL PROYECTO | G5: CAPITULO | H5: ='PRESUPUESTO '!B23 -> 3 | I5: ITEM | J5: ='PRESUPUESTO '!#REF! -> #REF! | K5: ='PRESUPUESTO '!B18 -> 2.1 | M5: UNIDAD
A6: ='PRESUPUESTO '!E5 -> RECUPERACION Y CONSERVACIÓN DE ÁREAS DE IMPORTANCIA ESTRATEGICA DE LA ZONA DE INFLUENCIA DEL COMPLEJO CENAGOSO DE CASCALOA DE MAGANGUÉ, BOLÍVAR | G6: =VLOOKUP(H5,'PRESUPUESTO '!B12:K26,2) -> SUBBASE,BASE Y AFIRMADOS | I6: =VLOOKUP(J5,'PRESUPUESTO '!B12:K26,5) -> #REF! | M6: =VLOOKUP(J5,'PRESUPUESTO '!B12:K26,6) -> #REF!
A8: LOCALIZACION | G8: DESCRIPCION / ELEMENTO / AREA | H8: UNIDAD | I8: CANTIDAD | J8: LONGITUD | K8: ANCHO | L8: ALTO | M8: SUB TOTAL
H9: =IF(G9="","",$M$6) | M9: =PRODUCT(I9:L9) -> 0
H10: =IF(G10="","",$M$6) | M10: =PRODUCT(I10:L10) -> 0
H11: =IF(G11="","",$M$6) | M11: =PRODUCT(I11:L11) -> 0
H12: =IF(G12="","",$M$6) | M12: =PRODUCT(I12:L12) -> 0
H13: =IF(G13="","",$M$6) | M13: =PRODUCT(I13:L13) -> 0
H14: =IF(G14="","",$M$6) | M14: =PRODUCT(I14:L14) -> 0
H15: =IF(G15="","",$M$6) | M15: =PRODUCT(I15:L15) -> 0
H16: =IF(G16="","",$M$6) | M16: =PRODUCT(I16:L16) -> 0
H17: =IF(G17="","",$M$6) | M17: =PRODUCT(I17:L17) -> 0
H18: =IF(G18="","",$M$6) | M18: =PRODUCT(I18:L18) -> 0
H19: =IF(G19="","",$M$6) | M19: =PRODUCT(I19:L19) -> 0
H20: =IF(G20="","",$M$6) | M20: =PRODUCT(I20:L20) -> 0
... H23: =IF(G23="","",$M$6) | M23: =PRODUCT(I23:L23) -> 0
A24: GRAFICA / ESQUEMA | H24: =IF(G24="","",$M$6)
G26: TOTAL CANTIDAD | H26: =M6 -> #REF! | M26: =SUM(M9:M24) -> 0
G30: OBSERVACIONES;
G33: Planos:
G35: Informe:
G40: ='PRESUPUESTO '!B42 -> 0
G41: ='PRESUPUESTO '!B43 -> 0
G42: ='PRESUPUESTO '!B44 -> 0

Sheet 3.3
A1: MEMORIA DE CANTIDADES DE OBRAS
A2: DEPARTAMENTO DE BOLIVAR
A3: CORREGIMIENTO DE CAUSADO, JURISDICCION DEL MUNICIPIO DE MARGARITA
A5: OBJETO DEL PROYECTO | G5: CAPITULO | H5: ='PRESUPUESTO '!B23 -> 3 | I5: ITEM | J5: ='PRESUPUESTO '!#REF! -> #REF! | K5: ='PRESUPUESTO '!B18 -> 2.1 | M5: UNIDAD
A6: ='PRESUPUESTO '!E5 -> RECUPERACION Y CONSERVACIÓN DE ÁREAS DE IMPORTANCIA ESTRATEGICA DE LA ZONA DE INFLUENCIA DEL COMPLEJO CENAGOSO DE CASCALOA DE MAGANGUÉ, BOLÍVAR | G6: =VLOOKUP(H5,'PRESUPUESTO '!B12:K26,2) -> SUBBASE,BASE Y AFIRMADOS | I6: =VLOOKUP(J5,'PRESUPUESTO '!B12:K26,5) -> #REF! | M6: =VLOOKUP(J5,'PRESUPUESTO '!B12:K26,6) -> #REF!
A8: LOCALIZACION | G8: DESCRIPCION / ELEMENTO / AREA | H8: UNIDAD | I8: CANTIDAD | J8: LONGITUD | K8: ANCHO | L8: ALTO | M8: SUB TOTAL
H9: =IF(G9="","",$M$6) | M9: =PRODUCT(I9:L9) -> 0
H10: =IF(G10="","",$M$6) | M10: =PRODUCT(I10:L10) -> 0
H11: =IF(G11="","",$M$6) | M11: =PRODUCT(I11:L11) -> 0
H12: =IF(G12="","",$M$6) | M12: =PRODUCT(I12:L12) -> 0
H13: =IF(G13="","",$M$6) | M13: =PRODUCT(I13:L13) -> 0
H14: =IF(G14="","",$M$6) | M14: =PRODUCT(I14:L14) -> 0
H15: =IF(G15="","",$M$6) | M15: =PRODUCT(I15:L15) -> 0
H16: =IF(G16="","",$M$6) | M16: =PRODUCT(I16:L16) -> 0
H17: =IF(G17="","",$M$6) | M17: =PRODUCT(I17:L17) -> 0
H18: =IF(G18="","",$M$6) | M18: =PRODUCT(I18:L18) -> 0
H19: =IF(G19="","",$M$6) | M19: =PRODUCT(I19:L19) -> 0
H20: =IF(G20="","",$M$6) | M20: =PRODUCT(I20:L20) -> 0
... H23: =IF(G23="","",$M$6) | M23: =PRODUCT(I23:L23) -> 0
A24: GRAFICA / ESQUEMA | H24: =IF(G24="","",$M$6)
G26: TOTAL CANTIDAD | H26: =M6 -> #REF! | M26: =SUM(M9:M24) -> 0
G30: OBSERVACIONES;
G33: Planos:
G35: Informe:
G40: ='PRESUPUESTO '!B42 -> 0
G41: ='PRESUPUESTO '!B43 -> 0
G42: ='PRESUPUESTO '!B44 -> 0

Sheet 3.4
A1: MEMORIA DE CANTIDADES DE OBRAS
A2: DEPARTAMENTO DE BOLIVAR
A3: CORREGIMIENTO DE CAUSADO, JURISDICCION DEL MUNICIPIO DE MARGARITA
A5: OBJETO DEL PROYECTO | G5: CAPITULO | H5: ='PRESUPUESTO '!B23 -> 3 | I5: ITEM | J5: ='PRESUPUESTO '!#REF! -> #REF! | K5: ='PRESUPUESTO '!B18 -> 2.1 | M5: UNIDAD
A6: ='PRESUPUESTO '!E5 -> RECUPERACION Y CONSERVACIÓN DE ÁREAS DE IMPORTANCIA ESTRATEGICA DE LA ZONA DE INFLUENCIA DEL COMPLEJO CENAGOSO DE CASCALOA DE MAGANGUÉ, BOLÍVAR | G6: =VLOOKUP(H5,'PRESUPUESTO '!B12:K26,2) -> SUBBASE,BASE Y AFIRMADOS | I6: =VLOOKUP(J5,'PRESUPUESTO '!B12:K26,5) -> #REF! | M6: =VLOOKUP(J5,'PRESUPUESTO '!B12:K26,6) -> #REF!
A8: LOCALIZACION | G8: DESCRIPCION / ELEMENTO / AREA | H8: UNIDAD | I8: CANTIDAD | J8: LONGITUD | K8: ANCHO | L8: ALTO | M8: SUB TOTAL
H9: =IF(G9="","",$M$6) | M9: =PRODUCT(I9:L9) -> 0
H10: =IF(G10="","",$M$6) | M10: =PRODUCT(I10:L10) -> 0
H11: =IF(G11="","",$M$6) | M11: =PRODUCT(I11:L11) -> 0
H12: =IF(G12="","",$M$6) | M12: =PRODUCT(I12:L12) -> 0
H13: =IF(G13="","",$M$6) | M13: =PRODUCT(I13:L13) -> 0
H14: =IF(G14="","",$M$6) | M14: =PRODUCT(I14:L14) -> 0
H15: =IF(G15="","",$M$6) | M15: =PRODUCT(I15:L15) -> 0
H16: =IF(G16="","",$M$6) | M16: =PRODUCT(I16:L16) -> 0
H17: =IF(G17="","",$M$6) | M17: =PRODUCT(I17:L17) -> 0
H18: =IF(G18="","",$M$6) | M18: =PRODUCT(I18:L18) -> 0
H19: =IF(G19="","",$M$6) | M19: =PRODUCT(I19:L19) -> 0
H20: =IF(G20="","",$M$6) | M20: =PRODUCT(I20:L20) -> 0
... H23: =IF(G23="","",$M$6) | M23: =PRODUCT(I23:L23) -> 0
A24: GRAFICA / ESQUEMA | H24: =IF(G24="","",$M$6)
G26: TOTAL CANTIDAD | H26: =M6 -> #REF! | M26: =SUM(M9:M24) -> 0
G30: OBSERVACIONES;
G33: Planos:
G35: Informe:
G40: ='PRESUPUESTO '!B42 -> 0
G41: ='PRESUPUESTO '!B43 -> 0
G42: ='PRESUPUESTO '!B44 -> 0

Sheet 3.5
A1: MEMORIA DE CANTIDADES DE OBRAS
A2: DEPARTAMENTO DE BOLIVAR
A3: CORREGIMIENTO DE CAUSADO, JURISDICCION DEL MUNICIPIO DE MARGARITA
A5: OBJETO DEL PROYECTO | G5: CAPITULO | H5: ='PRESUPUESTO '!B23 -> 3 | I5: ITEM | J5: ='PRESUPUESTO '!#REF! -> #REF! | K5: ='PRESUPUESTO '!B18 -> 2.1 | M5: UNIDAD
A6: ='PRESUPUESTO '!E5 -> RECUPERACION Y CONSERVACIÓN DE ÁREAS DE IMPORTANCIA ESTRATEGICA DE LA ZONA DE INFLUENCIA DEL COMPLEJO CENAGOSO DE CASCALOA DE MAGANGUÉ, BOLÍVAR | G6: =VLOOKUP(H5,'PRESUPUESTO '!B12:K26,2) -> SUBBASE,BASE Y AFIRMADOS | I6: =VLOOKUP(J5,'PRESUPUESTO '!B12:K26,5) -> #REF! | M6: =VLOOKUP(J5,'PRESUPUESTO '!B12:K26,6) -> #REF!
A8: LOCALIZACION | G8: DESCRIPCION / ELEMENTO / AREA | H8: UNIDAD | I8: CANTIDAD | J8: LONGITUD | K8: ANCHO | L8: ALTO | M8: SUB TOTAL
H9: =IF(G9="","",$M$6) | M9: =PRODUCT(I9:L9) -> 0
H10: =IF(G10="","",$M$6) | M10: =PRODUCT(I10:L10) -> 0
H11: =IF(G11="","",$M$6) | M11: =PRODUCT(I11:L11) -> 0
H12: =IF(G12="","",$M$6) | M12: =PRODUCT(I12:L12) -> 0
H13: =IF(G13="","",$M$6) | M13: =PRODUCT(I13:L13) -> 0
H14: =IF(G14="","",$M$6) | M14: =PRODUCT(I14:L14) -> 0
H15: =IF(G15="","",$M$6) | M15: =PRODUCT(I15:L15) -> 0
H16: =IF(G16="","",$M$6) | M16: =PRODUCT(I16:L16) -> 0
H17: =IF(G17="","",$M$6) | M17: =PRODUCT(I17:L17) -> 0
H18: =IF(G18="","",$M$6) | M18: =PRODUCT(I18:L18) -> 0
H19: =IF(G19="","",$M$6) | M19: =PRODUCT(I19:L19) -> 0
H20: =IF(G20="","",$M$6) | M20: =PRODUCT(I20:L20) -> 0
... H23: =IF(G23="","",$M$6) | M23: =PRODUCT(I23:L23) -> 0
A24: GRAFICA / ESQUEMA | H24: =IF(G24="","",$M$6)
G26: TOTAL CANTIDAD | H26: =M6 -> #REF! | M26: =SUM(M9:M24) -> 0
G30: OBSERVACIONES;
G33: Planos:
G35: Informe:
G40: ='PRESUPUESTO '!B42 -> 0
G41: ='PRESUPUESTO '!B43 -> 0
G42: ='PRESUPUESTO '!B44 -> 0

Sheet 3.6
A1: MEMORIA DE CANTIDADES DE OBRAS
A2: DEPARTAMENTO DE BOLIVAR
A3: CORREGIMIENTO DE CAUSADO, JURISDICCION DEL MUNICIPIO DE MARGARITA
A5: OBJETO DEL PROYECTO | G5: CAPITULO | H5: ='PRESUPUESTO '!B23 -> 3 | I5: ITEM | J5: ='PRESUPUESTO '!#REF! -> #REF! | K5: ='PRESUPUESTO '!B18 -> 2.1 | M5: UNIDAD
A6: ='PRESUPUESTO '!E5 -> RECUPERACION Y CONSERVACIÓN DE ÁREAS DE IMPORTANCIA ESTRATEGICA DE LA ZONA DE INFLUENCIA DEL COMPLEJO CENAGOSO DE CASCALOA DE MAGANGUÉ, BOLÍVAR | G6: =VLOOKUP(H5,'PRESUPUESTO '!B12:K26,2) -> SUBBASE,BASE Y AFIRMADOS | I6: =VLOOKUP(J5,'PRESUPUESTO '!B12:K26,5) -> #REF! | M6: =VLOOKUP(J5,'PRESUPUESTO '!B12:K26,6) -> #REF!
A8: LOCALIZACION | G8: DESCRIPCION / ELEMENTO / AREA | H8: UNIDAD | I8: CANTIDAD | J8: LONGITUD | K8: ANCHO | L8: ALTO | M8: SUB TOTAL
H9: =IF(G9="","",$M$6) | M9: =PRODUCT(I9:L9) -> 0
H10: =IF(G10="","",$M$6) | M10: =PRODUCT(I10:L10) -> 0
H11: =IF(G11="","",$M$6) | M11: =PRODUCT(I11:L11) -> 0
H12: =IF(G12="","",$M$6) | M12: =PRODUCT(I12:L12) -> 0
H13: =IF(G13="","",$M$6) | M13: =PRODUCT(I13:L13) -> 0
H14: =IF(G14="","",$M$6) | M14: =PRODUCT(I14:L14) -> 0
H15: =IF(G15="","",$M$6) | M15: =PRODUCT(I15:L15) -> 0
H16: =IF(G16="","",$M$6) | M16: =PRODUCT(I16:L16) -> 0
H17: =IF(G17="","",$M$6) | M17: =PRODUCT(I17:L17) -> 0
H18: =IF(G18="","",$M$6) | M18: =PRODUCT(I18:L18) -> 0
H19: =IF(G19="","",$M$6) | M19: =PRODUCT(I19:L19) -> 0
H20: =IF(G20="","",$M$6) | M20: =PRODUCT(I20:L20) -> 0
... H23: =IF(G23="","",$M$6) | M23: =PRODUCT(I23:L23) -> 0
A24: GRAFICA / ESQUEMA | H24: =IF(G24="","",$M$6)
G26: TOTAL CANTIDAD | H26: =M6 -> #REF! | M26: =SUM(M9:M24) -> 0
G30: OBSERVACIONES;
G33: Planos:
G35: Informe:
G40: ='PRESUPUESTO '!B42 -> 0
G41: ='PRESUPUESTO '!B43 -> 0
G42: ='PRESUPUESTO '!B44 -> 0

Sheet 4.5
A1: MEMORIA DE CANTIDADES DE OBRAS
A2: DEPARTAMENTO DE BOLIVAR
A3: CORREGIMIENTO DE CAUSADO, JURISDICCION DEL MUNICIPIO DE MARGARITA
A5: OBJETO DEL PROYECTO | G5: CAPITULO | H5: ='PRESUPUESTO '!#REF! -> #REF! | I5: ITEM | J5: ='PRESUPUESTO '!#REF! -> #REF! | K5: ='PRESUPUESTO '!B18 -> 2.1 | M5: UNIDAD
A6: ='PRESUPUESTO '!E5 -> RECUPERACION Y CONSERVACIÓN DE ÁREAS DE IMPORTANCIA ESTRATEGICA DE LA ZONA DE INFLUENCIA DEL COMPLEJO CENAGOSO DE CASCALOA DE MAGANGUÉ, BOLÍVAR | G6: =VLOOKUP(H5,'PRESUPUESTO '!B12:K26,2) -> #REF! | I6: =VLOOKUP(J5,'PRESUPUESTO '!B12:K26,5) -> #REF! | M6: =VLOOKUP(J5,'PRESUPUESTO '!B12:K26,6) -> #REF!
A8: LOCALIZACION | G8: DESCRIPCION / ELEMENTO / AREA | H8: UNIDAD | I8: CANTIDAD | J8: LONGITUD | K8: ANCHO | L8: ALTO | M8: SUB TOTAL
H9: =IF(G9="","",$M$6) | M9: =PRODUCT(I9:L9) -> 0
H10: =IF(G10="","",$M$6) | M10: =PRODUCT(I10:L10) -> 0
H11: =IF(G11="","",$M$6) | M11: =PRODUCT(I11:L11) -> 0
H12: =IF(G12="","",$M$6) | M12: =PRODUCT(I12:L12) -> 0
H13: =IF(G13="","",$M$6) | M13: =PRODUCT(I13:L13) -> 0
H14: =IF(G14="","",$M$6) | M14: =PRODUCT(I14:L14) -> 0
H15: =IF(G15="","",$M$6) | M15: =PRODUCT(I15:L15) -> 0
H16: =IF(G16="","",$M$6) | M16: =PRODUCT(I16:L16) -> 0
H17: =IF(G17="","",$M$6) | M17: =PRODUCT(I17:L17) -> 0
H18: =IF(G18="","",$M$6) | M18: =PRODUCT(I18:L18) -> 0
H19: =IF(G19="","",$M$6) | M19: =PRODUCT(I19:L19) -> 0
H20: =IF(G20="","",$M$6) | M20: =PRODUCT(I20:L20) -> 0
... H23: =IF(G23="","",$M$6) | M23: =PRODUCT(I23:L23) -> 0
A24: GRAFICA / ESQUEMA | H24: =IF(G24="","",$M$6)
G26: TOTAL CANTIDAD | H26: =M6 -> #REF! | M26: =SUM(M9:M24) -> 0
G30: OBSERVACIONES;
G33: Planos:
G35: Informe:
G40: ='PRESUPUESTO '!B42 -> 0
G41: ='PRESUPUESTO '!B43 -> 0
G42: ='PRESUPUESTO '!B44 -> 0

Sheet 4.6
A1: MEMORIA DE CANTIDADES DE OBRAS
A2: DEPARTAMENTO DE BOLIVAR
A3: CORREGIMIENTO DE CAUSADO, JURISDICCION DEL MUNICIPIO DE MARGARITA
A5: OBJETO DEL PROYECTO | G5: CAPITULO | H5: ='PRESUPUESTO '!#REF! -> #REF! | I5: ITEM | J5: ='PRESUPUESTO '!#REF! -> #REF! | K5: ='PRESUPUESTO '!B18 -> 2.1 | M5: UNIDAD
A6: ='PRESUPUESTO '!E5 -> RECUPERACION Y CONSERVACIÓN DE ÁREAS DE IMPORTANCIA ESTRATEGICA DE LA ZONA DE INFLUENCIA DEL COMPLEJO CENAGOSO DE CASCALOA DE MAGANGUÉ, BOLÍVAR | G6: =VLOOKUP(H5,'PRESUPUESTO '!B12:K26,2) -> #REF! | I6: =VLOOKUP(J5,'PRESUPUESTO '!B12:K26,5) -> #REF! | M6: =VLOOKUP(J5,'PRESUPUESTO '!B12:K26,6) -> #REF!
A8: LOCALIZACION | G8: DESCRIPCION / ELEMENTO / AREA | H8: UNIDAD | I8: CANTIDAD | J8: LONGITUD | K8: ANCHO | L8: ALTO | M8: SUB TOTAL
H9: =IF(G9="","",$M$6) | M9: =PRODUCT(I9:L9) -> 0
H10: =IF(G10="","",$M$6) | M10: =PRODUCT(I10:L10) -> 0
H11: =IF(G11="","",$M$6) | M11: =PRODUCT(I11:L11) -> 0
H12: =IF(G12="","",$M$6) | M12: =PRODUCT(I12:L12) -> 0
H13: =IF(G13="","",$M$6) | M13: =PRODUCT(I13:L13) -> 0
H14: =IF(G14="","",$M$6) | M14: =PRODUCT(I14:L14) -> 0
H15: =IF(G15="","",$M$6) | M15: =PRODUCT(I15:L15) -> 0
H16: =IF(G16="","",$M$6) | M16: =PRODUCT(I16:L16) -> 0
H17: =IF(G17="","",$M$6) | M17: =PRODUCT(I17:L17) -> 0
H18: =IF(G18="","",$M$6) | M18: =PRODUCT(I18:L18) -> 0
H19: =IF(G19="","",$M$6) | M19: =PRODUCT(I19:L19) -> 0
H20: =IF(G20="","",$M$6) | M20: =PRODUCT(I20:L20) -> 0
... H23: =IF(G23="","",$M$6) | M23: =PRODUCT(I23:L23) -> 0
A24: GRAFICA / ESQUEMA | H24: =IF(G24="","",$M$6)
G26: TOTAL CANTIDAD | H26: =M6 -> #REF! | M26: =SUM(M9:M24) -> 0
G30: OBSERVACIONES;
G33: Planos:
G35: Informe:
G40: ='PRESUPUESTO '!B42 -> 0
G41: ='PRESUPUESTO '!B43 -> 0
G42: ='PRESUPUESTO '!B44 -> 0

Sheet 5.1
A1: MEMORIA DE CANTIDADES DE OBRAS
A2: DEPARTAMENTO DE BOLIVAR
A3: CORREGIMIENTO DE CAUSADO, JURISDICCION DEL MUNICIPIO DE MARGARITA
A5: OBJETO DEL PROYECTO | G5: CAPITULO | H5: ='PRESUPUESTO '!#REF! -> #REF! | I5: ITEM | J5: ='PRESUPUESTO '!#REF! -> #REF! | K5: ='PRESUPUESTO '!B18 -> 2.1 | M5: UNIDAD
A6: ='PRESUPUESTO '!E5 -> RECUPERACION Y CONSERVACIÓN DE ÁREAS DE IMPORTANCIA ESTRATEGICA DE LA ZONA DE INFLUENCIA DEL COMPLEJO CENAGOSO DE CASCALOA DE MAGANGUÉ, BOLÍVAR | G6: =VLOOKUP(H5,'PRESUPUESTO '!B12:K26,2) -> #REF! | I6: =VLOOKUP(J5,'PRESUPUESTO '!B12:K26,5) -> #REF! | M6: =VLOOKUP(J5,'PRESUPUESTO '!B12:K26,6) -> #REF!
A8: LOCALIZACION | G8: DESCRIPCION / ELEMENTO / AREA | H8: UNIDAD | I8: CANTIDAD | J8: LONGITUD | K8: ANCHO | L8: ALTO | M8: SUB TOTAL
H9: =IF(G9="","",$M$6) | M9: =PRODUCT(I9:L9) -> 0
H10: =IF(G10="","",$M$6) | M10: =PRODUCT(I10:L10) -> 0
H11: =IF(G11="","",$M$6) | M11: =PRODUCT(I11:L11) -> 0
H12: =IF(G12="","",$M$6) | M12: =PRODUCT(I12:L12) -> 0
H13: =IF(G13="","",$M$6) | M13: =PRODUCT(I13:L13) -> 0
H14: =IF(G14="","",$M$6) | M14: =PRODUCT(I14:L14) -> 0
H15: =IF(G15="","",$M$6) | M15: =PRODUCT(I15:L15) -> 0
H16: =IF(G16="","",$M$6) | M16: =PRODUCT(I16:L16) -> 0
H17: =IF(G17="","",$M$6) | M17: =PRODUCT(I17:L17) -> 0
H18: =IF(G18="","",$M$6) | M18: =PRODUCT(I18:L18) -> 0
H19: =IF(G19="","",$M$6) | M19: =PRODUCT(I19:L19) -> 0
H20: =IF(G20="","",$M$6) | M20: =PRODUCT(I20:L20) -> 0
... H23: =IF(G23="","",$M$6) | M23: =PRODUCT(I23:L23) -> 0
A24: GRAFICA / ESQUEMA | H24: =IF(G24="","",$M$6)
G26: TOTAL CANTIDAD | H26: =M6 -> #REF! | M26: =SUM(M9:M24) -> 0
G30: OBSERVACIONES;
G33: Planos:
G35: Informe:
G40: ='PRESUPUESTO '!B42 -> 0
G41: ='PRESUPUESTO '!B43 -> 0
G42: ='PRESUPUESTO '!B44 -> 0

Sheet 5.2
A1: MEMORIA DE CANTIDADES DE OBRAS
A2: DEPARTAMENTO DE BOLIVAR
A3: CORREGIMIENTO DE CAUSADO, JURISDICCION DEL MUNICIPIO DE MARGARITA
A5: OBJETO DEL PROYECTO | G5: CAPITULO | H5: ='PRESUPUESTO '!#REF! -> #REF! | I5: ITEM | J5: ='PRESUPUESTO '!#REF! -> #REF! | K5: ='PRESUPUESTO '!B18 -> 2.1 | M5: UNIDAD
A6: ='PRESUPUESTO '!E5 -> RECUPERACION Y CONSERVACIÓN DE ÁREAS DE IMPORTANCIA ESTRATEGICA DE LA ZONA DE INFLUENCIA DEL COMPLEJO CENAGOSO DE CASCALOA DE MAGANGUÉ, BOLÍVAR | G6: =VLOOKUP(H5,'PRESUPUESTO '!B12:K26,2) -> #REF! | I6: =VLOOKUP(J5,'PRESUPUESTO '!B12:K26,5) -> #REF! | M6: =VLOOKUP(J5,'PRESUPUESTO '!B12:K26,6) -> #REF!
A8: LOCALIZACION | G8: DESCRIPCION / ELEMENTO / AREA | H8: UNIDAD | I8: CANTIDAD | J8: LONGITUD | K8: ANCHO | L8: ALTO | M8: SUB TOTAL
H9: =IF(G9="","",$M$6) | M9: =PRODUCT(I9:L9) -> 0
H10: =IF(G10="","",$M$6) | M10: =PRODUCT(I10:L10) -> 0
H11: =IF(G11="","",$M$6) | M11: =PRODUCT(I11:L11) -> 0
H12: =IF(G12="","",$M$6) | M12: =PRODUCT(I12:L12) -> 0
H13: =IF(G13="","",$M$6) | M13: =PRODUCT(I13:L13) -> 0
H14: =IF(G14="","",$M$6) | M14: =PRODUCT(I14:L14) -> 0
H15: =IF(G15="","",$M$6) | M15: =PRODUCT(I15:L15) -> 0
H16: =IF(G16="","",$M$6) | M16: =PRODUCT(I16:L16) -> 0
H17: =IF(G17="","",$M$6) | M17: =PRODUCT(I17:L17) -> 0
H18: =IF(G18="","",$M$6) | M18: =PRODUCT(I18:L18) -> 0
H19: =IF(G19="","",$M$6) | M19: =PRODUCT(I19:L19) -> 0
H20: =IF(G20="","",$M$6) | M20: =PRODUCT(I20:L20) -> 0
... H23: =IF(G23="","",$M$6) | M23: =PRODUCT(I23:L23) -> 0
A24: GRAFICA / ESQUEMA | H24: =IF(G24="","",$M$6)
G26: TOTAL CANTIDAD | H26: =M6 -> #REF! | M26: =SUM(M9:M24) -> 0
G30: OBSERVACIONES;
G33: Planos:
G35: Informe:
G40: ='PRESUPUESTO '!B42 -> 0
G41: ='PRESUPUESTO '!B43 -> 0
G42: ='PRESUPUESTO '!B44 -> 0

Sheet 5.3
A1: MEMORIA DE CANTIDADES DE OBRAS
A2: DEPARTAMENTO DE BOLIVAR
A3: CORREGIMIENTO DE CAUSADO, JURISDICCION DEL MUNICIPIO DE MARGARITA
A5: OBJETO DEL PROYECTO | G5: CAPITULO | H5: ='PRESUPUESTO '!#REF! -> #REF! | I5: ITEM | J5: ='PRESUPUESTO '!#REF! -> #REF! | K5: ='PRESUPUESTO '!B18 -> 2.1 | M5: UNIDAD
A6: ='PRESUPUESTO '!E5 -> RECUPERACION Y CONSERVACIÓN DE ÁREAS DE IMPORTANCIA ESTRATEGICA DE LA ZONA DE INFLUENCIA DEL COMPLEJO CENAGOSO DE CASCALOA DE MAGANGUÉ, BOLÍVAR | G6: =VLOOKUP(H5,'PRESUPUESTO '!B12:K26,2) -> #REF! | I6: =VLOOKUP(J5,'PRESUPUESTO '!B12:K26,5) -> #REF! | M6: =VLOOKUP(J5,'PRESUPUESTO '!B12:K26,6) -> #REF!
A8: LOCALIZACION | G8: DESCRIPCION / ELEMENTO / AREA | H8: UNIDAD | I8: CANTIDAD | J8: LONGITUD | K8: ANCHO | L8: ALTO | M8: SUB TOTAL
H9: =IF(G9="","",$M$6) | M9: =PRODUCT(I9:L9) -> 0
H10: =IF(G10="","",$M$6) | M10: =PRODUCT(I10:L10) -> 0
H11: =IF(G11="","",$M$6) | M11: =PRODUCT(I11:L11) -> 0
H12: =IF(G12="","",$M$6) | M12: =PRODUCT(I12:L12) -> 0
H13: =IF(G13="","",$M$6) | M13: =PRODUCT(I13:L13) -> 0
H14: =IF(G14="","",$M$6) | M14: =PRODUCT(I14:L14) -> 0
H15: =IF(G15="","",$M$6) | M15: =PRODUCT(I15:L15) -> 0
H16: =IF(G16="","",$M$6) | M16: =PRODUCT(I16:L16) -> 0
H17: =IF(G17="","",$M$6) | M17: =PRODUCT(I17:L17) -> 0
H18: =IF(G18="","",$M$6) | M18: =PRODUCT(I18:L18) -> 0
H19: =IF(G19="","",$M$6) | M19: =PRODUCT(I19:L19) -> 0
H20: =IF(G20="","",$M$6) | M20: =PRODUCT(I20:L20) -> 0
... H23: =IF(G23="","",$M$6) | M23: =PRODUCT(I23:L23) -> 0
A24: GRAFICA / ESQUEMA | H24: =IF(G24="","",$M$6)
G26: TOTAL CANTIDAD | H26: =M6 -> #REF! | M26: =SUM(M9:M24) -> 0
G30: OBSERVACIONES;
G33: Planos:
G35: Informe:
G40: ='PRESUPUESTO '!B42 -> 0
G41: ='PRESUPUESTO '!B43 -> 0
G42: ='PRESUPUESTO '!B44 -> 0

Sheet 5.4
A1: MEMORIA DE CANTIDADES DE OBRAS
A2: DEPARTAMENTO DE BOLIVAR
A3: CORREGIMIENTO DE CAUSADO, JURISDICCION DEL MUNICIPIO DE MARGARITA
A5: OBJETO DEL PROYECTO | G5: CAPITULO | H5: ='PRESUPUESTO '!#REF! -> #REF! | I5: ITEM | J5: ='PRESUPUESTO '!#REF! -> #REF! | K5: ='PRESUPUESTO '!B18 -> 2.1 | M5: UNIDAD
A6: ='PRESUPUESTO '!E5 -> RECUPERACION Y CONSERVACIÓN DE ÁREAS DE IMPORTANCIA ESTRATEGICA DE LA ZONA DE INFLUENCIA DEL COMPLEJO CENAGOSO DE CASCALOA DE MAGANGUÉ, BOLÍVAR | G6: =VLOOKUP(H5,'PRESUPUESTO '!B12:K26,2) -> #REF! | I6: =VLOOKUP(J5,'PRESUPUESTO '!B12:K26,5) -> #REF! | M6: =VLOOKUP(J5,'PRESUPUESTO '!B12:K26,6) -> #REF!
A8: LOCALIZACION | G8: DESCRIPCION / ELEMENTO / AREA | H8: UNIDAD | I8: CANTIDAD | J8: LONGITUD | K8: ANCHO | L8: ALTO | M8: SUB TOTAL
H9: =IF(G9="","",$M$6) | M9: =PRODUCT(I9:L9) -> 0
H10: =IF(G10="","",$M$6) | M10: =PRODUCT(I10:L10) -> 0
H11: =IF(G11="","",$M$6) | M11: =PRODUCT(I11:L11) -> 0
H12: =IF(G12="","",$M$6) | M12: =PRODUCT(I12:L12) -> 0
H13: =IF(G13="","",$M$6) | M13: =PRODUCT(I13:L13) -> 0
H14: =IF(G14="","",$M$6) | M14: =PRODUCT(I14:L14) -> 0
H15: =IF(G15="","",$M$6) | M15: =PRODUCT(I15:L15) -> 0
H16: =IF(G16="","",$M$6) | M16: =PRODUCT(I16:L16) -> 0
H17: =IF(G17="","",$M$6) | M17: =PRODUCT(I17:L17) -> 0
H18: =IF(G18="","",$M$6) | M18: =PRODUCT(I18:L18) -> 0
H19: =IF(G19="","",$M$6) | M19: =PRODUCT(I19:L19) -> 0
H20: =IF(G20="","",$M$6) | M20: =PRODUCT(I20:L20) -> 0
... H23: =IF(G23="","",$M$6) | M23: =PRODUCT(I23:L23) -> 0
A24: GRAFICA / ESQUEMA | H24: =IF(G24="","",$M$6)
G26: TOTAL CANTIDAD | H26: =M6 -> #REF! | M26: =SUM(M9:M24) -> 0
G30: OBSERVACIONES;
G33: Planos:
G35: Informe:
G40: ='PRESUPUESTO '!B42 -> 0
G41: ='PRESUPUESTO '!B43 -> 0
G42: ='PRESUPUESTO '!B44 -> 0

Sheet 5.5
A1: MEMORIA DE CANTIDADES DE OBRAS
A2: DEPARTAMENTO DE BOLIVAR
A3: CORREGIMIENTO DE CAUSADO, JURISDICCION DEL MUNICIPIO DE MARGARITA
A5: OBJETO DEL PROYECTO | G5: CAPITULO | H5: ='PRESUPUESTO '!#REF! -> #REF! | I5: ITEM | J5: ='PRESUPUESTO '!#REF! -> #REF! | K5: ='PRESUPUESTO '!B18 -> 2.1 | M5: UNIDAD
A6: ='PRESUPUESTO '!E5 -> RECUPERACION Y CONSERVACIÓN DE ÁREAS DE IMPORTANCIA ESTRATEGICA DE LA ZONA DE INFLUENCIA DEL COMPLEJO CENAGOSO DE CASCALOA DE MAGANGUÉ, BOLÍVAR | G6: =VLOOKUP(H5,'PRESUPUESTO '!B12:K26,2) -> #REF! | I6: =VLOOKUP(J5,'PRESUPUESTO '!B12:K26,5) -> #REF! | M6: =VLOOKUP(J5,'PRESUPUESTO '!B12:K26,6) -> #REF!
A8: LOCALIZACION | G8: DESCRIPCION / ELEMENTO / AREA | H8: UNIDAD | I8: CANTIDAD | J8: LONGITUD | K8: ANCHO | L8: ALTO | M8: SUB TOTAL
H9: =IF(G9="","",$M$6) | M9: =PRODUCT(I9:L9) -> 0
H10: =IF(G10="","",$M$6) | M10: =PRODUCT(I10:L10) -> 0
H11: =IF(G11="","",$M$6) | M11: =PRODUCT(I11:L11) -> 0
H12: =IF(G12="","",$M$6) | M12: =PRODUCT(I12:L12) -> 0
H13: =IF(G13="","",$M$6) | M13: =PRODUCT(I13:L13) -> 0
H14: =IF(G14="","",$M$6) | M14: =PRODUCT(I14:L14) -> 0
H15: =IF(G15="","",$M$6) | M15: =PRODUCT(I15:L15) -> 0
H16: =IF(G16="","",$M$6) | M16: =PRODUCT(I16:L16) -> 0
H17: =IF(G17="","",$M$6) | M17: =PRODUCT(I17:L17) -> 0
H18: =IF(G18="","",$M$6) | M18: =PRODUCT(I18:L18) -> 0
H19: =IF(G19="","",$M$6) | M19: =PRODUCT(I19:L19) -> 0
H20: =IF(G20="","",$M$6) | M20: =PRODUCT(I20:L20) -> 0
... H23: =IF(G23="","",$M$6) | M23: =PRODUCT(I23:L23) -> 0
A24: GRAFICA / ESQUEMA | H24: =IF(G24="","",$M$6)
G26: TOTAL CANTIDAD | H26: =M6 -> #REF! | M26: =SUM(M9:M24) -> 0
G30: OBSERVACIONES;
G33: Planos:
G35: Informe:
G40: ='PRESUPUESTO '!B42 -> 0
G41: ='PRESUPUESTO '!B43 -> 0
G42: ='PRESUPUESTO '!B44 -> 0

Sheet 5.6
A1: MEMORIA DE CANTIDADES DE OBRAS
A2: DEPARTAMENTO DE BOLIVAR
A3: CORREGIMIENTO DE CAUSADO, JURISDICCION DEL MUNICIPIO DE MARGARITA
A5: OBJETO DEL PROYECTO | G5: CAPITULO | H5: ='PRESUPUESTO '!#REF! -> #REF! | I5: ITEM | J5: ='PRESUPUESTO '!#REF! -> #REF! | K5: ='PRESUPUESTO '!B18 -> 2.1 | M5: UNIDAD
A6: ='PRESUPUESTO '!E5 -> RECUPERACION Y CONSERVACIÓN DE ÁREAS DE IMPORTANCIA ESTRATEGICA DE LA ZONA DE INFLUENCIA DEL COMPLEJO CENAGOSO DE CASCALOA DE MAGANGUÉ, BOLÍVAR | G6: =VLOOKUP(H5,'PRESUPUESTO '!B12:K26,2) -> #REF! | I6: =VLOOKUP(J5,'PRESUPUESTO '!B12:K26,5) -> #REF! | M6: =VLOOKUP(J5,'PRESUPUESTO '!B12:K26,6) -> #REF!
A8: LOCALIZACION | G8: DESCRIPCION / ELEMENTO / AREA | H8: UNIDAD | I8: CANTIDAD | J8: LONGITUD | K8: ANCHO | L8: ALTO | M8: SUB TOTAL
H9: =IF(G9="","",$M$6) | M9: =PRODUCT(I9:L9) -> 0
H10: =IF(G10="","",$M$6) | M10: =PRODUCT(I10:L10) -> 0
H11: =IF(G11="","",$M$6) | M11: =PRODUCT(I11:L11) -> 0
H12: =IF(G12="","",$M$6) | M12: =PRODUCT(I12:L12) -> 0
H13: =IF(G13="","",$M$6) | M13: =PRODUCT(I13:L13) -> 0
H14: =IF(G14="","",$M$6) | M14: =PRODUCT(I14:L14) -> 0
H15: =IF(G15="","",$M$6) | M15: =PRODUCT(I15:L15) -> 0
H16: =IF(G16="","",$M$6) | M16: =PRODUCT(I16:L16) -> 0
H17: =IF(G17="","",$M$6) | M17: =PRODUCT(I17:L17) -> 0
H18: =IF(G18="","",$M$6) | M18: =PRODUCT(I18:L18) -> 0
H19: =IF(G19="","",$M$6) | M19: =PRODUCT(I19:L19) -> 0
H20: =IF(G20="","",$M$6) | M20: =PRODUCT(I20:L20) -> 0
... H23: =IF(G23="","",$M$6) | M23: =PRODUCT(I23:L23) -> 0
A24: GRAFICA / ESQUEMA | H24: =IF(G24="","",$M$6)
G26: TOTAL CANTIDAD | H26: =M6 -> #REF! | M26: =SUM(M9:M24) -> 0
G30: OBSERVACIONES;
G33: Planos:
G35: Informe:
G40: ='PRESUPUESTO '!B42 -> 0
G41: ='PRESUPUESTO '!B43 -> 0
G42: ='PRESUPUESTO '!B44 -> 0

Sheet 6.2
A1: MEMORIA DE CANTIDADES DE OBRAS
A2: DEPARTAMENTO DE BOLIVAR
A3: CORREGIMIENTO DE CAUSADO, JURISDICCION DEL MUNICIPIO DE MARGARITA
A5: OBJETO DEL PROYECTO | G5: CAPITULO | H5: ='PRESUPUESTO '!#REF! -> #REF! | I5: ITEM | J5: ='PRESUPUESTO '!#REF! -> #REF! | K5: ='PRESUPUESTO '!B18 -> 2.1 | M5: UNIDAD
A6: ='PRESUPUESTO '!E5 -> RECUPERACION Y CONSERVACIÓN DE ÁREAS DE IMPORTANCIA ESTRATEGICA DE LA ZONA DE INFLUENCIA DEL COMPLEJO CENAGOSO DE CASCALOA DE MAGANGUÉ, BOLÍVAR | G6: =VLOOKUP(H5,'PRESUPUESTO '!B12:K26,2) -> #REF! | I6: =VLOOKUP(J5,'PRESUPUESTO '!B12:K26,5) -> #REF! | M6: =VLOOKUP(J5,'PRESUPUESTO '!B12:K26,6) -> #REF!
A8: LOCALIZACION | G8: DESCRIPCION / ELEMENTO / AREA | H8: UNIDAD | I8: CANTIDAD | J8: LONGITUD | K8: ANCHO | L8: ALTO | M8: SUB TOTAL
H9: =IF(G9="","",$M$6) | M9: =PRODUCT(I9:L9) -> 0
H10: =IF(G10="","",$M$6) | M10: =PRODUCT(I10:L10) -> 0
H11: =IF(G11="","",$M$6) | M11: =PRODUCT(I11:L11) -> 0
H12: =IF(G12="","",$M$6) | M12: =PRODUCT(I12:L12) -> 0
H13: =IF(G13="","",$M$6) | M13: =PRODUCT(I13:L13) -> 0
H14: =IF(G14="","",$M$6) | M14: =PRODUCT(I14:L14) -> 0
H15: =IF(G15="","",$M$6) | M15: =PRODUCT(I15:L15) -> 0
H16: =IF(G16="","",$M$6) | M16: =PRODUCT(I16:L16) -> 0
H17: =IF(G17="","",$M$6) | M17: =PRODUCT(I17:L17) -> 0
H18: =IF(G18="","",$M$6) | M18: =PRODUCT(I18:L18) -> 0
H19: =IF(G19="","",$M$6) | M19: =PRODUCT(I19:L19) -> 0
H20: =IF(G20="","",$M$6) | M20: =PRODUCT(I20:L20) -> 0
... H23: =IF(G23="","",$M$6) | M23: =PRODUCT(I23:L23) -> 0
A24: GRAFICA / ESQUEMA | H24: =IF(G24="","",$M$6)
G26: TOTAL CANTIDAD | H26: =M6 -> #REF! | M26: =SUM(M9:M24) -> 0
G30: OBSERVACIONES;
G33: Planos:
G35: Informe:
G40: ='PRESUPUESTO '!B42 -> 0
G41: ='PRESUPUESTO '!B43 -> 0
G42: ='PRESUPUESTO '!B44 -> 0

Sheet 6.3
A1: MEMORIA DE CANTIDADES DE OBRAS
A2: DEPARTAMENTO DE BOLIVAR
A3: CORREGIMIENTO DE CAUSADO, JURISDICCION DEL MUNICIPIO DE MARGARITA
A5: OBJETO DEL PROYECTO | G5: CAPITULO | H5: ='PRESUPUESTO '!#REF! -> #REF! | I5: ITEM | J5: ='PRESUPUESTO '!#REF! -> #REF! | K5: ='PRESUPUESTO '!B18 -> 2.1 | M5: UNIDAD
A6: ='PRESUPUESTO '!E5 -> RECUPERACION Y CONSERVACIÓN DE ÁREAS DE IMPORTANCIA ESTRATEGICA DE LA ZONA DE INFLUENCIA DEL COMPLEJO CENAGOSO DE CASCALOA DE MAGANGUÉ, BOLÍVAR | G6: =VLOOKUP(H5,'PRESUPUESTO '!B12:K26,2) -> #REF! | I6: =VLOOKUP(J5,'PRESUPUESTO '!B12:K26,5) -> #REF! | M6: =VLOOKUP(J5,'PRESUPUESTO '!B12:K26,6) -> #REF!
A8: LOCALIZACION | G8: DESCRIPCION / ELEMENTO / AREA | H8: UNIDAD | I8: CANTIDAD | J8: LONGITUD | K8: ANCHO | L8: ALTO | M8: SUB TOTAL
H9: =IF(G9="","",$M$6) | M9: =PRODUCT(I9:L9) -> 0
H10: =IF(G10="","",$M$6) | M10: =PRODUCT(I10:L10) -> 0
H11: =IF(G11="","",$M$6) | M11: =PRODUCT(I11:L11) -> 0
H12: =IF(G12="","",$M$6) | M12: =PRODUCT(I12:L12) -> 0
H13: =IF(G13="","",$M$6) | M13: =PRODUCT(I13:L13) -> 0
H14: =IF(G14="","",$M$6) | M14: =PRODUCT(I14:L14) -> 0
H15: =IF(G15="","",$M$6) | M15: =PRODUCT(I15:L15) -> 0
H16: =IF(G16="","",$M$6) | M16: =PRODUCT(I16:L16) -> 0
H17: =IF(G17="","",$M$6) | M17: =PRODUCT(I17:L17) -> 0
H18: =IF(G18="","",$M$6) | M18: =PRODUCT(I18:L18) -> 0
H19: =IF(G19="","",$M$6) | M19: =PRODUCT(I19:L19) -> 0
H20: =IF(G20="","",$M$6) | M20: =PRODUCT(I20:L20) -> 0
... H23: =IF(G23="","",$M$6) | M23: =PRODUCT(I23:L23) -> 0
A24: GRAFICA / ESQUEMA | H24: =IF(G24="","",$M$6)
G26: TOTAL CANTIDAD | H26: =M6 -> #REF! | M26: =SUM(M9:M24) -> 0
G30: OBSERVACIONES;
G33: Planos:
G35: Informe:
G40: ='PRESUPUESTO '!B42 -> 0
G41: ='PRESUPUESTO '!B43 -> 0
G42: ='PRESUPUESTO '!B44 -> 0

Sheet 6.4
A1: MEMORIA DE CANTIDADES DE OBRAS
A2: DEPARTAMENTO DE BOLIVAR
A3: CORREGIMIENTO DE CAUSADO, JURISDICCION DEL MUNICIPIO DE MARGARITA
A5: OBJETO DEL PROYECTO | G5: CAPITULO | H5: ='PRESUPUESTO '!#REF! -> #REF! | I5: ITEM | J5: ='PRESUPUESTO '!#REF! -> #REF! | K5: ='PRESUPUESTO '!B18 -> 2.1 | M5: UNIDAD
A6: ='PRESUPUESTO '!E5 -> RECUPERACION Y CONSERVACIÓN DE ÁREAS DE IMPORTANCIA ESTRATEGICA DE LA ZONA DE INFLUENCIA DEL COMPLEJO CENAGOSO DE CASCALOA DE MAGANGUÉ, BOLÍVAR | G6: =VLOOKUP(H5,'PRESUPUESTO '!B12:K26,2) -> #REF! | I6: =VLOOKUP(J5,'PRESUPUESTO '!B12:K26,5) -> #REF! | M6: =VLOOKUP(J5,'PRESUPUESTO '!B12:K26,6) -> #REF!
A8: LOCALIZACION | G8: DESCRIPCION / ELEMENTO / AREA | H8: UNIDAD | I8: CANTIDAD | J8: LONGITUD | K8: ANCHO | L8: ALTO | M8: SUB TOTAL
H9: =IF(G9="","",$M$6) | M9: =PRODUCT(I9:L9) -> 0
H10: =IF(G10="","",$M$6) | M10: =PRODUCT(I10:L10) -> 0
H11: =IF(G11="","",$M$6) | M11: =PRODUCT(I11:L11) -> 0
H12: =IF(G12="","",$M$6) | M12: =PRODUCT(I12:L12) -> 0
H13: =IF(G13="","",$M$6) | M13: =PRODUCT(I13:L13) -> 0
H14: =IF(G14="","",$M$6) | M14: =PRODUCT(I14:L14) -> 0
H15: =IF(G15="","",$M$6) | M15: =PRODUCT(I15:L15) -> 0
H16: =IF(G16="","",$M$6) | M16: =PRODUCT(I16:L16) -> 0
H17: =IF(G17="","",$M$6) | M17: =PRODUCT(I17:L17) -> 0
H18: =IF(G18="","",$M$6) | M18: =PRODUCT(I18:L18) -> 0
H19: =IF(G19="","",$M$6) | M19: =PRODUCT(I19:L19) -> 0
H20: =IF(G20="","",$M$6) | M20: =PRODUCT(I20:L20) -> 0
... H23: =IF(G23="","",$M$6) | M23: =PRODUCT(I23:L23) -> 0
A24: GRAFICA / ESQUEMA | H24: =IF(G24="","",$M$6)
G26: TOTAL CANTIDAD | H26: =M6 -> #REF! | M26: =SUM(M9:M24) -> 0
G30: OBSERVACIONES;
G33: Planos:
G35: Informe:
G40: ='PRESUPUESTO '!B42 -> 0
G41: ='PRESUPUESTO '!B43 -> 0
G42: ='PRESUPUESTO '!B44 -> 0

Sheet 6.5
A1: MEMORIA DE CANTIDADES DE OBRAS
A2: DEPARTAMENTO DE BOLIVAR
A3: CORREGIMIENTO DE CAUSADO, JURISDICCION DEL MUNICIPIO DE MARGARITA
A5: OBJETO DEL PROYECTO | G5: CAPITULO | H5: ='PRESUPUESTO '!#REF! -> #REF! | I5: ITEM | J5: ='PRESUPUESTO '!#REF! -> #REF! | K5: ='PRESUPUESTO '!B18 -> 2.1 | M5: UNIDAD
A6: ='PRESUPUESTO '!E5 -> RECUPERACION Y CONSERVACIÓN DE ÁREAS DE IMPORTANCIA ESTRATEGICA DE LA ZONA DE INFLUENCIA DEL COMPLEJO CENAGOSO DE CASCALOA DE MAGANGUÉ, BOLÍVAR | G6: =VLOOKUP(H5,'PRESUPUESTO '!B12:K26,2) -> #REF! | I6: =VLOOKUP(J5,'PRESUPUESTO '!B12:K26,5) -> #REF! | M6: =VLOOKUP(J5,'PRESUPUESTO '!B12:K26,6) -> #REF!
A8: LOCALIZACION | G8: DESCRIPCION / ELEMENTO / AREA | H8: UNIDAD | I8: CANTIDAD | J8: LONGITUD | K8: ANCHO | L8: ALTO | M8: SUB TOTAL
H9: =IF(G9="","",$M$6) | M9: =PRODUCT(I9:L9) -> 0
H10: =IF(G10="","",$M$6) | M10: =PRODUCT(I10:L10) -> 0
H11: =IF(G11="","",$M$6) | M11: =PRODUCT(I11:L11) -> 0
H12: =IF(G12="","",$M$6) | M12: =PRODUCT(I12:L12) -> 0
H13: =IF(G13="","",$M$6) | M13: =PRODUCT(I13:L13) -> 0
H14: =IF(G14="","",$M$6) | M14: =PRODUCT(I14:L14) -> 0
H15: =IF(G15="","",$M$6) | M15: =PRODUCT(I15:L15) -> 0
H16: =IF(G16="","",$M$6) | M16: =PRODUCT(I16:L16) -> 0
H17: =IF(G17="","",$M$6) | M17: =PRODUCT(I17:L17) -> 0
H18: =IF(G18="","",$M$6) | M18: =PRODUCT(I18:L18) -> 0
H19: =IF(G19="","",$M$6) | M19: =PRODUCT(I19:L19) -> 0
H20: =IF(G20="","",$M$6) | M20: =PRODUCT(I20:L20) -> 0
... H23: =IF(G23="","",$M$6) | M23: =PRODUCT(I23:L23) -> 0
A24: GRAFICA / ESQUEMA | H24: =IF(G24="","",$M$6)
G26: TOTAL CANTIDAD | H26: =M6 -> #REF! | M26: =SUM(M9:M24) -> 0
G30: OBSERVACIONES;
G33: Planos:
G35: Informe:
G40: ='PRESUPUESTO '!B42 -> 0
G41: ='PRESUPUESTO '!B43 -> 0
G42: ='PRESUPUESTO '!B44 -> 0

Sheet 6.6
A1: MEMORIA DE CANTIDADES DE OBRAS
A2: DEPARTAMENTO DE BOLIVAR
A3: CORREGIMIENTO DE CAUSADO, JURISDICCION DEL MUNICIPIO DE MARGARITA
A5: OBJETO DEL PROYECTO | G5: CAPITULO | H5: ='PRESUPUESTO '!#REF! -> #REF! | I5: ITEM | J5: ='PRESUPUESTO '!#REF! -> #REF! | K5: ='PRESUPUESTO '!B18 -> 2.1 | M5: UNIDAD
A6: ='PRESUPUESTO '!E5 -> RECUPERACION Y CONSERVACIÓN DE ÁREAS DE IMPORTANCIA ESTRATEGICA DE LA ZONA DE INFLUENCIA DEL COMPLEJO CENAGOSO DE CASCALOA DE MAGANGUÉ, BOLÍVAR | G6: =VLOOKUP(H5,'PRESUPUESTO '!B12:K26,2) -> #REF! | I6: =VLOOKUP(J5,'PRESUPUESTO '!B12:K26,5) -> #REF! | M6: =VLOOKUP(J5,'PRESUPUESTO '!B12:K26,6) -> #REF!
A8: LOCALIZACION | G8: DESCRIPCION / ELEMENTO / AREA | H8: UNIDAD | I8: CANTIDAD | J8: LONGITUD | K8: ANCHO | L8: ALTO | M8: SUB TOTAL
H9: =IF(G9="","",$M$6) | M9: =PRODUCT(I9:L9) -> 0
H10: =IF(G10="","",$M$6) | M10: =PRODUCT(I10:L10) -> 0
H11: =IF(G11="","",$M$6) | M11: =PRODUCT(I11:L11) -> 0
H12: =IF(G12="","",$M$6) | M12: =PRODUCT(I12:L12) -> 0
H13: =IF(G13="","",$M$6) | M13: =PRODUCT(I13:L13) -> 0
H14: =IF(G14="","",$M$6) | M14: =PRODUCT(I14:L14) -> 0
H15: =IF(G15="","",$M$6) | M15: =PRODUCT(I15:L15) -> 0
H16: =IF(G16="","",$M$6) | M16: =PRODUCT(I16:L16) -> 0
H17: =IF(G17="","",$M$6) | M17: =PRODUCT(I17:L17) -> 0
H18: =IF(G18="","",$M$6) | M18: =PRODUCT(I18:L18) -> 0
H19: =IF(G19="","",$M$6) | M19: =PRODUCT(I19:L19) -> 0
H20: =IF(G20="","",$M$6) | M20: =PRODUCT(I20:L20) -> 0
... H23: =IF(G23="","",$M$6) | M23: =PRODUCT(I23:L23) -> 0
A24: GRAFICA / ESQUEMA | H24: =IF(G24="","",$M$6)
G26: TOTAL CANTIDAD | H26: =M6 -> #REF! | M26: =SUM(M9:M24) -> 0
G30: OBSERVACIONES;
G33: Planos:
G35: Informe:
G40: ='PRESUPUESTO '!B42 -> 0
G41: ='PRESUPUESTO '!B43 -> 0
G42: ='PRESUPUESTO '!B44 -> 0

Sheet MORTEROS Y CONCRETOS
B2: MORTEROS Y CONCRETOS 2023
B3: =+'PRESUPUESTO '!B4:H4 -> FORMATO PROPUETSA ECONÓMICA
D5: unitario | E5: Bulto
B6: Cemento Gris | C6: kg | D6: 750 | E6: =+D6*50 -> 37500
B7: Arena de peña | C7: m³ | D7: 75000
B8: Arena Lavada de rio | C8: m³ | D8: 90500
B9: Grava triturada Ø max 3/4" | C9: m³ | D9: 155000
B10: Agua | C10: L | D10: 50
B11: Impermeabilizante para Concreto | C11: kg | D11: 29330
B12: Impermeabilizante para Mortero | C12: kg | D12: 15500
B14: mortero 1:4
B15: material | C15: Unidad | D15: Cantidad | E15: Valor unitario | F15: Valor parcial
B16: Cemento | C16: kg | D16: 364 | E16: =+D6 -> 750 | F16: =+ROUND(E16*D16,0) -> 273000
B17: =B8 -> Arena Lavada de rio | C17: m³ | D17: 1.16 | E17: =D8 -> 90500 | F17: =+ROUND(E17*D17,0) -> 104980
B18: Agua | C18: L | D18: 220 | E18: =+D10 -> 50 | F18: =+ROUND(E18*D18,0) -> 11000
B19: Total | F19: =SUM(F16:F18) -> 388980
B21: mortero Impermeabilizado 1:4
B22: material | C22: Unidad | D22: Cantidad | E22: Valor unitario | F22: Valor parcial
B23: Cemento | C23: kg | D23: 364 | E23: =+D6 -> 750 | F23: =+ROUND(E23*D23,0) -> 273000
B24: Arena de Peña | C24: m³ | D24: 1.16 | E24: =+D7 -> 75000 | F24: =+ROUND(E24*D24,0) -> 87000
B25: Agua | C25: L | D25: 220 | E25: =+D10 -> 50 | F25: =+ROUND(E25*D25,0) -> 11000
B26: Impermeabilizante para Mortero | C26: kg | D26: 6.18 | E26: =+D12 -> 15500 | F26: =+ROUND(E26*D26,0) -> 95790
B27: Total | F27: =SUM(F23:F26) -> 466790
B29: Concreto 4000 psi | C29: 280 kg/cm²
B30: material | C30: Unidad | D30: Cantidad | E30: Valor unitario | F30: Valor parcial
B31: Cemento kg | C31: kg | D31: 420 | E31: =D6 -> 750 | F31: =+ROUND(E31*D31,0) -> 315000
B32: Arena lavada de rio | C32: m³ | D32: 0.67 | E32: =D8 -> 90500 | F32: =+ROUND(E32*D32,0) -> 60635
B33: Grava | C33: m³ | D33: 0.67 | E33: =D9 -> 155000 | F33: =+ROUND(E33*D33,0) -> 103850
B34: Agua Lt | C34: L | D34: 260 | E34: =+D10 -> 50 | F34: =+ROUND(E34*D34,0) -> 13000
B35: Total | F35: =SUM(F31:F34) -> 492485
B37: Concreto 3500 psi | C37: 246 kg/cm²
B38: material | C38: Unidad | D38: Cantidad | E38: Valor unitario | F38: Valor parcial
B39: Cemento kg | C39: kg | D39: 380 | E39: =+D6 -> 750 | F39: =+ROUND(E39*D39,0) -> 285000
B40: Arena lavada de rio | C40: m³ | D40: 0.6 | E40: =+D8 -> 90500 | F40: =+ROUND(E40*D40,0) -> 54300
B41: Grava | C41: m³ | D41: 0.76 | E41: =+D9 -> 155000 | F41: =+ROUND(E41*D41,0) -> 117800
B42: Agua Lt | C42: L | D42: 250 | E42: =+D10 -> 50 | F42: =+ROUND(E42*D42,0) -> 12500
B43: Total | F43: =SUM(F39:F42) -> 469600
B50: Concreto 3000 psi | C50: 210 kg/cm²
B51: material | C51: Unidad | D51: Cantidad | E51: Valor unitario | F51: Valor parcial
B52: Cemento kg | C52: kg | D52: 350 | E52: =+D6 -> 750 | F52: =+ROUND(E52*D52,0) -> 262500
B53: Arena lavada de rio | C53: m³ | D53: 0.56 | E53: =+D8 -> 90500 | F53: =+ROUND(E53*D53,0) -> 50680
B54: Grava | C54: m³ | D54: 0.84 | E54: =+D9 -> 155000 | F54: =+ROUND(E54*D54,0) -> 130200
B55: Agua Lt | C55: L | D55: 180 | E55: =+D10 -> 50 | F55: =+ROUND(E55*D55,0) -> 9000
B56: Total | F56: =SUM(F52:F55) -> 452380
B58: Concreto 2500 psi | C58: 175 kg/cm²
B59: material | C59: Unidad | D59: Cantidad | E59: Valor unitario | F59: Valor parcial
B60: Cemento kg | C60: kg | D60: 260 | E60: =+D6 -> 750 | F60: =+ROUND(E60*D60,0) -> 195000
B61: Arena lavada de rio | C61: m³ | D61: 0.52 | E61: =+D8 -> 90500 | F61: =+ROUND(E61*D61,0) -> 47060
B62: Grava | C62: m³ | D62: 0.94 | E62: =+D9 -> 155000 | F62: =+ROUND(E62*D62,0) -> 145700
B63: Agua Lt | C63: L | D63: 170 | E63: =+D10 -> 50 | F63: =+ROUND(E63*D63,0) -> 8500
B64: Total | F64: =SUM(F60:F63) -> 396260
B66: Concreto 2000 psi | C66: 140 kg/cm²
B67: material | C67: Unidad | D67: Cantidad | E67: Valor unitario | F67: Valor parcial
B68: Cemento kg | C68: kg | D68: 230 | E68: =+D6 -> 750 | F68: =+ROUND(E68*D68,0) -> 172500
B69: Arena lavada de rio | C69: m³ | D69: 0.55 | E69: =+D8 -> 90500 | F69: =+ROUND(E69*D69,0) -> 49775
B70: Grava | C70: m³ | D70: 0.92 | E70: =+D9 -> 155000 | F70: =+ROUND(E70*D70,0) -> 142600
B71: Agua Lt | C71: L | D71: 170 | E71: =+D10 -> 50 | F71: =+ROUND(E71*D71,0) -> 8500
B72: Total | F72: =SUM(F68:F71) -> 373375
B74: Concreto Impermeabilizado de 3500 psi | C74: 246 kg/cm²
B75: material | C75: Unidad | D75: Cantidad | E75: Valor unitario | F75: Valor parcial
B76: Cemento kg | C76: kg | D76: 380 | E76: =+D6 -> 750 | F76: =+ROUND(E76*D76,0) -> 285000
B77: Arena lavada de rio | C77: m³ | D77: 0.6 | E77: =+D8 -> 90500 | F77: =+ROUND(E77*D77,0) -> 54300
B78: Grava | C78: m³ | D78: 0.76 | E78: =+D9 -> 155000 | F78: =+ROUND(E78*D78,0) -> 117800
B79: Agua Lt | C79: L | D79: 250 | E79: =+D10 -> 50 | F79: =+ROUND(E79*D79,0) -> 12500
B80: Impermeabilizante para Concreto | C80: kg | D80: 1.9 | E80: =+D11 -> 29330 | F80: =+ROUND(E80*D80,0) -> 55727
B81: Total | F81: =SUM(F76:F80) -> 525327
B83: Concreto Impermeabilizado de 4000 psi | C83: 280 kg/cm²
B84: material | C84: Unidad | D84: Cantidad | E84: Valor unitario | F84: Valor parcial
B85: Cemento kg | C85: kg | D85: 420 | E85: =+D6 -> 750 | F85: =+ROUND(E85*D85,0) -> 315000
B86: Arena lavada de rio | C86: m³ | D86: 0.67 | E86: =+D8 -> 90500 | F86: =+ROUND(E86*D86,0) -> 60635
B87: Grava | C87: m³ | D87: 0.67 | E87: =+D9 -> 155000 | F87: =+ROUND(E87*D87,0) -> 103850
B88: Agua Lt | C88: L | D88: 260 | E88: =+D10 -> 50 | F88: =+ROUND(E88*D88,0) -> 13000
B89: Impermeabilizante para Concreto | C89: kg | D89: 2.15 | E89: =+D11 -> 29330 | F89: =+ROUND(E89*D89,0) -> 63060
B90: Total | F90: =SUM(F85:F89) -> 555545

Sheet APU CAP 1 ITEM-1.4
B2: ANÁLISIS DE PRECIO UNITARIO
B3: =CONCATENATE("PROYECTO: ",'PRESUPUESTO '!E5) -> PROYECTO: RECUPERACION Y CONSERVACIÓN DE ÁREAS DE IMPORTANCIA ESTRATEGICA DE LA ZONA DE INFLUENCIA DEL COMPLEJO CENAGOSO DE CASCALOA DE MAGANGUÉ, BOLÍVAR
B5: =_xlfn.CONCAT("CAPITULO ",K5) -> CAPITULO 1 | D5: =VLOOKUP(K5,'PRESUPUESTO '!B12:K26,2) -> PRELIMINARES Y COMPLEMENTARIAS | H5: UNIDAD: | J5: CAPITULO | K5: ='PRESUPUESTO '!B12 -> 1
B6: =_xlfn.CONCAT("ÍTEM ",K6) -> #REF! | D6: =VLOOKUP(K6,'PRESUPUESTO '!B12:K26,5) -> #REF! | H6: =VLOOKUP(K6,'PRESUPUESTO '!B12:K26,6) -> #REF! | J6: ITEM | K6: ='PRESUPUESTO '!#REF! -> #REF! | O6: EQUIPOS
B9: I. EQUIPO | I9: EQUIPO: | J9: Astilladora de madera para triturar, potencia aproximada 75 HP | O9: {=_xlfn._xlws.FILTER(#REF!,ISNUMBER(FIND(J9,#REF!)),"NO ENCONTRADO")} -> #REF!
B10: CODIGO | C10: DESCRIPCIÓN | E10: TIPO | F10: TARIFA/HORAD | G10: RENDIMIENTO | H10: VALOR UNITARIO | I10: ID | J10: {=_xlfn._xlws.FILTER(#REF!,#REF!='APU CAP 1 ITEM-1.4'!J9,"")} -> #REF!
B11: =IF(A11=0,"",VLOOKUP(A11,#REF!,2)) | C11: =IF(A11=0,"",VLOOKUP(A11,#REF!,3)) | F11: =IF(A11=0,,VLOOKUP(A11,#REF!,5)) -> 0 | H11: =+ROUND(F11*G11,3) -> 0
B12: =IF(A12=0,"",VLOOKUP(A12,#REF!,2)) | C12: =IF(A12=0,"",VLOOKUP(A12,#REF!,3)) | F12: =IF(A12=0,,VLOOKUP(A12,#REF!,5)) -> 0 | H12: =+ROUND(F12*G12,3) -> 0
B13: =IF(A13=0,"",VLOOKUP(A13,#REF!,2)) | C13: =IF(A13=0,"",VLOOKUP(A13,#REF!,3)) | F13: =IF(A13=0,,VLOOKUP(A13,#REF!,5)) -> 0 | H13: =+ROUND(F13*G13,3) -> 0
B14: =IF(A14=0,"",VLOOKUP(A14,#REF!,2)) | C14: =IF(A14=0,"",VLOOKUP(A14,#REF!,3)) | F14: =IF(A14=0,,VLOOKUP(A14,#REF!,5)) -> 0 | H14: =+ROUND(F14*G14,3) -> 0
B15: =IF(A15=0,"",VLOOKUP(A15,#REF!,2)) | C15: =IF(A15=0,"",VLOOKUP(A15,#REF!,3)) | F15: =IF(A15=0,,VLOOKUP(A15,#REF!,5)) -> 0 | H15: =+ROUND(F15*G15,3) -> 0
B16: =IF(A16=0,"",VLOOKUP(A16,#REF!,2)) | C16: =IF(A16=0,"",VLOOKUP(A16,#REF!,3)) | F16: =IF(A16=0,,VLOOKUP(A16,#REF!,5)) -> 0 | H16: =+ROUND(F16*G16,3) -> 0
B17: =IF(A17=0,"",VLOOKUP(A17,#REF!,2)) | C17: =IF(A17=0,"",VLOOKUP(A17,#REF!,3)) | F17: =IF(A17=0,,VLOOKUP(A17,#REF!,5)) -> 0 | H17: =+ROUND(F17*G17,3) -> 0
B18: =IF(A18=0,"",VLOOKUP(A18,#REF!,2)) | C18: =IF(A18=0,"",VLOOKUP(A18,#REF!,3)) | F18: =IF(A18=0,,VLOOKUP(A18,#REF!,5)) -> 0 | H18: =+ROUND(F18*G18,3) -> 0
B19: Subtotal Equipo | H19: =SUM(H11:H18) -> 0
B21: II. MATERIALES EN OBRA | P21: MATERIALES
B22: CODIGO | C22: DESCRIPCIÓN | E22: UNIDAD | F22: VALOR UNITARIO | G22: CANTIDAD | H22: VALOR UNITARIO
B23: =IF(A23=0,"",VLOOKUP(A23,#REF!,2)) | C23: =IF(A23=0,"",VLOOKUP(A23,#REF!,3)) | E23: =IF(A23=0,"",VLOOKUP(A23,#REF!,4)) | F23: =IF(A23=0,,VLOOKUP(A23,#REF!,5)) -> 0 | H23: =+ROUND(G23*F23,3) -> 0
B24: =IF(A24=0,"",VLOOKUP(A24,#REF!,2)) | C24: =IF(A24=0,"",VLOOKUP(A24,#REF!,3)) | E24: =IF(A24=0,"",VLOOKUP(A24,#REF!,4)) | F24: =IF(A24=0,,VLOOKUP(A24,#REF!,5)) -> 0 | H24: =+ROUND(G24*F24,3) -> 0 | P24: {=_xlfn._xlws.FILTER(#REF!,ISNUMBER(FIND(J25,#REF!)),"NO ENCONTRADO")} -> #REF!
B25: =IF(A25=0,"",VLOOKUP(A25,#REF!,2)) | C25: =IF(A25=0,"",VLOOKUP(A25,#REF!,3)) | E25: =IF(A25=0,"",VLOOKUP(A25,#REF!,4)) | F25: =IF(A25=0,,VLOOKUP(A25,#REF!,5)) -> 0 | H25: =+ROUND(G25*F25,3) -> 0 | I25: EQUIPO: | J25: Acero A-37
B26: =IF(A26=0,"",VLOOKUP(A26,#REF!,2)) | C26: =IF(A26=0,"",VLOOKUP(A26,#REF!,3)) | E26: =IF(A26=0,"",VLOOKUP(A26,#REF!,4)) | F26: =IF(A26=0,,VLOOKUP(A26,#REF!,5)) -> 0 | H26: =+ROUND(G26*F26,3) -> 0 | I26: ID | J26: {=_xlfn._xlws.FILTER(#REF!,#REF!='APU CAP 1 ITEM-1.4'!J25,"")} -> #REF!
B27: =IF(A27=0,"",VLOOKUP(A27,#REF!,2)) | C27: =IF(A27=0,"",VLOOKUP(A27,#REF!,3)) | E27: =IF(A27=0,"",VLOOKUP(A27,#REF!,4)) | F27: =IF(A27=0,,VLOOKUP(A27,#REF!,5)) -> 0 | H27: =+ROUND(G27*F27,3) -> 0
B28: =IF(A28=0,"",VLOOKUP(A28,#REF!,2)) | C28: =IF(A28=0,"",VLOOKUP(A28,#REF!,3)) | E28: =IF(A28=0,"",VLOOKUP(A28,#REF!,4)) | F28: =IF(A28=0,,VLOOKUP(A28,#REF!,5)) -> 0 | H28: =+ROUND(G28*F28,3) -> 0 | I28: ID | J28: {=_xlfn._xlws.FILTER(#REF!,#REF!='APU CAP 1 ITEM-1.4'!J27,"")} -> #REF!
B29: =IF(A29=0,"",VLOOKUP(A29,#REF!,2)) | C29: =IF(A29=0,"",VLOOKUP(A29,#REF!,3)) | E29: =IF(A29=0,"",VLOOKUP(A29,#REF!,4)) | F29: =IF(A29=0,,VLOOKUP(A29,#REF!,5)) -> 0 | H29: =+ROUND(G29*F29,3) -> 0
B30: =IF(A30=0,"",VLOOKUP(A30,#REF!,2)) | C30: =IF(A30=0,"",VLOOKUP(A30,#REF!,3)) | E30: =IF(A30=0,"",VLOOKUP(A30,#REF!,4)) | F30: =IF(A30=0,,VLOOKUP(A30,#REF!,5)) -> 0 | H30: =+ROUND(G30*F30,3) -> 0
B31: =IF(A31=0,"",VLOOKUP(A31,#REF!,2)) | C31: =IF(A31=0,"",VLOOKUP(A31,#REF!,3)) | E31: =IF(A31=0,"",VLOOKUP(A31,#REF!,4)) | F31: =IF(A31=0,,VLOOKUP(A31,#REF!,5)) -> 0 | H31: =+ROUND(G31*F31,3) -> 0
B32: Subtotal Materiales en Obra | H32: =SUM(H23:H31) -> 0
Q33: MATERIALES
B34: III. TRANSPORTES
B35: CODIGO | C35: DESCRIPCIÓN | D35: UNIDAD | E35: CANT. (1) | F35: DISTANCIA (2) | G35: TARIFA | H35: VALOR UNITARIO
A36: 1 | B36: =IF(A36=0,"",VLOOKUP(A36,#REF!,2)) -> #REF! | C36: =IF(A36=0,"",VLOOKUP(A36,#REF!,3)) -> #REF! | D36: =IF(A36=0,"",VLOOKUP(A36,#REF!,4)) -> #REF! | G36: =IF(A36=0,,VLOOKUP(A36,#REF!,5)) -> #REF! | H36: =+ROUND(E36*F36*G36,3) -> #REF! | Q36: {=_xlfn._xlws.FILTER(#REF!,ISNUMBER(FIND(J39,#REF!)),"NO ENCONTRADO")} -> #REF!
B37: =IF(A37=0,"",VLOOKUP(A37,#REF!,2)) | C37: =IF(A37=0,"",VLOOKUP(A37,#REF!,3)) | D37: =IF(A37=0,"",VLOOKUP(A37,#REF!,4)) | G37: =IF(A37=0,,VLOOKUP(A37,#REF!,5)) -> 0 | H37: =+ROUND(E37*F37*G37,3) -> 0
B38: =IF(A38=0,"",VLOOKUP(A38,#REF!,2)) | C38: =IF(A38=0,"",VLOOKUP(A38,#REF!,3)) | D38: =IF(A38=0,"",VLOOKUP(A38,#REF!,4)) | G38: =IF(A38=0,,VLOOKUP(A38,#REF!,5)) -> 0 | H38: =+ROUND(E38*F38*G38,3) -> 0
B39: =IF(A39=0,"",VLOOKUP(A39,#REF!,2)) | C39: =IF(A39=0,"",VLOOKUP(A39,#REF!,3)) | D39: =IF(A39=0,"",VLOOKUP(A39,#REF!,4)) | G39: =IF(A39=0,,VLOOKUP(A39,#REF!,5)) -> 0 | H39: =+ROUND(E39*F39*G39,3) -> 0 | I39: EQUIPO: | J39: Transporte de acero
B40: =IF(A40=0,"",VLOOKUP(A40,#REF!,2)) | C40: =IF(A40=0,"",VLOOKUP(A40,#REF!,3)) | D40: =IF(A40=0,"",VLOOKUP(A40,#REF!,4)) | G40: =IF(A40=0,,VLOOKUP(A40,#REF!,5)) -> 0 | H40: =+ROUND(E40*F40*G40,3) -> 0 | I40: ID | J40: {=_xlfn._xlws.FILTER(#REF!,#REF!='APU CAP 1 ITEM-1.4'!J39,"")} -> #REF! | K40: {=_xlfn._xlws.FILTER(#REF!,#REF!='APU CAP 1 ITEM-1.4'!J39,"")} -> #REF!
B41: Subtotal transportes | H41: =SUM(H36:H40) -> #REF!
B43: IV. MANO DE OBRA
B44: CODIGO | C44: DESCRIPCIÓN | D44: JORNAL | E44: % PRE. | F44: JORNAL TOTAL | G44: RENDIMIENTO | H44: VALOR UNITARIO
A45: 2 | C45: =IF(A45=0,"",VLOOKUP(A45,#REF!,2)) -> #REF! | D45: =IF(A45=0,"",VLOOKUP(A45,#REF!,3)) -> #REF! | E45: =IF(A45=0,,0.85) -> 0.85 | F45: =IF(A45=0,"",VLOOKUP(A45,#REF!,6)) -> #REF! | H45: =IF(AND(E45>0,F45>0,G45>0),ROUND(F45/G45,3),0) -> #REF!
E46: =IF(A46=0,,0.85) -> 0 | H46: =IF(AND(E46>0,F46>0,G46>0),ROUND(F46/G46,3),0) -> 0
E47: =IF(A47=0,,0.85) -> 0 | H47: =IF(AND(E47>0,F47>0,G47>0),ROUND(F47/G47,3),0) -> 0 | I47: EQUIPO: | J47: Cuadrilla AA 1 Ay
E48: =IF(A48=0,,0.85) -> 0 | H48: =IF(AND(E48>0,F48>0,G48>0),ROUND(F48/G48,3),0) -> 0 | I48: ID | J48: {=_xlfn._xlws.FILTER(#REF!,#REF!='APU CAP 1 ITEM-1.4'!J47,"")} -> #REF!
B49: Subtotal mano de obra | H49: =ROUND(SUM(H45:H48),0) -> #REF!
B51: V. COSTOS DIRECTOS | H51: =+ROUND(H49+H32+H41+H19,0) -> #REF!

Sheet APU CAP 1 ITEM-1.5
B2: ANÁLISIS DE PRECIO UNITARIO
B3: =CONCATENATE("PROYECTO: ",'PRESUPUESTO '!E5) -> PROYECTO: RECUPERACION Y CONSERVACIÓN DE ÁREAS DE IMPORTANCIA ESTRATEGICA DE LA ZONA DE INFLUENCIA DEL COMPLEJO CENAGOSO DE CASCALOA DE MAGANGUÉ, BOLÍVAR
B5: =_xlfn.CONCAT("CAPITULO ",K5) -> CAPITULO 1 | D5: =VLOOKUP(K5,'PRESUPUESTO '!B12:K26,2) -> PRELIMINARES Y COMPLEMENTARIAS | H5: UNIDAD: | J5: CAPITULO | K5: ='PRESUPUESTO '!B12 -> 1
B6: =_xlfn.CONCAT("ÍTEM ",K6) -> #REF! | D6: =VLOOKUP(K6,'PRESUPUESTO '!B12:K26,5) -> #REF! | H6: =VLOOKUP(K6,'PRESUPUESTO '!B12:K26,6) -> #REF! | J6: ITEM | K6: ='PRESUPUESTO '!#REF! -> #REF! | O6: EQUIPOS
B9: I. EQUIPO | I9: EQUIPO: | J9: Astilladora de madera para triturar, potencia aproximada 75 HP | O9: {=_xlfn._xlws.FILTER(#REF!,ISNUMBER(FIND(J9,#REF!)),"NO ENCONTRADO")} -> #REF!
B10: CODIGO | C10: DESCRIPCIÓN | E10: TIPO | F10: TARIFA/HORAD | G10: RENDIMIENTO | H10: VALOR UNITARIO | I10: ID | J10: {=_xlfn._xlws.FILTER(#REF!,#REF!='APU CAP 1 ITEM-1.5'!J9,"")} -> #REF!
B11: =IF(A11=0,"",VLOOKUP(A11,#REF!,2)) | C11: =IF(A11=0,"",VLOOKUP(A11,#REF!,3)) | F11: =IF(A11=0,,VLOOKUP(A11,#REF!,5)) -> 0 | H11: =+ROUND(F11*G11,3) -> 0
B12: =IF(A12=0,"",VLOOKUP(A12,#REF!,2)) | C12: =IF(A12=0,"",VLOOKUP(A12,#REF!,3)) | F12: =IF(A12=0,,VLOOKUP(A12,#REF!,5)) -> 0 | H12: =+ROUND(F12*G12,3) -> 0
B13: =IF(A13=0,"",VLOOKUP(A13,#REF!,2)) | C13: =IF(A13=0,"",VLOOKUP(A13,#REF!,3)) | F13: =IF(A13=0,,VLOOKUP(A13,#REF!,5)) -> 0 | H13: =+ROUND(F13*G13,3) -> 0
B14: =IF(A14=0,"",VLOOKUP(A14,#REF!,2)) | C14: =IF(A14=0,"",VLOOKUP(A14,#REF!,3)) | F14: =IF(A14=0,,VLOOKUP(A14,#REF!,5)) -> 0 | H14: =+ROUND(F14*G14,3) -> 0
B15: =IF(A15=0,"",VLOOKUP(A15,#REF!,2)) | C15: =IF(A15=0,"",VLOOKUP(A15,#REF!,3)) | F15: =IF(A15=0,,VLOOKUP(A15,#REF!,5)) -> 0 | H15: =+ROUND(F15*G15,3) -> 0
B16: =IF(A16=0,"",VLOOKUP(A16,#REF!,2)) | C16: =IF(A16=0,"",VLOOKUP(A16,#REF!,3)) | F16: =IF(A16=0,,VLOOKUP(A16,#REF!,5)) -> 0 | H16: =+ROUND(F16*G16,3) -> 0
B17: =IF(A17=0,"",VLOOKUP(A17,#REF!,2)) | C17: =IF(A17=0,"",VLOOKUP(A17,#REF!,3)) | F17: =IF(A17=0,,VLOOKUP(A17,#REF!,5)) -> 0 | H17: =+ROUND(F17*G17,3) -> 0
B18: =IF(A18=0,"",VLOOKUP(A18,#REF!,2)) | C18: =IF(A18=0,"",VLOOKUP(A18,#REF!,3)) | F18: =IF(A18=0,,VLOOKUP(A18,#REF!,5)) -> 0 | H18: =+ROUND(F18*G18,3) -> 0
B19: Subtotal Equipo | H19: =SUM(H11:H18) -> 0
B21: II. MATERIALES EN OBRA | P21: MATERIALES
B22: CODIGO | C22: DESCRIPCIÓN | E22: UNIDAD | F22: VALOR UNITARIO | G22: CANTIDAD | H22: VALOR UNITARIO
B23: =IF(A23=0,"",VLOOKUP(A23,#REF!,2)) | C23: =IF(A23=0,"",VLOOKUP(A23,#REF!,3)) | E23: =IF(A23=0,"",VLOOKUP(A23,#REF!,4)) | F23: =IF(A23=0,,VLOOKUP(A23,#REF!,5)) -> 0 | H23: =+ROUND(G23*F23,3) -> 0
B24: =IF(A24=0,"",VLOOKUP(A24,#REF!,2)) | C24: =IF(A24=0,"",VLOOKUP(A24,#REF!,3)) | E24: =IF(A24=0,"",VLOOKUP(A24,#REF!,4)) | F24: =IF(A24=0,,VLOOKUP(A24,#REF!,5)) -> 0 | H24: =+ROUND(G24*F24,3) -> 0 | P24: {=_xlfn._xlws.FILTER(#REF!,ISNUMBER(FIND(J25,#REF!)),"NO ENCONTRADO")} -> #REF!
B25: =IF(A25=0,"",VLOOKUP(A25,#REF!,2)) | C25: =IF(A25=0,"",VLOOKUP(A25,#REF!,3)) | E25: =IF(A25=0,"",VLOOKUP(A25,#REF!,4)) | F25: =IF(A25=0,,VLOOKUP(A25,#REF!,5)) -> 0 | H25: =+ROUND(G25*F25,3) -> 0 | I25: EQUIPO: | J25: Acero A-37
B26: =IF(A26=0,"",VLOOKUP(A26,#REF!,2)) | C26: =IF(A26=0,"",VLOOKUP(A26,#REF!,3)) | E26: =IF(A26=0,"",VLOOKUP(A26,#REF!,4)) | F26: =IF(A26=0,,VLOOKUP(A26,#REF!,5)) -> 0 | H26: =+ROUND(G26*F26,3) -> 0 | I26: ID | J26: {=_xlfn._xlws.FILTER(#REF!,#REF!='APU CAP 1 ITEM-1.5'!J25,"")} -> #REF!
B27: =IF(A27=0,"",VLOOKUP(A27,#REF!,2)) | C27: =IF(A27=0,"",VLOOKUP(A27,#REF!,3)) | E27: =IF(A27=0,"",VLOOKUP(A27,#REF!,4)) | F27: =IF(A27=0,,VLOOKUP(A27,#REF!,5)) -> 0 | H27: =+ROUND(G27*F27,3) -> 0
B28: =IF(A28=0,"",VLOOKUP(A28,#REF!,2)) | C28: =IF(A28=0,"",VLOOKUP(A28,#REF!,3)) | E28: =IF(A28=0,"",VLOOKUP(A28,#REF!,4)) | F28: =IF(A28=0,,VLOOKUP(A28,#REF!,5)) -> 0 | H28: =+ROUND(G28*F28,3) -> 0 | I28: ID | J28: {=_xlfn._xlws.FILTER(#REF!,#REF!='APU CAP 1 ITEM-1.5'!J27,"")} -> #REF!
B29: =IF(A29=0,"",VLOOKUP(A29,#REF!,2)) | C29: =IF(A29=0,"",VLOOKUP(A29,#REF!,3)) | E29: =IF(A29=0,"",VLOOKUP(A29,#REF!,4)) | F29: =IF(A29=0,,VLOOKUP(A29,#REF!,5)) -> 0 | H29: =+ROUND(G29*F29,3) -> 0
B30: =IF(A30=0,"",VLOOKUP(A30,#REF!,2)) | C30: =IF(A30=0,"",VLOOKUP(A30,#REF!,3)) | E30: =IF(A30=0,"",VLOOKUP(A30,#REF!,4)) | F30: =IF(A30=0,,VLOOKUP(A30,#REF!,5)) -> 0 | H30: =+ROUND(G30*F30,3) -> 0
B31: =IF(A31=0,"",VLOOKUP(A31,#REF!,2)) | C31: =IF(A31=0,"",VLOOKUP(A31,#REF!,3)) | E31: =IF(A31=0,"",VLOOKUP(A31,#REF!,4)) | F31: =IF(A31=0,,VLOOKUP(A31,#REF!,5)) -> 0 | H31: =+ROUND(G31*F31,3) -> 0
B32: Subtotal Materiales en Obra | H32: =SUM(H23:H31) -> 0
Q33: MATERIALES
B34: III. TRANSPORTES
B35: CODIGO | C35: DESCRIPCIÓN | D35: UNIDAD | E35: CANT. (1) | F35: DISTANCIA (2) | G35: TARIFA | H35: VALOR UNITARIO
A36: 1 | B36: =IF(A36=0,"",VLOOKUP(A36,#REF!,2)) -> #REF! | C36: =IF(A36=0,"",VLOOKUP(A36,#REF!,3)) -> #REF! | D36: =IF(A36=0,"",VLOOKUP(A36,#REF!,4)) -> #REF! | G36: =IF(A36=0,,VLOOKUP(A36,#REF!,5)) -> #REF! | H36: =+ROUND(E36*F36*G36,3) -> #REF! | Q36: {=_xlfn._xlws.FILTER(#REF!,ISNUMBER(FIND(J39,#REF!)),"NO ENCONTRADO")} -> #REF!
B37: =IF(A37=0,"",VLOOKUP(A37,#REF!,2)) | C37: =IF(A37=0,"",VLOOKUP(A37,#REF!,3)) | D37: =IF(A37=0,"",VLOOKUP(A37,#REF!,4)) | G37: =IF(A37=0,,VLOOKUP(A37,#REF!,5)) -> 0 | H37: =+ROUND(E37*F37*G37,3) -> 0
B38: =IF(A38=0,"",VLOOKUP(A38,#REF!,2)) | C38: =IF(A38=0,"",VLOOKUP(A38,#REF!,3)) | D38: =IF(A38=0,"",VLOOKUP(A38,#REF!,4)) | G38: =IF(A38=0,,VLOOKUP(A38,#REF!,5)) -> 0 | H38: =+ROUND(E38*F38*G38,3) -> 0
B39: =IF(A39=0,"",VLOOKUP(A39,#REF!,2)) | C39: =IF(A39=0,"",VLOOKUP(A39,#REF!,3)) | D39: =IF(A39=0,"",VLOOKUP(A39,#REF!,4)) | G39: =IF(A39=0,,VLOOKUP(A39,#REF!,5)) -> 0 | H39: =+ROUND(E39*F39*G39,3) -> 0 | I39: EQUIPO: | J39: Transporte de acero
B40: =IF(A40=0,"",VLOOKUP(A40,#REF!,2)) | C40: =IF(A40=0,"",VLOOKUP(A40,#REF!,3)) | D40: =IF(A40=0,"",VLOOKUP(A40,#REF!,4)) | G40: =IF(A40=0,,VLOOKUP(A40,#REF!,5)) -> 0 | H40: =+ROUND(E40*F40*G40,3) -> 0 | I40: ID | J40: {=_xlfn._xlws.FILTER(#REF!,#REF!='APU CAP 1 ITEM-1.5'!J39,"")} -> #REF! | K40: {=_xlfn._xlws.FILTER(#REF!,#REF!='APU CAP 1 ITEM-1.5'!J39,"")} -> #REF!
B41: Subtotal transportes | H41: =SUM(H36:H40) -> #REF!
B43: IV. MANO DE OBRA
B44: CODIGO | C44: DESCRIPCIÓN | D44: JORNAL | E44: % PRE. | F44: JORNAL TOTAL | G44: RENDIMIENTO | H44: VALOR UNITARIO
A45: 2 | C45: =IF(A45=0,"",VLOOKUP(A45,#REF!,2)) -> #REF! | D45: =IF(A45=0,"",VLOOKUP(A45,#REF!,3)) -> #REF! | E45: =IF(A45=0,,0.85) -> 0.85 | F45: =IF(A45=0,"",VLOOKUP(A45,#REF!,6)) -> #REF! | H45: =IF(AND(E45>0,F45>0,G45>0),ROUND(F45/G45,3),0) -> #REF!
E46: =IF(A46=0,,0.85) -> 0 | H46: =IF(AND(E46>0,F46>0,G46>0),ROUND(F46/G46,3),0) -> 0
E47: =IF(A47=0,,0.85) -> 0 | H47: =IF(AND(E47>0,F47>0,G47>0),ROUND(F47/G47,3),0) -> 0 | I47: EQUIPO: | J47: Cuadrilla AA 1 Ay
E48: =IF(A48=0,,0.85) -> 0 | H48: =IF(AND(E48>0,F48>0,G48>0),ROUND(F48/G48,3),0) -> 0 | I48: ID | J48: {=_xlfn._xlws.FILTER(#REF!,#REF!='APU CAP 1 ITEM-1.5'!J47,"")} -> #REF!
B49: Subtotal mano de obra | H49: =ROUND(SUM(H45:H48),0) -> #REF!
B51: V. COSTOS DIRECTOS | H51: =+ROUND(H49+H32+H41+H19,0) -> #REF!

Sheet APU CAP 1 ITEM-1.6
B2: ANÁLISIS DE PRECIO UNITARIO
B3: =CONCATENATE("PROYECTO: ",'PRESUPUESTO '!E5) -> PROYECTO: RECUPERACION Y CONSERVACIÓN DE ÁREAS DE IMPORTANCIA ESTRATEGICA DE LA ZONA DE INFLUENCIA DEL COMPLEJO CENAGOSO DE CASCALOA DE MAGANGUÉ, BOLÍVAR
B5: =_xlfn.CONCAT("CAPITULO ",K5) -> CAPITULO 1 | D5: =VLOOKUP(K5,'PRESUPUESTO '!B12:K26,2) -> PRELIMINARES Y COMPLEMENTARIAS | H5: UNIDAD: | J5: CAPITULO | K5: ='PRESUPUESTO '!B12 -> 1
B6: =_xlfn.CONCAT("ÍTEM ",K6) -> #REF! | D6: =VLOOKUP(K6,'PRESUPUESTO '!B12:K26,5) -> #REF! | H6: =VLOOKUP(K6,'PRESUPUESTO '!B12:K26,6) -> #REF! | J6: ITEM | K6: ='PRESUPUESTO '!#REF! -> #REF! | O6: EQUIPOS
B9: I. EQUIPO | I9: EQUIPO: | J9: Astilladora de madera para triturar, potencia aproximada 75 HP | O9: {=_xlfn._xlws.FILTER(#REF!,ISNUMBER(FIND(J9,#REF!)),"NO ENCONTRADO")} -> #REF!
B10: CODIGO | C10: DESCRIPCIÓN | E10: TIPO | F10: TARIFA/HORAD | G10: RENDIMIENTO | H10: VALOR UNITARIO | I10: ID | J10: {=_xlfn._xlws.FILTER(#REF!,#REF!='APU CAP 1 ITEM-1.6'!J9,"")} -> #REF!
B11: =IF(A11=0,"",VLOOKUP(A11,#REF!,2)) | C11: =IF(A11=0,"",VLOOKUP(A11,#REF!,3)) | F11: =IF(A11=0,,VLOOKUP(A11,#REF!,5)) -> 0 | H11: =+ROUND(F11*G11,3) -> 0
B12: =IF(A12=0,"",VLOOKUP(A12,#REF!,2)) | C12: =IF(A12=0,"",VLOOKUP(A12,#REF!,3)) | F12: =IF(A12=0,,VLOOKUP(A12,#REF!,5)) -> 0 | H12: =+ROUND(F12*G12,3) -> 0
B13: =IF(A13=0,"",VLOOKUP(A13,#REF!,2)) | C13: =IF(A13=0,"",VLOOKUP(A13,#REF!,3)) | F13: =IF(A13=0,,VLOOKUP(A13,#REF!,5)) -> 0 | H13: =+ROUND(F13*G13,3) -> 0
B14: =IF(A14=0,"",VLOOKUP(A14,#REF!,2)) | C14: =IF(A14=0,"",VLOOKUP(A14,#REF!,3)) | F14: =IF(A14=0,,VLOOKUP(A14,#REF!,5)) -> 0 | H14: =+ROUND(F14*G14,3) -> 0
B15: =IF(A15=0,"",VLOOKUP(A15,#REF!,2)) | C15: =IF(A15=0,"",VLOOKUP(A15,#REF!,3)) | F15: =IF(A15=0,,VLOOKUP(A15,#REF!,5)) -> 0 | H15: =+ROUND(F15*G15,3) -> 0
B16: =IF(A16=0,"",VLOOKUP(A16,#REF!,2)) | C16: =IF(A16=0,"",VLOOKUP(A16,#REF!,3)) | F16: =IF(A16=0,,VLOOKUP(A16,#REF!,5)) -> 0 | H16: =+ROUND(F16*G16,3) -> 0
B17: =IF(A17=0,"",VLOOKUP(A17,#REF!,2)) | C17: =IF(A17=0,"",VLOOKUP(A17,#REF!,3)) | F17: =IF(A17=0,,VLOOKUP(A17,#REF!,5)) -> 0 | H17: =+ROUND(F17*G17,3) -> 0
B18: =IF(A18=0,"",VLOOKUP(A18,#REF!,2)) | C18: =IF(A18=0,"",VLOOKUP(A18,#REF!,3)) | F18: =IF(A18=0,,VLOOKUP(A18,#REF!,5)) -> 0 | H18: =+ROUND(F18*G18,3) -> 0
B19: Subtotal Equipo | H19: =SUM(H11:H18) -> 0
B21: II. MATERIALES EN OBRA | P21: MATERIALES
B22: CODIGO | C22: DESCRIPCIÓN | E22: UNIDAD | F22: VALOR UNITARIO | G22: CANTIDAD | H22: VALOR UNITARIO
B23: =IF(A23=0,"",VLOOKUP(A23,#REF!,2)) | C23: =IF(A23=0,"",VLOOKUP(A23,#REF!,3)) | E23: =IF(A23=0,"",VLOOKUP(A23,#REF!,4)) | F23: =IF(A23=0,,VLOOKUP(A23,#REF!,5)) -> 0 | H23: =+ROUND(G23*F23,3) -> 0
B24: =IF(A24=0,"",VLOOKUP(A24,#REF!,2)) | C24: =IF(A24=0,"",VLOOKUP(A24,#REF!,3)) | E24: =IF(A24=0,"",VLOOKUP(A24,#REF!,4)) | F24: =IF(A24=0,,VLOOKUP(A24,#REF!,5)) -> 0 | H24: =+ROUND(G24*F24,3) -> 0 | P24: {=_xlfn._xlws.FILTER(#REF!,ISNUMBER(FIND(J25,#REF!)),"NO ENCONTRADO")} -> #REF!
B25: =IF(A25=0,"",VLOOKUP(A25,#REF!,2)) | C25: =IF(A25=0,"",VLOOKUP(A25,#REF!,3)) | E25: =IF(A25=0,"",VLOOKUP(A25,#REF!,4)) | F25: =IF(A25=0,,VLOOKUP(A25,#REF!,5)) -> 0 | H25: =+ROUND(G25*F25,3) -> 0 | I25: EQUIPO: | J25: Acero A-37
B26: =IF(A26=0,"",VLOOKUP(A26,#REF!,2)) | C26: =IF(A26=0,"",VLOOKUP(A26,#REF!,3)) | E26: =IF(A26=0,"",VLOOKUP(A26,#REF!,4)) | F26: =IF(A26=0,,VLOOKUP(A26,#REF!,5)) -> 0 | H26: =+ROUND(G26*F26,3) -> 0 | I26: ID | J26: {=_xlfn._xlws.FILTER(#REF!,#REF!='APU CAP 1 ITEM-1.6'!J25,"")} -> #REF!
B27: =IF(A27=0,"",VLOOKUP(A27,#REF!,2)) | C27: =IF(A27=0,"",VLOOKUP(A27,#REF!,3)) | E27: =IF(A27=0,"",VLOOKUP(A27,#REF!,4)) | F27: =IF(A27=0,,VLOOKUP(A27,#REF!,5)) -> 0 | H27: =+ROUND(G27*F27,3) -> 0
B28: =IF(A28=0,"",VLOOKUP(A28,#REF!,2)) | C28: =IF(A28=0,"",VLOOKUP(A28,#REF!,3)) | E28: =IF(A28=0,"",VLOOKUP(A28,#REF!,4)) | F28: =IF(A28=0,,VLOOKUP(A28,#REF!,5)) -> 0 | H28: =+ROUND(G28*F28,3) -> 0 | I28: ID | J28: {=_xlfn._xlws.FILTER(#REF!,#REF!='APU CAP 1 ITEM-1.6'!J27,"")} -> #REF!
B29: =IF(A29=0,"",VLOOKUP(A29,#REF!,2)) | C29: =IF(A29=0,"",VLOOKUP(A29,#REF!,3)) | E29: =IF(A29=0,"",VLOOKUP(A29,#REF!,4)) | F29: =IF(A29=0,,VLOOKUP(A29,#REF!,5)) -> 0 | H29: =+ROUND(G29*F29,3) -> 0
B30: =IF(A30=0,"",VLOOKUP(A30,#REF!,2)) | C30: =IF(A30=0,"",VLOOKUP(A30,#REF!,3)) | E30: =IF(A30=0,"",VLOOKUP(A30,#REF!,4)) | F30: =IF(A30=0,,VLOOKUP(A30,#REF!,5)) -> 0 | H30: =+ROUND(G30*F30,3) -> 0
B31: =IF(A31=0,"",VLOOKUP(A31,#REF!,2)) | C31: =IF(A31=0,"",VLOOKUP(A31,#REF!,3)) | E31: =IF(A31=0,"",VLOOKUP(A31,#REF!,4)) | F31: =IF(A31=0,,VLOOKUP(A31,#REF!,5)) -> 0 | H31: =+ROUND(G31*F31,3) -> 0
B32: Subtotal Materiales en Obra | H32: =SUM(H23:H31) -> 0
Q33: MATERIALES
B34: III. TRANSPORTES
B35: CODIGO | C35: DESCRIPCIÓN | D35: UNIDAD | E35: CANT. (1) | F35: DISTANCIA (2) | G35: TARIFA | H35: VALOR UNITARIO
A36: 1 | B36: =IF(A36=0,"",VLOOKUP(A36,#REF!,2)) -> #REF! | C36: =IF(A36=0,"",VLOOKUP(A36,#REF!,3)) -> #REF! | D36: =IF(A36=0,"",VLOOKUP(A36,#REF!,4)) -> #REF! | G36: =IF(A36=0,,VLOOKUP(A36,#REF!,5)) -> #REF! | H36: =+ROUND(E36*F36*G36,3) -> #REF! | Q36: {=_xlfn._xlws.FILTER(#REF!,ISNUMBER(FIND(J39,#REF!)),"NO ENCONTRADO")} -> #REF!
B37: =IF(A37=0,"",VLOOKUP(A37,#REF!,2)) | C37: =IF(A37=0,"",VLOOKUP(A37,#REF!,3)) | D37: =IF(A37=0,"",VLOOKUP(A37,#REF!,4)) | G37: =IF(A37=0,,VLOOKUP(A37,#REF!,5)) -> 0 | H37: =+ROUND(E37*F37*G37,3) -> 0
B38: =IF(A38=0,"",VLOOKUP(A38,#REF!,2)) | C38: =IF(A38=0,"",VLOOKUP(A38,#REF!,3)) | D38: =IF(A38=0,"",VLOOKUP(A38,#REF!,4)) | G38: =IF(A38=0,,VLOOKUP(A38,#REF!,5)) -> 0 | H38: =+ROUND(E38*F38*G38,3) -> 0
B39: =IF(A39=0,"",VLOOKUP(A39,#REF!,2)) | C39: =IF(A39=0,"",VLOOKUP(A39,#REF!,3)) | D39: =IF(A39=0,"",VLOOKUP(A39,#REF!,4)) | G39: =IF(A39=0,,VLOOKUP(A39,#REF!,5)) -> 0 | H39: =+ROUND(E39*F39*G39,3) -> 0 | I39: EQUIPO: | J39: Transporte de acero
B40: =IF(A40=0,"",VLOOKUP(A40,#REF!,2)) | C40: =IF(A40=0,"",VLOOKUP(A40,#REF!,3)) | D40: =IF(A40=0,"",VLOOKUP(A40,#REF!,4)) | G40: =IF(A40=0,,VLOOKUP(A40,#REF!,5)) -> 0 | H40: =+ROUND(E40*F40*G40,3) -> 0 | I40: ID | J40: {=_xlfn._xlws.FILTER(#REF!,#REF!='APU CAP 1 ITEM-1.6'!J39,"")} -> #REF! | K40: {=_xlfn._xlws.FILTER(#REF!,#REF!='APU CAP 1 ITEM-1.6'!J39,"")} -> #REF!
B41: Subtotal transportes | H41: =SUM(H36:H40) -> #REF!
B43: IV. MANO DE OBRA
B44: CODIGO | C44: DESCRIPCIÓN | D44: JORNAL | E44: % PRE. | F44: JORNAL TOTAL | G44: RENDIMIENTO | H44: VALOR UNITARIO
A45: 2 | C45: =IF(A45=0,"",VLOOKUP(A45,#REF!,2)) -> #REF! | D45: =IF(A45=0,"",VLOOKUP(A45,#REF!,3)) -> #REF! | E45: =IF(A45=0,,0.85) -> 0.85 | F45: =IF(A45=0,"",VLOOKUP(A45,#REF!,6)) -> #REF! | H45: =IF(AND(E45>0,F45>0,G45>0),ROUND(F45/G45,3),0) -> #REF!
E46: =IF(A46=0,,0.85) -> 0 | H46: =IF(AND(E46>0,F46>0,G46>0),ROUND(F46/G46,3),0) -> 0
E47: =IF(A47=0,,0.85) -> 0 | H47: =IF(AND(E47>0,F47>0,G47>0),ROUND(F47/G47,3),0) -> 0 | I47: EQUIPO: | J47: Cuadrilla AA 1 Ay
E48: =IF(A48=0,,0.85) -> 0 | H48: =IF(AND(E48>0,F48>0,G48>0),ROUND(F48/G48,3),0) -> 0 | I48: ID | J48: {=_xlfn._xlws.FILTER(#REF!,#REF!='APU CAP 1 ITEM-1.6'!J47,"")} -> #REF!
B49: Subtotal mano de obra | H49: =ROUND(SUM(H45:H48),0) -> #REF!
B51: V. COSTOS DIRECTOS | H51: =+ROUND(H49+H32+H41+H19,0) -> #REF!

Sheet PRESUPUESTO 
B4: FORMATO PROPUETSA ECONÓMICA
B5: OBJETO: | E5: RECUPERACION Y CONSERVACIÓN DE ÁREAS DE IMPORTANCIA ESTRATEGICA DE LA ZONA DE INFLUENCIA DEL COMPLEJO CENAGOSO DE CASCALOA DE MAGANGUÉ, BOLÍVAR
B7: PRESUPUESTO DE CONSTRUCCION
B9: No. | C9: ÌTEM DE PAGO | D9: ESPECIFICACIONES | F9: Descripcion | G9: Unidad | H9: Cantidad | I9: Valor Unitario | J9: Valor parcial
D10: GENERAL 2022 | E10: PARTICULAR
B12: 1 | C12: PRELIMINARES Y COMPLEMENTARIAS
B13: =B12+0.1 -> 1.1 | F13: Realizar el desplazamiento del equipo al sitio de la obra | G13: UND | H13: 8 | J13: =+ROUND(H13*I13,3) -> 0
B14: =B13+0.1 -> 1.2 | F14: Realizar trabajos topográficos y batimétricos para la localización, trazado y replanteo (2 recorridos) | G14: MES | H14: 8 | J14: =+ROUND(H14*I14,3) -> 0
F15: =CONCATENATE("Subtotal Capitulo: ",B12) -> Subtotal Capitulo: 1 | J15: =ROUND(SUM(J13:J14),3) -> 0
B17: 2 | C17: EXPLANACIONES
B18: =B17+0.1 -> 2.1 | C18: 200.2 | D18: 200-22 | F18: Retiro de especies invasivas de flora acuática área de caño y ciénaga | G18: M2 | H18: 339520 | J18: =+ROUND(H18*I18,3) -> 0
B19: =B18+0.1 -> 2.2 | C19: 210.1.1 | D19: 210-22 | F19: Realizar la excavación con maquina en lecho de caños y Ciénegas priorizados para el complejo hídricos de Cascaloa (Magangué) | G19: M3 | H19: 545110.88 | J19: =+ROUND(H19*I19,3) -> 0
B20: =B19+0.1 -> 2.3 | C20: 220.1 | D20: 220-22 | F20: Realizar extendida de material de excavación con espesor de 0.50 m | G20: M2 | H20: 1090221.8 | J20: =+ROUND(H20*I20,3) -> 0
F21: =CONCATENATE("Subtotal Capitulo: ",B17) -> Subtotal Capitulo: 2 | J21: =ROUND(SUM(J18:J20),3) -> 0
B23: 3 | C23: SUBBASE,BASE Y AFIRMADOS
B24: =B23+0.1 -> 3.1 | C24: 320.3 | D24: 320-22 | F24: Realizar talleres de capacitación en educación ambiental y participación comunitaria | G24: UN | H24: 12 | J24: =+ROUND(H24*I24,3) -> 0
F25: =CONCATENATE("Subtotal Capitulo: ",B23) -> Subtotal Capitulo: 3 | J25: =ROUND(SUM(J24:J24),3) -> 0
B29: COSTO TOTAL OBRA FISICA | J29: =+J21+J25+J15 -> 0
B31: TOTAL COSTOS DIRECTOS | J31: =+J29/1.3 -> 0
B32: ADMINISTRACIÓN | I32: 0.22 | J32: =+$J$31*I32 -> 0
B33: IMPREVISTOS | I33: 0.05 | J33: =+$J$31*I33 -> 0
B34: UTILIDAD | I34: 0.03 | J34: =+$J$31*I34 -> 0
B36: VALOR TORAL DEL PROYECTO | J36: =+J31+J32+J33+J34 -> 0

Sheet APU CAP 2 ITEM- 2.4
B2: ANÁLISIS DE PRECIO UNITARIO
B3: =CONCATENATE("PROYECTO: ",'PRESUPUESTO '!E5) -> PROYECTO: RECUPERACION Y CONSERVACIÓN DE ÁREAS DE IMPORTANCIA ESTRATEGICA DE LA ZONA DE INFLUENCIA DEL COMPLEJO CENAGOSO DE CASCALOA DE MAGANGUÉ, BOLÍVAR
B5: =_xlfn.CONCAT("CAPITULO ",K5) -> CAPITULO 2 | D5: =VLOOKUP(K5,'PRESUPUESTO '!B12:K26,2) -> EXPLANACIONES | H5: UNIDAD: | J5: CAPITULO | K5: ='PRESUPUESTO '!B17 -> 2
B6: =_xlfn.CONCAT("ÍTEM ",K6) -> #REF! | D6: =VLOOKUP(K6,'PRESUPUESTO '!B12:K26,5) -> #REF! | H6: =VLOOKUP(K6,'PRESUPUESTO '!B12:K26,6) -> #REF! | J6: ITEM | K6: ='PRESUPUESTO '!#REF! -> #REF! | O6: EQUIPOS
B9: I. EQUIPO | I9: EQUIPO: | J9: Astilladora de madera para triturar, potencia aproximada 75 HP | O9: {=_xlfn._xlws.FILTER(#REF!,ISNUMBER(FIND(J9,#REF!)),"NO ENCONTRADO")} -> #REF!
B10: CODIGO | C10: DESCRIPCIÓN | E10: TIPO | F10: TARIFA/HORAD | G10: RENDIMIENTO | H10: VALOR UNITARIO | I10: ID | J10: {=_xlfn._xlws.FILTER(#REF!,#REF!='APU CAP 2 ITEM- 2.4'!J9,"")} -> #REF!
B11: =IF(A11=0,"",VLOOKUP(A11,#REF!,2)) | C11: =IF(A11=0,"",VLOOKUP(A11,#REF!,3)) | F11: =IF(A11=0,,VLOOKUP(A11,#REF!,5)) -> 0 | H11: =+ROUND(F11*G11,3) -> 0
B12: =IF(A12=0,"",VLOOKUP(A12,#REF!,2)) | C12: =IF(A12=0,"",VLOOKUP(A12,#REF!,3)) | F12: =IF(A12=0,,VLOOKUP(A12,#REF!,5)) -> 0 | H12: =+ROUND(F12*G12,3) -> 0
B13: =IF(A13=0,"",VLOOKUP(A13,#REF!,2)) | C13: =IF(A13=0,"",VLOOKUP(A13,#REF!,3)) | F13: =IF(A13=0,,VLOOKUP(A13,#REF!,5)) -> 0 | H13: =+ROUND(F13*G13,3) -> 0
B14: =IF(A14=0,"",VLOOKUP(A14,#REF!,2)) | C14: =IF(A14=0,"",VLOOKUP(A14,#REF!,3)) | F14: =IF(A14=0,,VLOOKUP(A14,#REF!,5)) -> 0 | H14: =+ROUND(F14*G14,3) -> 0
B15: =IF(A15=0,"",VLOOKUP(A15,#REF!,2)) | C15: =IF(A15=0,"",VLOOKUP(A15,#REF!,3)) | F15: =IF(A15=0,,VLOOKUP(A15,#REF!,5)) -> 0 | H15: =+ROUND(F15*G15,3) -> 0
B16: =IF(A16=0,"",VLOOKUP(A16,#REF!,2)) | C16: =IF(A16=0,"",VLOOKUP(A16,#REF!,3)) | F16: =IF(A16=0,,VLOOKUP(A16,#REF!,5)) -> 0 | H16: =+ROUND(F16*G16,3) -> 0
B17: =IF(A17=0,"",VLOOKUP(A17,#REF!,2)) | C17: =IF(A17=0,"",VLOOKUP(A17,#REF!,3)) | F17: =IF(A17=0,,VLOOKUP(A17,#REF!,5)) -> 0 | H17: =+ROUND(F17*G17,3) -> 0
B18: =IF(A18=0,"",VLOOKUP(A18,#REF!,2)) | C18: =IF(A18=0,"",VLOOKUP(A18,#REF!,3)) | F18: =IF(A18=0,,VLOOKUP(A18,#REF!,5)) -> 0 | H18: =+ROUND(F18*G18,3) -> 0
B19: Subtotal Equipo | H19: =SUM(H11:H18) -> 0
B21: II. MATERIALES EN OBRA | P21: MATERIALES
B22: CODIGO | C22: DESCRIPCIÓN | E22: UNIDAD | F22: VALOR UNITARIO | G22: CANTIDAD | H22: VALOR UNITARIO
B23: =IF(A23=0,"",VLOOKUP(A23,#REF!,2)) | C23: =IF(A23=0,"",VLOOKUP(A23,#REF!,3)) | E23: =IF(A23=0,"",VLOOKUP(A23,#REF!,4)) | F23: =IF(A23=0,,VLOOKUP(A23,#REF!,5)) -> 0 | H23: =+ROUND(G23*F23,3) -> 0
B24: =IF(A24=0,"",VLOOKUP(A24,#REF!,2)) | C24: =IF(A24=0,"",VLOOKUP(A24,#REF!,3)) | E24: =IF(A24=0,"",VLOOKUP(A24,#REF!,4)) | F24: =IF(A24=0,,VLOOKUP(A24,#REF!,5)) -> 0 | H24: =+ROUND(G24*F24,3) -> 0 | P24: {=_xlfn._xlws.FILTER(#REF!,ISNUMBER(FIND(J25,#REF!)),"NO ENCONTRADO")} -> #REF!
B25: =IF(A25=0,"",VLOOKUP(A25,#REF!,2)) | C25: =IF(A25=0,"",VLOOKUP(A25,#REF!,3)) | E25: =IF(A25=0,"",VLOOKUP(A25,#REF!,4)) | F25: =IF(A25=0,,VLOOKUP(A25,#REF!,5)) -> 0 | H25: =+ROUND(G25*F25,3) -> 0 | I25: EQUIPO: | J25: Acero A-37
B26: =IF(A26=0,"",VLOOKUP(A26,#REF!,2)) | C26: =IF(A26=0,"",VLOOKUP(A26,#REF!,3)) | E26: =IF(A26=0,"",VLOOKUP(A26,#REF!,4)) | F26: =IF(A26=0,,VLOOKUP(A26,#REF!,5)) -> 0 | H26: =+ROUND(G26*F26,3) -> 0 | I26: ID | J26: {=_xlfn._xlws.FILTER(#REF!,#REF!='APU CAP 2 ITEM- 2.4'!J25,"")} -> #REF!
B27: =IF(A27=0,"",VLOOKUP(A27,#REF!,2)) | C27: =IF(A27=0,"",VLOOKUP(A27,#REF!,3)) | E27: =IF(A27=0,"",VLOOKUP(A27,#REF!,4)) | F27: =IF(A27=0,,VLOOKUP(A27,#REF!,5)) -> 0 | H27: =+ROUND(G27*F27,3) -> 0
B28: =IF(A28=0,"",VLOOKUP(A28,#REF!,2)) | C28: =IF(A28=0,"",VLOOKUP(A28,#REF!,3)) | E28: =IF(A28=0,"",VLOOKUP(A28,#REF!,4)) | F28: =IF(A28=0,,VLOOKUP(A28,#REF!,5)) -> 0 | H28: =+ROUND(G28*F28,3) -> 0 | I28: ID | J28: {=_xlfn._xlws.FILTER(#REF!,#REF!='APU CAP 2 ITEM- 2.4'!J27,"")} -> #REF!
B29: =IF(A29=0,"",VLOOKUP(A29,#REF!,2)) | C29: =IF(A29=0,"",VLOOKUP(A29,#REF!,3)) | E29: =IF(A29=0,"",VLOOKUP(A29,#REF!,4)) | F29: =IF(A29=0,,VLOOKUP(A29,#REF!,5)) -> 0 | H29: =+ROUND(G29*F29,3) -> 0
B30: =IF(A30=0,"",VLOOKUP(A30,#REF!,2)) | C30: =IF(A30=0,"",VLOOKUP(A30,#REF!,3)) | E30: =IF(A30=0,"",VLOOKUP(A30,#REF!,4)) | F30: =IF(A30=0,,VLOOKUP(A30,#REF!,5)) -> 0 | H30: =+ROUND(G30*F30,3) -> 0
B31: =IF(A31=0,"",VLOOKUP(A31,#REF!,2)) | C31: =IF(A31=0,"",VLOOKUP(A31,#REF!,3)) | E31: =IF(A31=0,"",VLOOKUP(A31,#REF!,4)) | F31: =IF(A31=0,,VLOOKUP(A31,#REF!,5)) -> 0 | H31: =+ROUND(G31*F31,3) -> 0
B32: Subtotal Materiales en Obra | H32: =SUM(H23:H31) -> 0
Q33: MATERIALES
B34: III. TRANSPORTES
B35: CODIGO | C35: DESCRIPCIÓN | D35: UNIDAD | E35: CANT. (1) | F35: DISTANCIA (2) | G35: TARIFA | H35: VALOR UNITARIO
A36: 1 | B36: =IF(A36=0,"",VLOOKUP(A36,#REF!,2)) -> #REF! | C36: =IF(A36=0,"",VLOOKUP(A36,#REF!,3)) -> #REF! | D36: =IF(A36=0,"",VLOOKUP(A36,#REF!,4)) -> #REF! | G36: =IF(A36=0,,VLOOKUP(A36,#REF!,5)) -> #REF! | H36: =+ROUND(E36*F36*G36,3) -> #REF! | Q36: {=_xlfn._xlws.FILTER(#REF!,ISNUMBER(FIND(J39,#REF!)),"NO ENCONTRADO")} -> #REF!
B37: =IF(A37=0,"",VLOOKUP(A37,#REF!,2)) | C37: =IF(A37=0,"",VLOOKUP(A37,#REF!,3)) | D37: =IF(A37=0,"",VLOOKUP(A37,#REF!,4)) | G37: =IF(A37=0,,VLOOKUP(A37,#REF!,5)) -> 0 | H37: =+ROUND(E37*F37*G37,3) -> 0
B38: =IF(A38=0,"",VLOOKUP(A38,#REF!,2)) | C38: =IF(A38=0,"",VLOOKUP(A38,#REF!,3)) | D38: =IF(A38=0,"",VLOOKUP(A38,#REF!,4)) | G38: =IF(A38=0,,VLOOKUP(A38,#REF!,5)) -> 0 | H38: =+ROUND(E38*F38*G38,3) -> 0
B39: =IF(A39=0,"",VLOOKUP(A39,#REF!,2)) | C39: =IF(A39=0,"",VLOOKUP(A39,#REF!,3)) | D39: =IF(A39=0,"",VLOOKUP(A39,#REF!,4)) | G39: =IF(A39=0,,VLOOKUP(A39,#REF!,5)) -> 0 | H39: =+ROUND(E39*F39*G39,3) -> 0 | I39: EQUIPO: | J39: Transporte de acero
B40: =IF(A40=0,"",VLOOKUP(A40,#REF!,2)) | C40: =IF(A40=0,"",VLOOKUP(A40,#REF!,3)) | D40: =IF(A40=0,"",VLOOKUP(A40,#REF!,4)) | G40: =IF(A40=0,,VLOOKUP(A40,#REF!,5)) -> 0 | H40: =+ROUND(E40*F40*G40,3) -> 0 | I40: ID | J40: {=_xlfn._xlws.FILTER(#REF!,#REF!='APU CAP 2 ITEM- 2.4'!J39,"")} -> #REF! | K40: {=_xlfn._xlws.FILTER(#REF!,#REF!='APU CAP 2 ITEM- 2.4'!J39,"")} -> #REF!
B41: Subtotal transportes | H41: =SUM(H36:H40) -> #REF!
B43: IV. MANO DE OBRA
B44: CODIGO | C44: DESCRIPCIÓN | D44: JORNAL | E44: % PRE. | F44: JORNAL TOTAL | G44: RENDIMIENTO | H44: VALOR UNITARIO
A45: 2 | C45: =IF(A45=0,"",VLOOKUP(A45,#REF!,2)) -> #REF! | D45: =IF(A45=0,"",VLOOKUP(A45,#REF!,3)) -> #REF! | E45: =IF(A45=0,,0.85) -> 0.85 | F45: =IF(A45=0,"",VLOOKUP(A45,#REF!,6)) -> #REF! | H45: =IF(AND(E45>0,F45>0,G45>0),ROUND(F45/G45,3),0) -> #REF!
E46: =IF(A46=0,,0.85) -> 0 | H46: =IF(AND(E46>0,F46>0,G46>0),ROUND(F46/G46,3),0) -> 0
E47: =IF(A47=0,,0.85) -> 0 | H47: =IF(AND(E47>0,F47>0,G47>0),ROUND(F47/G47,3),0) -> 0 | I47: EQUIPO: | J47: Cuadrilla AA 1 Ay
E48: =IF(A48=0,,0.85) -> 0 | H48: =IF(AND(E48>0,F48>0,G48>0),ROUND(F48/G48,3),0) -> 0 | I48: ID | J48: {=_xlfn._xlws.FILTER(#REF!,#REF!='APU CAP 2 ITEM- 2.4'!J47,"")} -> #REF!
B49: Subtotal mano de obra | H49: =ROUND(SUM(H45:H48),0) -> #REF!
B51: V. COSTOS DIRECTOS | H51: =+ROUND(H49+H32+H41+H19,0) -> #REF!

Sheet APU CAP 2 ITEM- 2.5
B2: ANÁLISIS DE PRECIO UNITARIO
B3: =CONCATENATE("PROYECTO: ",'PRESUPUESTO '!E5) -> PROYECTO: RECUPERACION Y CONSERVACIÓN DE ÁREAS DE IMPORTANCIA ESTRATEGICA DE LA ZONA DE INFLUENCIA DEL COMPLEJO CENAGOSO DE CASCALOA DE MAGANGUÉ, BOLÍVAR
B5: =_xlfn.CONCAT("CAPITULO ",K5) -> CAPITULO 2 | D5: =VLOOKUP(K5,'PRESUPUESTO '!B12:K26,2) -> EXPLANACIONES | H5: UNIDAD: | J5: CAPITULO | K5: ='PRESUPUESTO '!B17 -> 2
B6: =_xlfn.CONCAT("ÍTEM ",K6) -> #REF! | D6: =VLOOKUP(K6,'PRESUPUESTO '!B12:K26,5) -> #REF! | H6: =VLOOKUP(K6,'PRESUPUESTO '!B12:K26,6) -> #REF! | J6: ITEM | K6: ='PRESUPUESTO '!#REF! -> #REF! | O6: EQUIPOS
B9: I. EQUIPO | I9: EQUIPO: | J9: Astilladora de madera para triturar, potencia aproximada 75 HP | O9: {=_xlfn._xlws.FILTER(#REF!,ISNUMBER(FIND(J9,#REF!)),"NO ENCONTRADO")} -> #REF!
B10: CODIGO | C10: DESCRIPCIÓN | E10: TIPO | F10: TARIFA/HORAD | G10: RENDIMIENTO | H10: VALOR UNITARIO | I10: ID | J10: {=_xlfn._xlws.FILTER(#REF!,#REF!='APU CAP 2 ITEM- 2.5'!J9,"")} -> #REF!
B11: =IF(A11=0,"",VLOOKUP(A11,#REF!,2)) | C11: =IF(A11=0,"",VLOOKUP(A11,#REF!,3)) | F11: =IF(A11=0,,VLOOKUP(A11,#REF!,5)) -> 0 | H11: =+ROUND(F11*G11,3) -> 0
B12: =IF(A12=0,"",VLOOKUP(A12,#REF!,2)) | C12: =IF(A12=0,"",VLOOKUP(A12,#REF!,3)) | F12: =IF(A12=0,,VLOOKUP(A12,#REF!,5)) -> 0 | H12: =+ROUND(F12*G12,3) -> 0
B13: =IF(A13=0,"",VLOOKUP(A13,#REF!,2)) | C13: =IF(A13=0,"",VLOOKUP(A13,#REF!,3)) | F13: =IF(A13=0,,VLOOKUP(A13,#REF!,5)) -> 0 | H13: =+ROUND(F13*G13,3) -> 0
B14: =IF(A14=0,"",VLOOKUP(A14,#REF!,2)) | C14: =IF(A14=0,"",VLOOKUP(A14,#REF!,3)) | F14: =IF(A14=0,,VLOOKUP(A14,#REF!,5)) -> 0 | H14: =+ROUND(F14*G14,3) -> 0
B15: =IF(A15=0,"",VLOOKUP(A15,#REF!,2)) | C15: =IF(A15=0,"",VLOOKUP(A15,#REF!,3)) | F15: =IF(A15=0,,VLOOKUP(A15,#REF!,5)) -> 0 | H15: =+ROUND(F15*G15,3) -> 0
B16: =IF(A16=0,"",VLOOKUP(A16,#REF!,2)) | C16: =IF(A16=0,"",VLOOKUP(A16,#REF!,3)) | F16: =IF(A16=0,,VLOOKUP(A16,#REF!,5)) -> 0 | H16: =+ROUND(F16*G16,3) -> 0
B17: =IF(A17=0,"",VLOOKUP(A17,#REF!,2)) | C17: =IF(A17=0,"",VLOOKUP(A17,#REF!,3)) | F17: =IF(A17=0,,VLOOKUP(A17,#REF!,5)) -> 0 | H17: =+ROUND(F17*G17,3) -> 0
B18: =IF(A18=0,"",VLOOKUP(A18,#REF!,2)) | C18: =IF(A18=0,"",VLOOKUP(A18,#REF!,3)) | F18: =IF(A18=0,,VLOOKUP(A18,#REF!,5)) -> 0 | H18: =+ROUND(F18*G18,3) -> 0
B19: Subtotal Equipo | H19: =SUM(H11:H18) -> 0
B21: II. MATERIALES EN OBRA | P21: MATERIALES
B22: CODIGO | C22: DESCRIPCIÓN | E22: UNIDAD | F22: VALOR UNITARIO | G22: CANTIDAD | H22: VALOR UNITARIO
B23: =IF(A23=0,"",VLOOKUP(A23,#REF!,2)) | C23: =IF(A23=0,"",VLOOKUP(A23,#REF!,3)) | E23: =IF(A23=0,"",VLOOKUP(A23,#REF!,4)) | F23: =IF(A23=0,,VLOOKUP(A23,#REF!,5)) -> 0 | H23: =+ROUND(G23*F23,3) -> 0
B24: =IF(A24=0,"",VLOOKUP(A24,#REF!,2)) | C24: =IF(A24=0,"",VLOOKUP(A24,#REF!,3)) | E24: =IF(A24=0,"",VLOOKUP(A24,#REF!,4)) | F24: =IF(A24=0,,VLOOKUP(A24,#REF!,5)) -> 0 | H24: =+ROUND(G24*F24,3) -> 0 | P24: {=_xlfn._xlws.FILTER(#REF!,ISNUMBER(FIND(J25,#REF!)),"NO ENCONTRADO")} -> #REF!
B25: =IF(A25=0,"",VLOOKUP(A25,#REF!,2)) | C25: =IF(A25=0,"",VLOOKUP(A25,#REF!,3)) | E25: =IF(A25=0,"",VLOOKUP(A25,#REF!,4)) | F25: =IF(A25=0,,VLOOKUP(A25,#REF!,5)) -> 0 | H25: =+ROUND(G25*F25,3) -> 0 | I25: EQUIPO: | J25: Acero A-37
B26: =IF(A26=0,"",VLOOKUP(A26,#REF!,2)) | C26: =IF(A26=0,"",VLOOKUP(A26,#REF!,3)) | E26: =IF(A26=0,"",VLOOKUP(A26,#REF!,4)) | F26: =IF(A26=0,,VLOOKUP(A26,#REF!,5)) -> 0 | H26: =+ROUND(G26*F26,3) -> 0 | I26: ID | J26: {=_xlfn._xlws.FILTER(#REF!,#REF!='APU CAP 2 ITEM- 2.5'!J25,"")} -> #REF!
B27: =IF(A27=0,"",VLOOKUP(A27,#REF!,2)) | C27: =IF(A27=0,"",VLOOKUP(A27,#REF!,3)) | E27: =IF(A27=0,"",VLOOKUP(A27,#REF!,4)) | F27: =IF(A27=0,,VLOOKUP(A27,#REF!,5)) -> 0 | H27: =+ROUND(G27*F27,3) -> 0
B28: =IF(A28=0,"",VLOOKUP(A28,#REF!,2)) | C28: =IF(A28=0,"",VLOOKUP(A28,#REF!,3)) | E28: =IF(A28=0,"",VLOOKUP(A28,#REF!,4)) | F28: =IF(A28=0,,VLOOKUP(A28,#REF!,5)) -> 0 | H28: =+ROUND(G28*F28,3) -> 0 | I28: ID | J28: {=_xlfn._xlws.FILTER(#REF!,#REF!='APU CAP 2 ITEM- 2.5'!J27,"")} -> #REF!
B29: =IF(A29=0,"",VLOOKUP(A29,#REF!,2)) | C29: =IF(A29=0,"",VLOOKUP(A29,#REF!,3)) | E29: =IF(A29=0,"",VLOOKUP(A29,#REF!,4)) | F29: =IF(A29=0,,VLOOKUP(A29,#REF!,5)) -> 0 | H29: =+ROUND(G29*F29,3) -> 0
B30: =IF(A30=0,"",VLOOKUP(A30,#REF!,2)) | C30: =IF(A30=0,"",VLOOKUP(A30,#REF!,3)) | E30: =IF(A30=0,"",VLOOKUP(A30,#REF!,4)) | F30: =IF(A30=0,,VLOOKUP(A30,#REF!,5)) -> 0 | H30: =+ROUND(G30*F30,3) -> 0
B31: =IF(A31=0,"",VLOOKUP(A31,#REF!,2)) | C31: =IF(A31=0,"",VLOOKUP(A31,#REF!,3)) | E31: =IF(A31=0,"",VLOOKUP(A31,#REF!,4)) | F31: =IF(A31=0,,VLOOKUP(A31,#REF!,5)) -> 0 | H31: =+ROUND(G31*F31,3) -> 0
B32: Subtotal Materiales en Obra | H32: =SUM(H23:H31) -> 0
Q33: MATERIALES
B34: III. TRANSPORTES
B35: CODIGO | C35: DESCRIPCIÓN | D35: UNIDAD | E35: CANT. (1) | F35: DISTANCIA (2) | G35: TARIFA | H35: VALOR UNITARIO
A36: 1 | B36: =IF(A36=0,"",VLOOKUP(A36,#REF!,2)) -> #REF! | C36: =IF(A36=0,"",VLOOKUP(A36,#REF!,3)) -> #REF! | D36: =IF(A36=0,"",VLOOKUP(A36,#REF!,4)) -> #REF! | G36: =IF(A36=0,,VLOOKUP(A36,#REF!,5)) -> #REF! | H36: =+ROUND(E36*F36*G36,3) -> #REF! | Q36: {=_xlfn._xlws.FILTER(#REF!,ISNUMBER(FIND(J39,#REF!)),"NO ENCONTRADO")} -> #REF!
B37: =IF(A37=0,"",VLOOKUP(A37,#REF!,2)) | C37: =IF(A37=0,"",VLOOKUP(A37,#REF!,3)) | D37: =IF(A37=0,"",VLOOKUP(A37,#REF!,4)) | G37: =IF(A37=0,,VLOOKUP(A37,#REF!,5)) -> 0 | H37: =+ROUND(E37*F37*G37,3) -> 0
B38: =IF(A38=0,"",VLOOKUP(A38,#REF!,2)) | C38: =IF(A38=0,"",VLOOKUP(A38,#REF!,3)) | D38: =IF(A38=0,"",VLOOKUP(A38,#REF!,4)) | G38: =IF(A38=0,,VLOOKUP(A38,#REF!,5)) -> 0 | H38: =+ROUND(E38*F38*G38,3) -> 0
B39: =IF(A39=0,"",VLOOKUP(A39,#REF!,2)) | C39: =IF(A39=0,"",VLOOKUP(A39,#REF!,3)) | D39: =IF(A39=0,"",VLOOKUP(A39,#REF!,4)) | G39: =IF(A39=0,,VLOOKUP(A39,#REF!,5)) -> 0 | H39: =+ROUND(E39*F39*G39,3) -> 0 | I39: EQUIPO: | J39: Transporte de acero
B40: =IF(A40=0,"",VLOOKUP(A40,#REF!,2)) | C40: =IF(A40=0,"",VLOOKUP(A40,#REF!,3)) | D40: =IF(A40=0,"",VLOOKUP(A40,#REF!,4)) | G40: =IF(A40=0,,VLOOKUP(A40,#REF!,5)) -> 0 | H40: =+ROUND(E40*F40*G40,3) -> 0 | I40: ID | J40: {=_xlfn._xlws.FILTER(#REF!,#REF!='APU CAP 2 ITEM- 2.5'!J39,"")} -> #REF! | K40: {=_xlfn._xlws.FILTER(#REF!,#REF!='APU CAP 2 ITEM- 2.5'!J39,"")} -> #REF!
B41: Subtotal transportes | H41: =SUM(H36:H40) -> #REF!
B43: IV. MANO DE OBRA
B44: CODIGO | C44: DESCRIPCIÓN | D44: JORNAL | E44: % PRE. | F44: JORNAL TOTAL | G44: RENDIMIENTO | H44: VALOR UNITARIO
A45: 2 | C45: =IF(A45=0,"",VLOOKUP(A45,#REF!,2)) -> #REF! | D45: =IF(A45=0,"",VLOOKUP(A45,#REF!,3)) -> #REF! | E45: =IF(A45=0,,0.85) -> 0.85 | F45: =IF(A45=0,"",VLOOKUP(A45,#REF!,6)) -> #REF! | H45: =IF(AND(E45>0,F45>0,G45>0),ROUND(F45/G45,3),0) -> #REF!
E46: =IF(A46=0,,0.85) -> 0 | H46: =IF(AND(E46>0,F46>0,G46>0),ROUND(F46/G46,3),0) -> 0
E47: =IF(A47=0,,0.85) -> 0 | H47: =IF(AND(E47>0,F47>0,G47>0),ROUND(F47/G47,3),0) -> 0 | I47: EQUIPO: | J47: Cuadrilla AA 1 Ay
E48: =IF(A48=0,,0.85) -> 0 | H48: =IF(AND(E48>0,F48>0,G48>0),ROUND(F48/G48,3),0) -> 0 | I48: ID | J48: {=_xlfn._xlws.FILTER(#REF!,#REF!='APU CAP 2 ITEM- 2.5'!J47,"")} -> #REF!
B49: Subtotal mano de obra | H49: =ROUND(SUM(H45:H48),0) -> #REF!
B51: V. COSTOS DIRECTOS | H51: =+ROUND(H49+H32+H41+H19,0) -> #REF!

Sheet APU CAP 2 ITEM- 2.6
B2: ANÁLISIS DE PRECIO UNITARIO
B3: =CONCATENATE("PROYECTO: ",'PRESUPUESTO '!E5) -> PROYECTO: RECUPERACION Y CONSERVACIÓN DE ÁREAS DE IMPORTANCIA ESTRATEGICA DE LA ZONA DE INFLUENCIA DEL COMPLEJO CENAGOSO DE CASCALOA DE MAGANGUÉ, BOLÍVAR
B5: =_xlfn.CONCAT("CAPITULO ",K5) -> CAPITULO 2 | D5: =VLOOKUP(K5,'PRESUPUESTO '!B12:K26,2) -> EXPLANACIONES | H5: UNIDAD: | J5: CAPITULO | K5: ='PRESUPUESTO '!B17 -> 2
B6: =_xlfn.CONCAT("ÍTEM ",K6) -> #REF! | D6: =VLOOKUP(K6,'PRESUPUESTO '!B12:K26,5) -> #REF! | H6: =VLOOKUP(K6,'PRESUPUESTO '!B12:K26,6) -> #REF! | J6: ITEM | K6: ='PRESUPUESTO '!#REF! -> #REF! | O6: EQUIPOS
B9: I. EQUIPO | I9: EQUIPO: | J9: Astilladora de madera para triturar, potencia aproximada 75 HP | O9: {=_xlfn._xlws.FILTER(#REF!,ISNUMBER(FIND(J9,#REF!)),"NO ENCONTRADO")} -> #REF!
B10: CODIGO | C10: DESCRIPCIÓN | E10: TIPO | F10: TARIFA/HORAD | G10: RENDIMIENTO | H10: VALOR UNITARIO | I10: ID | J10: {=_xlfn._xlws.FILTER(#REF!,#REF!='APU CAP 2 ITEM- 2.6'!J9,"")} -> #REF!
B11: =IF(A11=0,"",VLOOKUP(A11,#REF!,2)) | C11: =IF(A11=0,"",VLOOKUP(A11,#REF!,3)) | F11: =IF(A11=0,,VLOOKUP(A11,#REF!,5)) -> 0 | H11: =+ROUND(F11*G11,3) -> 0
B12: =IF(A12=0,"",VLOOKUP(A12,#REF!,2)) | C12: =IF(A12=0,"",VLOOKUP(A12,#REF!,3)) | F12: =IF(A12=0,,VLOOKUP(A12,#REF!,5)) -> 0 | H12: =+ROUND(F12*G12,3) -> 0
B13: =IF(A13=0,"",VLOOKUP(A13,#REF!,2)) | C13: =IF(A13=0,"",VLOOKUP(A13,#REF!,3)) | F13: =IF(A13=0,,VLOOKUP(A13,#REF!,5)) -> 0 | H13: =+ROUND(F13*G13,3) -> 0
B14: =IF(A14=0,"",VLOOKUP(A14,#REF!,2)) | C14: =IF(A14=0,"",VLOOKUP(A14,#REF!,3)) | F14: =IF(A14=0,,VLOOKUP(A14,#REF!,5)) -> 0 | H14: =+ROUND(F14*G14,3) -> 0
B15: =IF(A15=0,"",VLOOKUP(A15,#REF!,2)) | C15: =IF(A15=0,"",VLOOKUP(A15,#REF!,3)) | F15: =IF(A15=0,,VLOOKUP(A15,#REF!,5)) -> 0 | H15: =+ROUND(F15*G15,3) -> 0
B16: =IF(A16=0,"",VLOOKUP(A16,#REF!,2)) | C16: =IF(A16=0,"",VLOOKUP(A16,#REF!,3)) | F16: =IF(A16=0,,VLOOKUP(A16,#REF!,5)) -> 0 | H16: =+ROUND(F16*G16,3) -> 0
B17: =IF(A17=0,"",VLOOKUP(A17,#REF!,2)) | C17: =IF(A17=0,"",VLOOKUP(A17,#REF!,3)) | F17: =IF(A17=0,,VLOOKUP(A17,#REF!,5)) -> 0 | H17: =+ROUND(F17*G17,3) -> 0
B18: =IF(A18=0,"",VLOOKUP(A18,#REF!,2)) | C18: =IF(A18=0,"",VLOOKUP(A18,#REF!,3)) | F18: =IF(A18=0,,VLOOKUP(A18,#REF!,5)) -> 0 | H18: =+ROUND(F18*G18,3) -> 0
B19: Subtotal Equipo | H19: =SUM(H11:H18) -> 0
B21: II. MATERIALES EN OBRA | P21: MATERIALES
B22: CODIGO | C22: DESCRIPCIÓN | E22: UNIDAD | F22: VALOR UNITARIO | G22: CANTIDAD | H22: VALOR UNITARIO
B23: =IF(A23=0,"",VLOOKUP(A23,#REF!,2)) | C23: =IF(A23=0,"",VLOOKUP(A23,#REF!,3)) | E23: =IF(A23=0,"",VLOOKUP(A23,#REF!,4)) | F23: =IF(A23=0,,VLOOKUP(A23,#REF!,5)) -> 0 | H23: =+ROUND(G23*F23,3) -> 0
B24: =IF(A24=0,"",VLOOKUP(A24,#REF!,2)) | C24: =IF(A24=0,"",VLOOKUP(A24,#REF!,3)) | E24: =IF(A24=0,"",VLOOKUP(A24,#REF!,4)) | F24: =IF(A24=0,,VLOOKUP(A24,#REF!,5)) -> 0 | H24: =+ROUND(G24*F24,3) -> 0 | P24: {=_xlfn._xlws.FILTER(#REF!,ISNUMBER(FIND(J25,#REF!)),"NO ENCONTRADO")} -> #REF!
B25: =IF(A25=0,"",VLOOKUP(A25,#REF!,2)) | C25: =IF(A25=0,"",VLOOKUP(A25,#REF!,3)) | E25: =IF(A25=0,"",VLOOKUP(A25,#REF!,4)) | F25: =IF(A25=0,,VLOOKUP(A25,#REF!,5)) -> 0 | H25: =+ROUND(G25*F25,3) -> 0 | I25: EQUIPO: | J25: Acero A-37
B26: =IF(A26=0,"",VLOOKUP(A26,#REF!,2)) | C26: =IF(A26=0,"",VLOOKUP(A26,#REF!,3)) | E26: =IF(A26=0,"",VLOOKUP(A26,#REF!,4)) | F26: =IF(A26=0,,VLOOKUP(A26,#REF!,5)) -> 0 | H26: =+ROUND(G26*F26,3) -> 0 | I26: ID | J26: {=_xlfn._xlws.FILTER(#REF!,#REF!='APU CAP 2 ITEM- 2.6'!J25,"")} -> #REF!
B27: =IF(A27=0,"",VLOOKUP(A27,#REF!,2)) | C27: =IF(A27=0,"",VLOOKUP(A27,#REF!,3)) | E27: =IF(A27=0,"",VLOOKUP(A27,#REF!,4)) | F27: =IF(A27=0,,VLOOKUP(A27,#REF!,5)) -> 0 | H27: =+ROUND(G27*F27,3) -> 0
B28: =IF(A28=0,"",VLOOKUP(A28,#REF!,2)) | C28: =IF(A28=0,"",VLOOKUP(A28,#REF!,3)) | E28: =IF(A28=0,"",VLOOKUP(A28,#REF!,4)) | F28: =IF(A28=0,,VLOOKUP(A28,#REF!,5)) -> 0 | H28: =+ROUND(G28*F28,3) -> 0 | I28: ID | J28: {=_xlfn._xlws.FILTER(#REF!,#REF!='APU CAP 2 ITEM- 2.6'!J27,"")} -> #REF!
B29: =IF(A29=0,"",VLOOKUP(A29,#REF!,2)) | C29: =IF(A29=0,"",VLOOKUP(A29,#REF!,3)) | E29: =IF(A29=0,"",VLOOKUP(A29,#REF!,4)) | F29: =IF(A29=0,,VLOOKUP(A29,#REF!,5)) -> 0 | H29: =+ROUND(G29*F29,3) -> 0
B30: =IF(A30=0,"",VLOOKUP(A30,#REF!,2)) | C30: =IF(A30=0,"",VLOOKUP(A30,#REF!,3)) | E30: =IF(A30=0,"",VLOOKUP(A30,#REF!,4)) | F30: =IF(A30=0,,VLOOKUP(A30,#REF!,5)) -> 0 | H30: =+ROUND(G30*F30,3) -> 0
B31: =IF(A31=0,"",VLOOKUP(A31,#REF!,2)) | C31: =IF(A31=0,"",VLOOKUP(A31,#REF!,3)) | E31: =IF(A31=0,"",VLOOKUP(A31,#REF!,4)) | F31: =IF(A31=0,,VLOOKUP(A31,#REF!,5)) -> 0 | H31: =+ROUND(G31*F31,3) -> 0
B32: Subtotal Materiales en Obra | H32: =SUM(H23:H31) -> 0
Q33: MATERIALES
B34: III. TRANSPORTES
B35: CODIGO | C35: DESCRIPCIÓN | D35: UNIDAD | E35: CANT. (1) | F35: DISTANCIA (2) | G35: TARIFA | H35: VALOR UNITARIO
A36: 1 | B36: =IF(A36=0,"",VLOOKUP(A36,#REF!,2)) -> #REF! | C36: =IF(A36=0,"",VLOOKUP(A36,#REF!,3)) -> #REF! | D36: =IF(A36=0,"",VLOOKUP(A36,#REF!,4)) -> #REF! | G36: =IF(A36=0,,VLOOKUP(A36,#REF!,5)) -> #REF! | H36: =+ROUND(E36*F36*G36,3) -> #REF! | Q36: {=_xlfn._xlws.FILTER(#REF!,ISNUMBER(FIND(J39,#REF!)),"NO ENCONTRADO")} -> #REF!
B37: =IF(A37=0,"",VLOOKUP(A37,#REF!,2)) | C37: =IF(A37=0,"",VLOOKUP(A37,#REF!,3)) | D37: =IF(A37=0,"",VLOOKUP(A37,#REF!,4)) | G37: =IF(A37=0,,VLOOKUP(A37,#REF!,5)) -> 0 | H37: =+ROUND(E37*F37*G37,3) -> 0
B38: =IF(A38=0,"",VLOOKUP(A38,#REF!,2)) | C38: =IF(A38=0,"",VLOOKUP(A38,#REF!,3)) | D38: =IF(A38=0,"",VLOOKUP(A38,#REF!,4)) | G38: =IF(A38=0,,VLOOKUP(A38,#REF!,5)) -> 0 | H38: =+ROUND(E38*F38*G38,3) -> 0
B39: =IF(A39=0,"",VLOOKUP(A39,#REF!,2)) | C39: =IF(A39=0,"",VLOOKUP(A39,#REF!,3)) | D39: =IF(A39=0,"",VLOOKUP(A39,#REF!,4)) | G39: =IF(A39=0,,VLOOKUP(A39,#REF!,5)) -> 0 | H39: =+ROUND(E39*F39*G39,3) -> 0 | I39: EQUIPO: | J39: Transporte de acero
B40: =IF(A40=0,"",VLOOKUP(A40,#REF!,2)) | C40: =IF(A40=0,"",VLOOKUP(A40,#REF!,3)) | D40: =IF(A40=0,"",VLOOKUP(A40,#REF!,4)) | G40: =IF(A40=0,,VLOOKUP(A40,#REF!,5)) -> 0 | H40: =+ROUND(E40*F40*G40,3) -> 0 | I40: ID | J40: {=_xlfn._xlws.FILTER(#REF!,#REF!='APU CAP 2 ITEM- 2.6'!J39,"")} -> #REF! | K40: {=_xlfn._xlws.FILTER(#REF!,#REF!='APU CAP 2 ITEM- 2.6'!J39,"")} -> #REF!
B41: Subtotal transportes | H41: =SUM(H36:H40) -> #REF!
B43: IV. MANO DE OBRA
B44: CODIGO | C44: DESCRIPCIÓN | D44: JORNAL | E44: % PRE. | F44: JORNAL TOTAL | G44: RENDIMIENTO | H44: VALOR UNITARIO
A45: 2 | C45: =IF(A45=0,"",VLOOKUP(A45,#REF!,2)) -> #REF! | D45: =IF(A45=0,"",VLOOKUP(A45,#REF!,3)) -> #REF! | E45: =IF(A45=0,,0.85) -> 0.85 | F45: =IF(A45=0,"",VLOOKUP(A45,#REF!,6)) -> #REF! | H45: =IF(AND(E45>0,F45>0,G45>0),ROUND(F45/G45,3),0) -> #REF!
E46: =IF(A46=0,,0.85) -> 0 | H46: =IF(AND(E46>0,F46>0,G46>0),ROUND(F46/G46,3),0) -> 0
E47: =IF(A47=0,,0.85) -> 0 | H47: =IF(AND(E47>0,F47>0,G47>0),ROUND(F47/G47,3),0) -> 0 | I47: EQUIPO: | J47: Cuadrilla AA 1 Ay
E48: =IF(A48=0,,0.85) -> 0 | H48: =IF(AND(E48>0,F48>0,G48>0),ROUND(F48/G48,3),0) -> 0 | I48: ID | J48: {=_xlfn._xlws.FILTER(#REF!,#REF!='APU CAP 2 ITEM- 2.6'!J47,"")} -> #REF!
B49: Subtotal mano de obra | H49: =ROUND(SUM(H45:H48),0) -> #REF!
B51: V. COSTOS DIRECTOS | H51: =+ROUND(H49+H32+H41+H19,0) -> #REF!

Sheet APU CAP 3 ITEM- 3.2
B2: ANÁLISIS DE PRECIO UNITARIO
B3: =CONCATENATE("PROYECTO: ",'PRESUPUESTO '!E5) -> PROYECTO: RECUPERACION Y CONSERVACIÓN DE ÁREAS DE IMPORTANCIA ESTRATEGICA DE LA ZONA DE INFLUENCIA DEL COMPLEJO CENAGOSO DE CASCALOA DE MAGANGUÉ, BOLÍVAR
B5: =_xlfn.CONCAT("CAPITULO ",K5) -> CAPITULO 3 | D5: =VLOOKUP(K5,'PRESUPUESTO '!B12:K26,2) -> SUBBASE,BASE Y AFIRMADOS | H5: UNIDAD: | J5: CAPITULO | K5: ='PRESUPUESTO '!B23 -> 3
B6: =_xlfn.CONCAT("ÍTEM ",K6) -> #REF! | D6: =VLOOKUP(K6,'PRESUPUESTO '!B12:K26,5) -> #REF! | H6: =VLOOKUP(K6,'PRESUPUESTO '!B12:K26,6) -> #REF! | J6: ITEM | K6: ='PRESUPUESTO '!#REF! -> #REF! | O6: EQUIPOS
B9: I. EQUIPO | I9: EQUIPO: | J9: Astilladora de madera para triturar, potencia aproximada 75 HP | O9: {=_xlfn._xlws.FILTER(#REF!,ISNUMBER(FIND(J9,#REF!)),"NO ENCONTRADO")} -> #REF!
B10: CODIGO | C10: DESCRIPCIÓN | E10: TIPO | F10: TARIFA/HORAD | G10: RENDIMIENTO | H10: VALOR UNITARIO | I10: ID | J10: {=_xlfn._xlws.FILTER(#REF!,#REF!='APU CAP 3 ITEM- 3.2'!J9,"")} -> #REF!
B11: =IF(A11=0,"",VLOOKUP(A11,#REF!,2)) | C11: =IF(A11=0,"",VLOOKUP(A11,#REF!,3)) | F11: =IF(A11=0,,VLOOKUP(A11,#REF!,5)) -> 0 | H11: =+ROUND(F11*G11,3) -> 0
B12: =IF(A12=0,"",VLOOKUP(A12,#REF!,2)) | C12: =IF(A12=0,"",VLOOKUP(A12,#REF!,3)) | F12: =IF(A12=0,,VLOOKUP(A12,#REF!,5)) -> 0 | H12: =+ROUND(F12*G12,3) -> 0
B13: =IF(A13=0,"",VLOOKUP(A13,#REF!,2)) | C13: =IF(A13=0,"",VLOOKUP(A13,#REF!,3)) | F13: =IF(A13=0,,VLOOKUP(A13,#REF!,5)) -> 0 | H13: =+ROUND(F13*G13,3) -> 0
B14: =IF(A14=0,"",VLOOKUP(A14,#REF!,2)) | C14: =IF(A14=0,"",VLOOKUP(A14,#REF!,3)) | F14: =IF(A14=0,,VLOOKUP(A14,#REF!,5)) -> 0 | H14: =+ROUND(F14*G14,3) -> 0
B15: =IF(A15=0,"",VLOOKUP(A15,#REF!,2)) | C15: =IF(A15=0,"",VLOOKUP(A15,#REF!,3)) | F15: =IF(A15=0,,VLOOKUP(A15,#REF!,5)) -> 0 | H15: =+ROUND(F15*G15,3) -> 0
B16: =IF(A16=0,"",VLOOKUP(A16,#REF!,2)) | C16: =IF(A16=0,"",VLOOKUP(A16,#REF!,3)) | F16: =IF(A16=0,,VLOOKUP(A16,#REF!,5)) -> 0 | H16: =+ROUND(F16*G16,3) -> 0
B17: =IF(A17=0,"",VLOOKUP(A17,#REF!,2)) | C17: =IF(A17=0,"",VLOOKUP(A17,#REF!,3)) | F17: =IF(A17=0,,VLOOKUP(A17,#REF!,5)) -> 0 | H17: =+ROUND(F17*G17,3) -> 0
B18: =IF(A18=0,"",VLOOKUP(A18,#REF!,2)) | C18: =IF(A18=0,"",VLOOKUP(A18,#REF!,3)) | F18: =IF(A18=0,,VLOOKUP(A18,#REF!,5)) -> 0 | H18: =+ROUND(F18*G18,3) -> 0
B19: Subtotal Equipo | H19: =SUM(H11:H18) -> 0
B21: II. MATERIALES EN OBRA | P21: MATERIALES
B22: CODIGO | C22: DESCRIPCIÓN | E22: UNIDAD | F22: VALOR UNITARIO | G22: CANTIDAD | H22: VALOR UNITARIO
B23: =IF(A23=0,"",VLOOKUP(A23,#REF!,2)) | C23: =IF(A23=0,"",VLOOKUP(A23,#REF!,3)) | E23: =IF(A23=0,"",VLOOKUP(A23,#REF!,4)) | F23: =IF(A23=0,,VLOOKUP(A23,#REF!,5)) -> 0 | H23: =+ROUND(G23*F23,3) -> 0
B24: =IF(A24=0,"",VLOOKUP(A24,#REF!,2)) | C24: =IF(A24=0,"",VLOOKUP(A24,#REF!,3)) | E24: =IF(A24=0,"",VLOOKUP(A24,#REF!,4)) | F24: =IF(A24=0,,VLOOKUP(A24,#REF!,5)) -> 0 | H24: =+ROUND(G24*F24,3) -> 0 | P24: {=_xlfn._xlws.FILTER(#REF!,ISNUMBER(FIND(J25,#REF!)),"NO ENCONTRADO")} -> #REF!
B25: =IF(A25=0,"",VLOOKUP(A25,#REF!,2)) | C25: =IF(A25=0,"",VLOOKUP(A25,#REF!,3)) | E25: =IF(A25=0,"",VLOOKUP(A25,#REF!,4)) | F25: =IF(A25=0,,VLOOKUP(A25,#REF!,5)) -> 0 | H25: =+ROUND(G25*F25,3) -> 0 | I25: EQUIPO: | J25: Acero A-37
B26: =IF(A26=0,"",VLOOKUP(A26,#REF!,2)) | C26: =IF(A26=0,"",VLOOKUP(A26,#REF!,3)) | E26: =IF(A26=0,"",VLOOKUP(A26,#REF!,4)) | F26: =IF(A26=0,,VLOOKUP(A26,#REF!,5)) -> 0 | H26: =+ROUND(G26*F26,3) -> 0 | I26: ID | J26: {=_xlfn._xlws.FILTER(#REF!,#REF!='APU CAP 3 ITEM- 3.2'!J25,"")} -> #REF!
B27: =IF(A27=0,"",VLOOKUP(A27,#REF!,2)) | C27: =IF(A27=0,"",VLOOKUP(A27,#REF!,3)) | E27: =IF(A27=0,"",VLOOKUP(A27,#REF!,4)) | F27: =IF(A27=0,,VLOOKUP(A27,#REF!,5)) -> 0 | H27: =+ROUND(G27*F27,3) -> 0
B28: =IF(A28=0,"",VLOOKUP(A28,#REF!,2)) | C28: =IF(A28=0,"",VLOOKUP(A28,#REF!,3)) | E28: =IF(A28=0,"",VLOOKUP(A28,#REF!,4)) | F28: =IF(A28=0,,VLOOKUP(A28,#REF!,5)) -> 0 | H28: =+ROUND(G28*F28,3) -> 0 | I28: ID | J28: {=_xlfn._xlws.FILTER(#REF!,#REF!='APU CAP 3 ITEM- 3.2'!J27,"")} -> #REF!
B29: =IF(A29=0,"",VLOOKUP(A29,#REF!,2)) | C29: =IF(A29=0,"",VLOOKUP(A29,#REF!,3)) | E29: =IF(A29=0,"",VLOOKUP(A29,#REF!,4)) | F29: =IF(A29=0,,VLOOKUP(A29,#REF!,5)) -> 0 | H29: =+ROUND(G29*F29,3) -> 0
B30: =IF(A30=0,"",VLOOKUP(A30,#REF!,2)) | C30: =IF(A30=0,"",VLOOKUP(A30,#REF!,3)) | E30: =IF(A30=0,"",VLOOKUP(A30,#REF!,4)) | F30: =IF(A30=0,,VLOOKUP(A30,#REF!,5)) -> 0 | H30: =+ROUND(G30*F30,3) -> 0
B31: =IF(A31=0,"",VLOOKUP(A31,#REF!,2)) | C31: =IF(A31=0,"",VLOOKUP(A31,#REF!,3)) | E31: =IF(A31=0,"",VLOOKUP(A31,#REF!,4)) | F31: =IF(A31=0,,VLOOKUP(A31,#REF!,5)) -> 0 | H31: =+ROUND(G31*F31,3) -> 0
B32: Subtotal Materiales en Obra | H32: =SUM(H23:H31) -> 0
Q33: MATERIALES
B34: III. TRANSPORTES
B35: CODIGO | C35: DESCRIPCIÓN | D35: UNIDAD | E35: CANT. (1) | F35: DISTANCIA (2) | G35: TARIFA | H35: VALOR UNITARIO
A36: 1 | B36: =IF(A36=0,"",VLOOKUP(A36,#REF!,2)) -> #REF! | C36: =IF(A36=0,"",VLOOKUP(A36,#REF!,3)) -> #REF! | D36: =IF(A36=0,"",VLOOKUP(A36,#REF!,4)) -> #REF! | G36: =IF(A36=0,,VLOOKUP(A36,#REF!,5)) -> #REF! | H36: =+ROUND(E36*F36*G36,3) -> #REF! | Q36: {=_xlfn._xlws.FILTER(#REF!,ISNUMBER(FIND(J39,#REF!)),"NO ENCONTRADO")} -> #REF!
B37: =IF(A37=0,"",VLOOKUP(A37,#REF!,2)) | C37: =IF(A37=0,"",VLOOKUP(A37,#REF!,3)) | D37: =IF(A37=0,"",VLOOKUP(A37,#REF!,4)) | G37: =IF(A37=0,,VLOOKUP(A37,#REF!,5)) -> 0 | H37: =+ROUND(E37*F37*G37,3) -> 0
B38: =IF(A38=0,"",VLOOKUP(A38,#REF!,2)) | C38: =IF(A38=0,"",VLOOKUP(A38,#REF!,3)) | D38: =IF(A38=0,"",VLOOKUP(A38,#REF!,4)) | G38: =IF(A38=0,,VLOOKUP(A38,#REF!,5)) -> 0 | H38: =+ROUND(E38*F38*G38,3) -> 0
B39: =IF(A39=0,"",VLOOKUP(A39,#REF!,2)) | C39: =IF(A39=0,"",VLOOKUP(A39,#REF!,3)) | D39: =IF(A39=0,"",VLOOKUP(A39,#REF!,4)) | G39: =IF(A39=0,,VLOOKUP(A39,#REF!,5)) -> 0 | H39: =+ROUND(E39*F39*G39,3) -> 0 | I39: EQUIPO: | J39: Transporte de acero
B40: =IF(A40=0,"",VLOOKUP(A40,#REF!,2)) | C40: =IF(A40=0,"",VLOOKUP(A40,#REF!,3)) | D40: =IF(A40=0,"",VLOOKUP(A40,#REF!,4)) | G40: =IF(A40=0,,VLOOKUP(A40,#REF!,5)) -> 0 | H40: =+ROUND(E40*F40*G40,3) -> 0 | I40: ID | J40: {=_xlfn._xlws.FILTER(#REF!,#REF!='APU CAP 3 ITEM- 3.2'!J39,"")} -> #REF! | K40: {=_xlfn._xlws.FILTER(#REF!,#REF!='APU CAP 3 ITEM- 3.2'!J39,"")} -> #REF!
B41: Subtotal transportes | H41: =SUM(H36:H40) -> #REF!
B43: IV. MANO DE OBRA
B44: CODIGO | C44: DESCRIPCIÓN | D44: JORNAL | E44: % PRE. | F44: JORNAL TOTAL | G44: RENDIMIENTO | H44: VALOR UNITARIO
A45: 2 | C45: =IF(A45=0,"",VLOOKUP(A45,#REF!,2)) -> #REF! | D45: =IF(A45=0,"",VLOOKUP(A45,#REF!,3)) -> #REF! | E45: =IF(A45=0,,0.85) -> 0.85 | F45: =IF(A45=0,"",VLOOKUP(A45,#REF!,6)) -> #REF! | H45: =IF(AND(E45>0,F45>0,G45>0),ROUND(F45/G45,3),0) -> #REF!
E46: =IF(A46=0,,0.85) -> 0 | H46: =IF(AND(E46>0,F46>0,G46>0),ROUND(F46/G46,3),0) -> 0
E47: =IF(A47=0,,0.85) -> 0 | H47: =IF(AND(E47>0,F47>0,G47>0),ROUND(F47/G47,3),0) -> 0 | I47: EQUIPO: | J47: Cuadrilla AA 1 Ay
E48: =IF(A48=0,,0.85) -> 0 | H48: =IF(AND(E48>0,F48>0,G48>0),ROUND(F48/G48,3),0) -> 0 | I48: ID | J48: {=_xlfn._xlws.FILTER(#REF!,#REF!='APU CAP 3 ITEM- 3.2'!J47,"")} -> #REF!
B49: Subtotal mano de obra | H49: =ROUND(SUM(H45:H48),0) -> #REF!
B51: V. COSTOS DIRECTOS | H51: =+ROUND(H49+H32+H41+H19,0) -> #REF!

Sheet APU CAP 3 ITEM- 3.3
B2: ANÁLISIS DE PRECIO UNITARIO
B3: =CONCATENATE("PROYECTO: ",'PRESUPUESTO '!E5) -> PROYECTO: RECUPERACION Y CONSERVACIÓN DE ÁREAS DE IMPORTANCIA ESTRATEGICA DE LA ZONA DE INFLUENCIA DEL COMPLEJO CENAGOSO DE CASCALOA DE MAGANGUÉ, BOLÍVAR
B5: =_xlfn.CONCAT("CAPITULO ",K5) -> CAPITULO 3 | D5: =VLOOKUP(K5,'PRESUPUESTO '!B12:K26,2) -> SUBBASE,BASE Y AFIRMADOS | H5: UNIDAD: | J5: CAPITULO | K5: ='PRESUPUESTO '!B23 -> 3
B6: =_xlfn.CONCAT("ÍTEM ",K6) -> #REF! | D6: =VLOOKUP(K6,'PRESUPUESTO '!B12:K26,5) -> #REF! | H6: =VLOOKUP(K6,'PRESUPUESTO '!B12:K26,6) -> #REF! | J6: ITEM | K6: ='PRESUPUESTO '!#REF! -> #REF! | O6: EQUIPOS
B9: I. EQUIPO | I9: EQUIPO: | J9: Astilladora de madera para triturar, potencia aproximada 75 HP | O9: {=_xlfn._xlws.FILTER(#REF!,ISNUMBER(FIND(J9,#REF!)),"NO ENCONTRADO")} -> #REF!
B10: CODIGO | C10: DESCRIPCIÓN | E10: TIPO | F10: TARIFA/HORAD | G10: RENDIMIENTO | H10: VALOR UNITARIO | I10: ID | J10: {=_xlfn._xlws.FILTER(#REF!,#REF!='APU CAP 3 ITEM- 3.3'!J9,"")} -> #REF!
B11: =IF(A11=0,"",VLOOKUP(A11,#REF!,2)) | C11: =IF(A11=0,"",VLOOKUP(A11,#REF!,3)) | F11: =IF(A11=0,,VLOOKUP(A11,#REF!,5)) -> 0 | H11: =+ROUND(F11*G11,3) -> 0
B12: =IF(A12=0,"",VLOOKUP(A12,#REF!,2)) | C12: =IF(A12=0,"",VLOOKUP(A12,#REF!,3)) | F12: =IF(A12=0,,VLOOKUP(A12,#REF!,5)) -> 0 | H12: =+ROUND(F12*G12,3) -> 0
B13: =IF(A13=0,"",VLOOKUP(A13,#REF!,2)) | C13: =IF(A13=0,"",VLOOKUP(A13,#REF!,3)) | F13: =IF(A13=0,,VLOOKUP(A13,#REF!,5)) -> 0 | H13: =+ROUND(F13*G13,3) -> 0
B14: =IF(A14=0,"",VLOOKUP(A14,#REF!,2)) | C14: =IF(A14=0,"",VLOOKUP(A14,#REF!,3)) | F14: =IF(A14=0,,VLOOKUP(A14,#REF!,5)) -> 0 | H14: =+ROUND(F14*G14,3) -> 0
B15: =IF(A15=0,"",VLOOKUP(A15,#REF!,2)) | C15: =IF(A15=0,"",VLOOKUP(A15,#REF!,3)) | F15: =IF(A15=0,,VLOOKUP(A15,#REF!,5)) -> 0 | H15: =+ROUND(F15*G15,3) -> 0
B16: =IF(A16=0,"",VLOOKUP(A16,#REF!,2)) | C16: =IF(A16=0,"",VLOOKUP(A16,#REF!,3)) | F16: =IF(A16=0,,VLOOKUP(A16,#REF!,5)) -> 0 | H16: =+ROUND(F16*G16,3) -> 0
B17: =IF(A17=0,"",VLOOKUP(A17,#REF!,2)) | C17: =IF(A17=0,"",VLOOKUP(A17,#REF!,3)) | F17: =IF(A17=0,,VLOOKUP(A17,#REF!,5)) -> 0 | H17: =+ROUND(F17*G17,3) -> 0
B18: =IF(A18=0,"",VLOOKUP(A18,#REF!,2)) | C18: =IF(A18=0,"",VLOOKUP(A18,#REF!,3)) | F18: =IF(A18=0,,VLOOKUP(A18,#REF!,5)) -> 0 | H18: =+ROUND(F18*G18,3) -> 0
B19: Subtotal Equipo | H19: =SUM(H11:H18) -> 0
B21: II. MATERIALES EN OBRA | P21: MATERIALES
B22: CODIGO | C22: DESCRIPCIÓN | E22: UNIDAD | F22: VALOR UNITARIO | G22: CANTIDAD | H22: VALOR UNITARIO
B23: =IF(A23=0,"",VLOOKUP(A23,#REF!,2)) | C23: =IF(A23=0,"",VLOOKUP(A23,#REF!,3)) | E23: =IF(A23=0,"",VLOOKUP(A23,#REF!,4)) | F23: =IF(A23=0,,VLOOKUP(A23,#REF!,5)) -> 0 | H23: =+ROUND(G23*F23,3) -> 0
B24: =IF(A24=0,"",VLOOKUP(A24,#REF!,2)) | C24: =IF(A24=0,"",VLOOKUP(A24,#REF!,3)) | E24: =IF(A24=0,"",VLOOKUP(A24,#REF!,4)) | F24: =IF(A24=0,,VLOOKUP(A24,#REF!,5)) -> 0 | H24: =+ROUND(G24*F24,3) -> 0 | P24: {=_xlfn._xlws.FILTER(#REF!,ISNUMBER(FIND(J25,#REF!)),"NO ENCONTRADO")} -> #REF!
B25: =IF(A25=0,"",VLOOKUP(A25,#REF!,2)) | C25: =IF(A25=0,"",VLOOKUP(A25,#REF!,3)) | E25: =IF(A25=0,"",VLOOKUP(A25,#REF!,4)) | F25: =IF(A25=0,,VLOOKUP(A25,#REF!,5)) -> 0 | H25: =+ROUND(G25*F25,3) -> 0 | I25: EQUIPO: | J25: Acero A-37
B26: =IF(A26=0,"",VLOOKUP(A26,#REF!,2)) | C26: =IF(A26=0,"",VLOOKUP(A26,#REF!,3)) | E26: =IF(A26=0,"",VLOOKUP(A26,#REF!,4)) | F26: =IF(A26=0,,VLOOKUP(A26,#REF!,5)) -> 0 | H26: =+ROUND(G26*F26,3) -> 0 | I26: ID | J26: {=_xlfn._xlws.FILTER(#REF!,#REF!='APU CAP 3 ITEM- 3.3'!J25,"")} -> #REF!
B27: =IF(A27=0,"",VLOOKUP(A27,#REF!,2)) | C27: =IF(A27=0,"",VLOOKUP(A27,#REF!,3)) | E27: =IF(A27=0,"",VLOOKUP(A27,#REF!,4)) | F27: =IF(A27=0,,VLOOKUP(A27,#REF!,5)) -> 0 | H27: =+ROUND(G27*F27,3) -> 0
B28: =IF(A28=0,"",VLOOKUP(A28,#REF!,2)) | C28: =IF(A28=0,"",VLOOKUP(A28,#REF!,3)) | E28: =IF(A28=0,"",VLOOKUP(A28,#REF!,4)) | F28: =IF(A28=0,,VLOOKUP(A28,#REF!,5)) -> 0 | H28: =+ROUND(G28*F28,3) -> 0 | I28: ID | J28: {=_xlfn._xlws.FILTER(#REF!,#REF!='APU CAP 3 ITEM- 3.3'!J27,"")} -> #REF!
B29: =IF(A29=0,"",VLOOKUP(A29,#REF!,2)) | C29: =IF(A29=0,"",VLOOKUP(A29,#REF!,3)) | E29: =IF(A29=0,"",VLOOKUP(A29,#REF!,4)) | F29: =IF(A29=0,,VLOOKUP(A29,#REF!,5)) -> 0 | H29: =+ROUND(G29*F29,3) -> 0
B30: =IF(A30=0,"",VLOOKUP(A30,#REF!,2)) | C30: =IF(A30=0,"",VLOOKUP(A30,#REF!,3)) | E30: =IF(A30=0,"",VLOOKUP(A30,#REF!,4)) | F30: =IF(A30=0,,VLOOKUP(A30,#REF!,5)) -> 0 | H30: =+ROUND(G30*F30,3) -> 0
B31: =IF(A31=0,"",VLOOKUP(A31,#REF!,2)) | C31: =IF(A31=0,"",VLOOKUP(A31,#REF!,3)) | E31: =IF(A31=0,"",VLOOKUP(A31,#REF!,4)) | F31: =IF(A31=0,,VLOOKUP(A31,#REF!,5)) -> 0 | H31: =+ROUND(G31*F31,3) -> 0
B32: Subtotal Materiales en Obra | H32: =SUM(H23:H31) -> 0
Q33: MATERIALES
B34: III. TRANSPORTES
B35: CODIGO | C35: DESCRIPCIÓN | D35: UNIDAD | E35: CANT. (1) | F35: DISTANCIA (2) | G35: TARIFA | H35: VALOR UNITARIO
A36: 1 | B36: =IF(A36=0,"",VLOOKUP(A36,#REF!,2)) -> #REF! | C36: =IF(A36=0,"",VLOOKUP(A36,#REF!,3)) -> #REF! | D36: =IF(A36=0,"",VLOOKUP(A36,#REF!,4)) -> #REF! | G36: =IF(A36=0,,VLOOKUP(A36,#REF!,5)) -> #REF! | H36: =+ROUND(E36*F36*G36,3) -> #REF! | Q36: {=_xlfn._xlws.FILTER(#REF!,ISNUMBER(FIND(J39,#REF!)),"NO ENCONTRADO")} -> #REF!
B37: =IF(A37=0,"",VLOOKUP(A37,#REF!,2)) | C37: =IF(A37=0,"",VLOOKUP(A37,#REF!,3)) | D37: =IF(A37=0,"",VLOOKUP(A37,#REF!,4)) | G37: =IF(A37=0,,VLOOKUP(A37,#REF!,5)) -> 0 | H37: =+ROUND(E37*F37*G37,3) -> 0
B38: =IF(A38=0,"",VLOOKUP(A38,#REF!,2)) | C38: =IF(A38=0,"",VLOOKUP(A38,#REF!,3)) | D38: =IF(A38=0,"",VLOOKUP(A38,#REF!,4)) | G38: =IF(A38=0,,VLOOKUP(A38,#REF!,5)) -> 0 | H38: =+ROUND(E38*F38*G38,3) -> 0
B39: =IF(A39=0,"",VLOOKUP(A39,#REF!,2)) | C39: =IF(A39=0,"",VLOOKUP(A39,#REF!,3)) | D39: =IF(A39=0,"",VLOOKUP(A39,#REF!,4)) | G39: =IF(A39=0,,VLOOKUP(A39,#REF!,5)) -> 0 | H39: =+ROUND(E39*F39*G39,3) -> 0 | I39: EQUIPO: | J39: Transporte de acero
B40: =IF(A40=0,"",VLOOKUP(A40,#REF!,2)) | C40: =IF(A40=0,"",VLOOKUP(A40,#REF!,3)) | D40: =IF(A40=0,"",VLOOKUP(A40,#REF!,4)) | G40: =IF(A40=0,,VLOOKUP(A40,#REF!,5)) -> 0 | H40: =+ROUND(E40*F40*G40,3) -> 0 | I40: ID | J40: {=_xlfn._xlws.FILTER(#REF!,#REF!='APU CAP 3 ITEM- 3.3'!J39,"")} -> #REF! | K40: {=_xlfn._xlws.FILTER(#REF!,#REF!='APU CAP 3 ITEM- 3.3'!J39,"")} -> #REF!
B41: Subtotal transportes | H41: =SUM(H36:H40) -> #REF!
B43: IV. MANO DE OBRA
B44: CODIGO | C44: DESCRIPCIÓN | D44: JORNAL | E44: % PRE. | F44: JORNAL TOTAL | G44: RENDIMIENTO | H44: VALOR UNITARIO
A45: 2 | C45: =IF(A45=0,"",VLOOKUP(A45,#REF!,2)) -> #REF! | D45: =IF(A45=0,"",VLOOKUP(A45,#REF!,3)) -> #REF! | E45: =IF(A45=0,,0.85) -> 0.85 | F45: =IF(A45=0,"",VLOOKUP(A45,#REF!,6)) -> #REF! | H45: =IF(AND(E45>0,F45>0,G45>0),ROUND(F45/G45,3),0) -> #REF!
E46: =IF(A46=0,,0.85) -> 0 | H46: =IF(AND(E46>0,F46>0,G46>0),ROUND(F46/G46,3),0) -> 0
E47: =IF(A47=0,,0.85) -> 0 | H47: =IF(AND(E47>0,F47>0,G47>0),ROUND(F47/G47,3),0) -> 0 | I47: EQUIPO: | J47: Cuadrilla AA 1 Ay
E48: =IF(A48=0,,0.85) -> 0 | H48: =IF(AND(E48>0,F48>0,G48>0),ROUND(F48/G48,3),0) -> 0 | I48: ID | J48: {=_xlfn._xlws.FILTER(#REF!,#REF!='APU CAP 3 ITEM- 3.3'!J47,"")} -> #REF!
B49: Subtotal mano de obra | H49: =ROUND(SUM(H45:H48),0) -> #REF!
B51: V. COSTOS DIRECTOS | H51: =+ROUND(H49+H32+H41+H19,0) -> #REF!

Sheet APU CAP 3 ITEM- 3.4
B2: ANÁLISIS DE PRECIO UNITARIO
B3: =CONCATENATE("PROYECTO: ",'PRESUPUESTO '!E5) -> PROYECTO: RECUPERACION Y CONSERVACIÓN DE ÁREAS DE IMPORTANCIA ESTRATEGICA DE LA ZONA DE INFLUENCIA DEL COMPLEJO CENAGOSO DE CASCALOA DE MAGANGUÉ, BOLÍVAR
B5: =_xlfn.CONCAT("CAPITULO ",K5) -> CAPITULO 3 | D5: =VLOOKUP(K5,'PRESUPUESTO '!B12:K26,2) -> SUBBASE,BASE Y AFIRMADOS | H5: UNIDAD: | J5: CAPITULO | K5: ='PRESUPUESTO '!B23 -> 3
B6: =_xlfn.CONCAT("ÍTEM ",K6) -> #REF! | D6: =VLOOKUP(K6,'PRESUPUESTO '!B12:K26,5) -> #REF! | H6: =VLOOKUP(K6,'PRESUPUESTO '!B12:K26,6) -> #REF! | J6: ITEM | K6: ='PRESUPUESTO '!#REF! -> #REF! | O6: EQUIPOS
B9: I. EQUIPO | I9: EQUIPO: | J9: Astilladora de madera para triturar, potencia aproximada 75 HP | O9: {=_xlfn._xlws.FILTER(#REF!,ISNUMBER(FIND(J9,#REF!)),"NO ENCONTRADO")} -> #REF!
B10: CODIGO | C10: DESCRIPCIÓN | E10: TIPO | F10: TARIFA/HORAD | G10: RENDIMIENTO | H10: VALOR UNITARIO | I10: ID | J10: {=_xlfn._xlws.FILTER(#REF!,#REF!='APU CAP 3 ITEM- 3.4'!J9,"")} -> #REF!
B11: =IF(A11=0,"",VLOOKUP(A11,#REF!,2)) | C11: =IF(A11=0,"",VLOOKUP(A11,#REF!,3)) | F11: =IF(A11=0,,VLOOKUP(A11,#REF!,5)) -> 0 | H11: =+ROUND(F11*G11,3) -> 0
B12: =IF(A12=0,"",VLOOKUP(A12,#REF!,2)) | C12: =IF(A12=0,"",VLOOKUP(A12,#REF!,3)) | F12: =IF(A12=0,,VLOOKUP(A12,#REF!,5)) -> 0 | H12: =+ROUND(F12*G12,3) -> 0
B13: =IF(A13=0,"",VLOOKUP(A13,#REF!,2)) | C13: =IF(A13=0,"",VLOOKUP(A13,#REF!,3)) | F13: =IF(A13=0,,VLOOKUP(A13,#REF!,5)) -> 0 | H13: =+ROUND(F13*G13,3) -> 0
B14: =IF(A14=0,"",VLOOKUP(A14,#REF!,2)) | C14: =IF(A14=0,"",VLOOKUP(A14,#REF!,3)) | F14: =IF(A14=0,,VLOOKUP(A14,#REF!,5)) -> 0 | H14: =+ROUND(F14*G14,3) -> 0
B15: =IF(A15=0,"",VLOOKUP(A15,#REF!,2)) | C15: =IF(A15=0,"",VLOOKUP(A15,#REF!,3)) | F15: =IF(A15=0,,VLOOKUP(A15,#REF!,5)) -> 0 | H15: =+ROUND(F15*G15,3) -> 0
B16: =IF(A16=0,"",VLOOKUP(A16,#REF!,2)) | C16: =IF(A16=0,"",VLOOKUP(A16,#REF!,3)) | F16: =IF(A16=0,,VLOOKUP(A16,#REF!,5)) -> 0 | H16: =+ROUND(F16*G16,3) -> 0
B17: =IF(A17=0,"",VLOOKUP(A17,#REF!,2)) | C17: =IF(A17=0,"",VLOOKUP(A17,#REF!,3)) | F17: =IF(A17=0,,VLOOKUP(A17,#REF!,5)) -> 0 | H17: =+ROUND(F17*G17,3) -> 0
B18: =IF(A18=0,"",VLOOKUP(A18,#REF!,2)) | C18: =IF(A18=0,"",VLOOKUP(A18,#REF!,3)) | F18: =IF(A18=0,,VLOOKUP(A18,#REF!,5)) -> 0 | H18: =+ROUND(F18*G18,3) -> 0
B19: Subtotal Equipo | H19: =SUM(H11:H18) -> 0
B21: II. MATERIALES EN OBRA | P21: MATERIALES
B22: CODIGO | C22: DESCRIPCIÓN | E22: UNIDAD | F22: VALOR UNITARIO | G22: CANTIDAD | H22: VALOR UNITARIO
B23: =IF(A23=0,"",VLOOKUP(A23,#REF!,2)) | C23: =IF(A23=0,"",VLOOKUP(A23,#REF!,3)) | E23: =IF(A23=0,"",VLOOKUP(A23,#REF!,4)) | F23: =IF(A23=0,,VLOOKUP(A23,#REF!,5)) -> 0 | H23: =+ROUND(G23*F23,3) -> 0
B24: =IF(A24=0,"",VLOOKUP(A24,#REF!,2)) | C24: =IF(A24=0,"",VLOOKUP(A24,#REF!,3)) | E24: =IF(A24=0,"",VLOOKUP(A24,#REF!,4)) | F24: =IF(A24=0,,VLOOKUP(A24,#REF!,5)) -> 0 | H24: =+ROUND(G24*F24,3) -> 0 | P24: {=_xlfn._xlws.FILTER(#REF!,ISNUMBER(FIND(J25,#REF!)),"NO ENCONTRADO")} -> #REF!
B25: =IF(A25=0,"",VLOOKUP(A25,#REF!,2)) | C25: =IF(A25=0,"",VLOOKUP(A25,#REF!,3)) | E25: =IF(A25=0,"",VLOOKUP(A25,#REF!,4)) | F25: =IF(A25=0,,VLOOKUP(A25,#REF!,5)) -> 0 | H25: =+ROUND(G25*F25,3) -> 0 | I25: EQUIPO: | J25: Acero A-37
B26: =IF(A26=0,"",VLOOKUP(A26,#REF!,2)) | C26: =IF(A26=0,"",VLOOKUP(A26,#REF!,3)) | E26: =IF(A26=0,"",VLOOKUP(A26,#REF!,4)) | F26: =IF(A26=0,,VLOOKUP(A26,#REF!,5)) -> 0 | H26: =+ROUND(G26*F26,3) -> 0 | I26: ID | J26: {=_xlfn._xlws.FILTER(#REF!,#REF!='APU CAP 3 ITEM- 3.4'!J25,"")} -> #REF!
B27: =IF(A27=0,"",VLOOKUP(A27,#REF!,2)) | C27: =IF(A27=0,"",VLOOKUP(A27,#REF!,3)) | E27: =IF(A27=0,"",VLOOKUP(A27,#REF!,4)) | F27: =IF(A27=0,,VLOOKUP(A27,#REF!,5)) -> 0 | H27: =+ROUND(G27*F27,3) -> 0
B28: =IF(A28=0,"",VLOOKUP(A28,#REF!,2)) | C28: =IF(A28=0,"",VLOOKUP(A28,#REF!,3)) | E28: =IF(A28=0,"",VLOOKUP(A28,#REF!,4)) | F28: =IF(A28=0,,VLOOKUP(A28,#REF!,5)) -> 0 | H28: =+ROUND(G28*F28,3) -> 0 | I28: ID | J28: {=_xlfn._xlws.FILTER(#REF!,#REF!='APU CAP 3 ITEM- 3.4'!J27,"")} -> #REF!
B29: =IF(A29=0,"",VLOOKUP(A29,#REF!,2)) | C29: =IF(A29=0,"",VLOOKUP(A29,#REF!,3)) | E29: =IF(A29=0,"",VLOOKUP(A29,#REF!,4)) | F29: =IF(A29=0,,VLOOKUP(A29,#REF!,5)) -> 0 | H29: =+ROUND(G29*F29,3) -> 0
B30: =IF(A30=0,"",VLOOKUP(A30,#REF!,2)) | C30: =IF(A30=0,"",VLOOKUP(A30,#REF!,3)) | E30: =IF(A30=0,"",VLOOKUP(A30,#REF!,4)) | F30: =IF(A30=0,,VLOOKUP(A30,#REF!,5)) -> 0 | H30: =+ROUND(G30*F30,3) -> 0
B31: =IF(A31=0,"",VLOOKUP(A31,#REF!,2)) | C31: =IF(A31=0,"",VLOOKUP(A31,#REF!,3)) | E31: =IF(A31=0,"",VLOOKUP(A31,#REF!,4)) | F31: =IF(A31=0,,VLOOKUP(A31,#REF!,5)) -> 0 | H31: =+ROUND(G31*F31,3) -> 0
B32: Subtotal Materiales en Obra | H32: =SUM(H23:H31) -> 0
Q33: MATERIALES
B34: III. TRANSPORTES
B35: CODIGO | C35: DESCRIPCIÓN | D35: UNIDAD | E35: CANT. (1) | F35: DISTANCIA (2) | G35: TARIFA | H35: VALOR UNITARIO
A36: 1 | B36: =IF(A36=0,"",VLOOKUP(A36,#REF!,2)) -> #REF! | C36: =IF(A36=0,"",VLOOKUP(A36,#REF!,3)) -> #REF! | D36: =IF(A36=0,"",VLOOKUP(A36,#REF!,4)) -> #REF! | G36: =IF(A36=0,,VLOOKUP(A36,#REF!,5)) -> #REF! | H36: =+ROUND(E36*F36*G36,3) -> #REF! | Q36: {=_xlfn._xlws.FILTER(#REF!,ISNUMBER(FIND(J39,#REF!)),"NO ENCONTRADO")} -> #REF!
B37: =IF(A37=0,"",VLOOKUP(A37,#REF!,2)) | C37: =IF(A37=0,"",VLOOKUP(A37,#REF!,3)) | D37: =IF(A37=0,"",VLOOKUP(A37,#REF!,4)) | G37: =IF(A37=0,,VLOOKUP(A37,#REF!,5)) -> 0 | H37: =+ROUND(E37*F37*G37,3) -> 0
B38: =IF(A38=0,"",VLOOKUP(A38,#REF!,2)) | C38: =IF(A38=0,"",VLOOKUP(A38,#REF!,3)) | D38: =IF(A38=0,"",VLOOKUP(A38,#REF!,4)) | G38: =IF(A38=0,,VLOOKUP(A38,#REF!,5)) -> 0 | H38: =+ROUND(E38*F38*G38,3) -> 0
B39: =IF(A39=0,"",VLOOKUP(A39,#REF!,2)) | C39: =IF(A39=0,"",VLOOKUP(A39,#REF!,3)) | D39: =IF(A39=0,"",VLOOKUP(A39,#REF!,4)) | G39: =IF(A39=0,,VLOOKUP(A39,#REF!,5)) -> 0 | H39: =+ROUND(E39*F39*G39,3) -> 0 | I39: EQUIPO: | J39: Transporte de acero
B40: =IF(A40=0,"",VLOOKUP(A40,#REF!,2)) | C40: =IF(A40=0,"",VLOOKUP(A40,#REF!,3)) | D40: =IF(A40=0,"",VLOOKUP(A40,#REF!,4)) | G40: =IF(A40=0,,VLOOKUP(A40,#REF!,5)) -> 0 | H40: =+ROUND(E40*F40*G40,3) -> 0 | I40: ID | J40: {=_xlfn._xlws.FILTER(#REF!,#REF!='APU CAP 3 ITEM- 3.4'!J39,"")} -> #REF! | K40: {=_xlfn._xlws.FILTER(#REF!,#REF!='APU CAP 3 ITEM- 3.4'!J39,"")} -> #REF!
B41: Subtotal transportes | H41: =SUM(H36:H40) -> #REF!
B43: IV. MANO DE OBRA
B44: CODIGO | C44: DESCRIPCIÓN | D44: JORNAL | E44: % PRE. | F44: JORNAL TOTAL | G44: RENDIMIENTO | H44: VALOR UNITARIO
A45: 2 | C45: =IF(A45=0,"",VLOOKUP(A45,#REF!,2)) -> #REF! | D45: =IF(A45=0,"",VLOOKUP(A45,#REF!,3)) -> #REF! | E45: =IF(A45=0,,0.85) -> 0.85 | F45: =IF(A45=0,"",VLOOKUP(A45,#REF!,6)) -> #REF! | H45: =IF(AND(E45>0,F45>0,G45>0),ROUND(F45/G45,3),0) -> #REF!
E46: =IF(A46=0,,0.85) -> 0 | H46: =IF(AND(E46>0,F46>0,G46>0),ROUND(F46/G46,3),0) -> 0
E47: =IF(A47=0,,0.85) -> 0 | H47: =IF(AND(E47>0,F47>0,G47>0),ROUND(F47/G47,3),0) -> 0 | I47: EQUIPO: | J47: Cuadrilla AA 1 Ay
E48: =IF(A48=0,,0.85) -> 0 | H48: =IF(AND(E48>0,F48>0,G48>0),ROUND(F48/G48,3),0) -> 0 | I48: ID | J48: {=_xlfn._xlws.FILTER(#REF!,#REF!='APU CAP 3 ITEM- 3.4'!J47,"")} -> #REF!
B49: Subtotal mano de obra | H49: =ROUND(SUM(H45:H48),0) -> #REF!
B51: V. COSTOS DIRECTOS | H51: =+ROUND(H49+H32+H41+H19,0) -> #REF!

Sheet APU CAP 3 ITEM- 3.5
B2: ANÁLISIS DE PRECIO UNITARIO
B3: =CONCATENATE("PROYECTO: ",'PRESUPUESTO '!E5) -> PROYECTO: RECUPERACION Y CONSERVACIÓN DE ÁREAS DE IMPORTANCIA ESTRATEGICA DE LA ZONA DE INFLUENCIA DEL COMPLEJO CENAGOSO DE CASCALOA DE MAGANGUÉ, BOLÍVAR
B5: =_xlfn.CONCAT("CAPITULO ",K5) -> CAPITULO 3 | D5: =VLOOKUP(K5,'PRESUPUESTO '!B12:K26,2) -> SUBBASE,BASE Y AFIRMADOS | H5: UNIDAD: | J5: CAPITULO | K5: ='PRESUPUESTO '!B23 -> 3
B6: =_xlfn.CONCAT("ÍTEM ",K6) -> #REF! | D6: =VLOOKUP(K6,'PRESUPUESTO '!B12:K26,5) -> #REF! | H6: =VLOOKUP(K6,'PRESUPUESTO '!B12:K26,6) -> #REF! | J6: ITEM | K6: ='PRESUPUESTO '!#REF! -> #REF! | O6: EQUIPOS
B9: I. EQUIPO | I9: EQUIPO: | J9: Astilladora de madera para triturar, potencia aproximada 75 HP | O9: {=_xlfn._xlws.FILTER(#REF!,ISNUMBER(FIND(J9,#REF!)),"NO ENCONTRADO")} -> #REF!
B10: CODIGO | C10: DESCRIPCIÓN | E10: TIPO | F10: TARIFA/HORAD | G10: RENDIMIENTO | H10: VALOR UNITARIO | I10: ID | J10: {=_xlfn._xlws.FILTER(#REF!,#REF!='APU CAP 3 ITEM- 3.5'!J9,"")} -> #REF!
B11: =IF(A11=0,"",VLOOKUP(A11,#REF!,2)) | C11: =IF(A11=0,"",VLOOKUP(A11,#REF!,3)) | F11: =IF(A11=0,,VLOOKUP(A11,#REF!,5)) -> 0 | H11: =+ROUND(F11*G11,3) -> 0
B12: =IF(A12=0,"",VLOOKUP(A12,#REF!,2)) | C12: =IF(A12=0,"",VLOOKUP(A12,#REF!,3)) | F12: =IF(A12=0,,VLOOKUP(A12,#REF!,5)) -> 0 | H12: =+ROUND(F12*G12,3) -> 0
B13: =IF(A13=0,"",VLOOKUP(A13,#REF!,2)) | C13: =IF(A13=0,"",VLOOKUP(A13,#REF!,3)) | F13: =IF(A13=0,,VLOOKUP(A13,#REF!,5)) -> 0 | H13: =+ROUND(F13*G13,3) -> 0
B14: =IF(A14=0,"",VLOOKUP(A14,#REF!,2)) | C14: =IF(A14=0,"",VLOOKUP(A14,#REF!,3)) | F14: =IF(A14=0,,VLOOKUP(A14,#REF!,5)) -> 0 | H14: =+ROUND(F14*G14,3) -> 0
B15: =IF(A15=0,"",VLOOKUP(A15,#REF!,2)) | C15: =IF(A15=0,"",VLOOKUP(A15,#REF!,3)) | F15: =IF(A15=0,,VLOOKUP(A15,#REF!,5)) -> 0 | H15: =+ROUND(F15*G15,3) -> 0
B16: =IF(A16=0,"",VLOOKUP(A16,#REF!,2)) | C16: =IF(A16=0,"",VLOOKUP(A16,#REF!,3)) | F16: =IF(A16=0,,VLOOKUP(A16,#REF!,5)) -> 0 | H16: =+ROUND(F16*G16,3) -> 0
B17: =IF(A17=0,"",VLOOKUP(A17,#REF!,2)) | C17: =IF(A17=0,"",VLOOKUP(A17,#REF!,3)) | F17: =IF(A17=0,,VLOOKUP(A17,#REF!,5)) -> 0 | H17: =+ROUND(F17*G17,3) -> 0
B18: =IF(A18=0,"",VLOOKUP(A18,#REF!,2)) | C18: =IF(A18=0,"",VLOOKUP(A18,#REF!,3)) | F18: =IF(A18=0,,VLOOKUP(A18,#REF!,5)) -> 0 | H18: =+ROUND(F18*G18,3) -> 0
B19: Subtotal Equipo | H19: =SUM(H11:H18) -> 0
B21: II. MATERIALES EN OBRA | P21: MATERIALES
B22: CODIGO | C22: DESCRIPCIÓN | E22: UNIDAD | F22: VALOR UNITARIO | G22: CANTIDAD | H22: VALOR UNITARIO
B23: =IF(A23=0,"",VLOOKUP(A23,#REF!,2)) | C23: =IF(A23=0,"",VLOOKUP(A23,#REF!,3)) | E23: =IF(A23=0,"",VLOOKUP(A23,#REF!,4)) | F23: =IF(A23=0,,VLOOKUP(A23,#REF!,5)) -> 0 | H23: =+ROUND(G23*F23,3) -> 0
B24: =IF(A24=0,"",VLOOKUP(A24,#REF!,2)) | C24: =IF(A24=0,"",VLOOKUP(A24,#REF!,3)) | E24: =IF(A24=0,"",VLOOKUP(A24,#REF!,4)) | F24: =IF(A24=0,,VLOOKUP(A24,#REF!,5)) -> 0 | H24: =+ROUND(G24*F24,3) -> 0 | P24: {=_xlfn._xlws.FILTER(#REF!,ISNUMBER(FIND(J25,#REF!)),"NO ENCONTRADO")} -> #REF!
B25: =IF(A25=0,"",VLOOKUP(A25,#REF!,2)) | C25: =IF(A25=0,"",VLOOKUP(A25,#REF!,3)) | E25: =IF(A25=0,"",VLOOKUP(A25,#REF!,4)) | F25: =IF(A25=0,,VLOOKUP(A25,#REF!,5)) -> 0 | H25: =+ROUND(G25*F25,3) -> 0 | I25: EQUIPO: | J25: Acero A-37
B26: =IF(A26=0,"",VLOOKUP(A26,#REF!,2)) | C26: =IF(A26=0,"",VLOOKUP(A26,#REF!,3)) | E26: =IF(A26=0,"",VLOOKUP(A26,#REF!,4)) | F26: =IF(A26=0,,VLOOKUP(A26,#REF!,5)) -> 0 | H26: =+ROUND(G26*F26,3) -> 0 | I26: ID | J26: {=_xlfn._xlws.FILTER(#REF!,#REF!='APU CAP 3 ITEM- 3.5'!J25,"")} -> #REF!
B27: =IF(A27=0,"",VLOOKUP(A27,#REF!,2)) | C27: =IF(A27=0,"",VLOOKUP(A27,#REF!,3)) | E27: =IF(A27=0,"",VLOOKUP(A27,#REF!,4)) | F27: =IF(A27=0,,VLOOKUP(A27,#REF!,5)) -> 0 | H27: =+ROUND(G27*F27,3) -> 0
B28: =IF(A28=0,"",VLOOKUP(A28,#REF!,2)) | C28: =IF(A28=0,"",VLOOKUP(A28,#REF!,3)) | E28: =IF(A28=0,"",VLOOKUP(A28,#REF!,4)) | F28: =IF(A28=0,,VLOOKUP(A28,#REF!,5)) -> 0 | H28: =+ROUND(G28*F28,3) -> 0 | I28: ID | J28: {=_xlfn._xlws.FILTER(#REF!,#REF!='APU CAP 3 ITEM- 3.5'!J27,"")} -> #REF!
B29: =IF(A29=0,"",VLOOKUP(A29,#REF!,2)) | C29: =IF(A29=0,"",VLOOKUP(A29,#REF!,3)) | E29: =IF(A29=0,"",VLOOKUP(A29,#REF!,4)) | F29: =IF(A29=0,,VLOOKUP(A29,#REF!,5)) -> 0 | H29: =+ROUND(G29*F29,3) -> 0
B30: =IF(A30=0,"",VLOOKUP(A30,#REF!,2)) | C30: =IF(A30=0,"",VLOOKUP(A30,#REF!,3)) | E30: =IF(A30=0,"",VLOOKUP(A30,#REF!,4)) | F30: =IF(A30=0,,VLOOKUP(A30,#REF!,5)) -> 0 | H30: =+ROUND(G30*F30,3) -> 0
B31: =IF(A31=0,"",VLOOKUP(A31,#REF!,2)) | C31: =IF(A31=0,"",VLOOKUP(A31,#REF!,3)) | E31: =IF(A31=0,"",VLOOKUP(A31,#REF!,4)) | F31: =IF(A31=0,,VLOOKUP(A31,#REF!,5)) -> 0 | H31: =+ROUND(G31*F31,3) -> 0
B32: Subtotal Materiales en Obra | H32: =SUM(H23:H31) -> 0
Q33: MATERIALES
B34: III. TRANSPORTES
B35: CODIGO | C35: DESCRIPCIÓN | D35: UNIDAD | E35: CANT. (1) | F35: DISTANCIA (2) | G35: TARIFA | H35: VALOR UNITARIO
A36: 1 | B36: =IF(A36=0,"",VLOOKUP(A36,#REF!,2)) -> #REF! | C36: =IF(A36=0,"",VLOOKUP(A36,#REF!,3)) -> #REF! | D36: =IF(A36=0,"",VLOOKUP(A36,#REF!,4)) -> #REF! | G36: =IF(A36=0,,VLOOKUP(A36,#REF!,5)) -> #REF! | H36: =+ROUND(E36*F36*G36,3) -> #REF! | Q36: {=_xlfn._xlws.FILTER(#REF!,ISNUMBER(FIND(J39,#REF!)),"NO ENCONTRADO")} -> #REF!
B37: =IF(A37=0,"",VLOOKUP(A37,#REF!,2)) | C37: =IF(A37=0,"",VLOOKUP(A37,#REF!,3)) | D37: =IF(A37=0,"",VLOOKUP(A37,#REF!,4)) | G37: =IF(A37=0,,VLOOKUP(A37,#REF!,5)) -> 0 | H37: =+ROUND(E37*F37*G37,3) -> 0
B38: =IF(A38=0,"",VLOOKUP(A38,#REF!,2)) | C38: =IF(A38=0,"",VLOOKUP(A38,#REF!,3)) | D38: =IF(A38=0,"",VLOOKUP(A38,#REF!,4)) | G38: =IF(A38=0,,VLOOKUP(A38,#REF!,5)) -> 0 | H38: =+ROUND(E38*F38*G38,3) -> 0
B39: =IF(A39=0,"",VLOOKUP(A39,#REF!,2)) | C39: =IF(A39=0,"",VLOOKUP(A39,#REF!,3)) | D39: =IF(A39=0,"",VLOOKUP(A39,#REF!,4)) | G39: =IF(A39=0,,VLOOKUP(A39,#REF!,5)) -> 0 | H39: =+ROUND(E39*F39*G39,3) -> 0 | I39: EQUIPO: | J39: Transporte de acero
B40: =IF(A40=0,"",VLOOKUP(A40,#REF!,2)) | C40: =IF(A40=0,"",VLOOKUP(A40,#REF!,3)) | D40: =IF(A40=0,"",VLOOKUP(A40,#REF!,4)) | G40: =IF(A40=0,,VLOOKUP(A40,#REF!,5)) -> 0 | H40: =+ROUND(E40*F40*G40,3) -> 0 | I40: ID | J40: {=_xlfn._xlws.FILTER(#REF!,#REF!='APU CAP 3 ITEM- 3.5'!J39,"")} -> #REF! | K40: {=_xlfn._xlws.FILTER(#REF!,#REF!='APU CAP 3 ITEM- 3.5'!J39,"")} -> #REF!
B41: Subtotal transportes | H41: =SUM(H36:H40) -> #REF!
B43: IV. MANO DE OBRA
B44: CODIGO | C44: DESCRIPCIÓN | D44: JORNAL | E44: % PRE. | F44: JORNAL TOTAL | G44: RENDIMIENTO | H44: VALOR UNITARIO
A45: 2 | C45: =IF(A45=0,"",VLOOKUP(A45,#REF!,2)) -> #REF! | D45: =IF(A45=0,"",VLOOKUP(A45,#REF!,3)) -> #REF! | E45: =IF(A45=0,,0.85) -> 0.85 | F45: =IF(A45=0,"",VLOOKUP(A45,#REF!,6)) -> #REF! | H45: =IF(AND(E45>0,F45>0,G45>0),ROUND(F45/G45,3),0) -> #REF!
E46: =IF(A46=0,,0.85) -> 0 | H46: =IF(AND(E46>0,F46>0,G46>0),ROUND(F46/G46,3),0) -> 0
E47: =IF(A47=0,,0.85) -> 0 | H47: =IF(AND(E47>0,F47>0,G47>0),ROUND(F47/G47,3),0) -> 0 | I47: EQUIPO: | J47: Cuadrilla AA 1 Ay
E48: =IF(A48=0,,0.85) -> 0 | H48: =IF(AND(E48>0,F48>0,G48>0),ROUND(F48/G48,3),0) -> 0 | I48: ID | J48: {=_xlfn._xlws.FILTER(#REF!,#REF!='APU CAP 3 ITEM- 3.5'!J47,"")} -> #REF!
B49: Subtotal mano de obra | H49: =ROUND(SUM(H45:H48),0) -> #REF!
B51: V. COSTOS DIRECTOS | H51: =+ROUND(H49+H32+H41+H19,0) -> #REF!

Sheet APU CAP 3 ITEM- 3.6
B2: ANÁLISIS DE PRECIO UNITARIO
B3: =CONCATENATE("PROYECTO: ",'PRESUPUESTO '!E5) -> PROYECTO: RECUPERACION Y CONSERVACIÓN DE ÁREAS DE IMPORTANCIA ESTRATEGICA DE LA ZONA DE INFLUENCIA DEL COMPLEJO CENAGOSO DE CASCALOA DE MAGANGUÉ, BOLÍVAR
B5: =_xlfn.CONCAT("CAPITULO ",K5) -> CAPITULO 3 | D5: =VLOOKUP(K5,'PRESUPUESTO '!B12:K26,2) -> SUBBASE,BASE Y AFIRMADOS | H5: UNIDAD: | J5: CAPITULO | K5: ='PRESUPUESTO '!B23 -> 3
B6: =_xlfn.CONCAT("ÍTEM ",K6) -> #REF! | D6: =VLOOKUP(K6,'PRESUPUESTO '!B12:K26,5) -> #REF! | H6: =VLOOKUP(K6,'PRESUPUESTO '!B12:K26,6) -> #REF! | J6: ITEM | K6: ='PRESUPUESTO '!#REF! -> #REF! | O6: EQUIPOS
B9: I. EQUIPO | I9: EQUIPO: | J9: Astilladora de madera para triturar, potencia aproximada 75 HP | O9: {=_xlfn._xlws.FILTER(#REF!,ISNUMBER(FIND(J9,#REF!)),"NO ENCONTRADO")} -> #REF!
B10: CODIGO | C10: DESCRIPCIÓN | E10: TIPO | F10: TARIFA/HORAD | G10: RENDIMIENTO | H10: VALOR UNITARIO | I10: ID | J10: {=_xlfn._xlws.FILTER(#REF!,#REF!='APU CAP 3 ITEM- 3.6'!J9,"")} -> #REF!
B11: =IF(A11=0,"",VLOOKUP(A11,#REF!,2)) | C11: =IF(A11=0,"",VLOOKUP(A11,#REF!,3)) | F11: =IF(A11=0,,VLOOKUP(A11,#REF!,5)) -> 0 | H11: =+ROUND(F11*G11,3) -> 0
B12: =IF(A12=0,"",VLOOKUP(A12,#REF!,2)) | C12: =IF(A12=0,"",VLOOKUP(A12,#REF!,3)) | F12: =IF(A12=0,,VLOOKUP(A12,#REF!,5)) -> 0 | H12: =+ROUND(F12*G12,3) -> 0
B13: =IF(A13=0,"",VLOOKUP(A13,#REF!,2)) | C13: =IF(A13=0,"",VLOOKUP(A13,#REF!,3)) | F13: =IF(A13=0,,VLOOKUP(A13,#REF!,5)) -> 0 | H13: =+ROUND(F13*G13,3) -> 0
B14: =IF(A14=0,"",VLOOKUP(A14,#REF!,2)) | C14: =IF(A14=0,"",VLOOKUP(A14,#REF!,3)) | F14: =IF(A14=0,,VLOOKUP(A14,#REF!,5)) -> 0 | H14: =+ROUND(F14*G14,3) -> 0
B15: =IF(A15=0,"",VLOOKUP(A15,#REF!,2)) | C15: =IF(A15=0,"",VLOOKUP(A15,#REF!,3)) | F15: =IF(A15=0,,VLOOKUP(A15,#REF!,5)) -> 0 | H15: =+ROUND(F15*G15,3) -> 0
B16: =IF(A16=0,"",VLOOKUP(A16,#REF!,2)) | C16: =IF(A16=0,"",VLOOKUP(A16,#REF!,3)) | F16: =IF(A16=0,,VLOOKUP(A16,#REF!,5)) -> 0 | H16: =+ROUND(F16*G16,3) -> 0
B17: =IF(A17=0,"",VLOOKUP(A17,#REF!,2)) | C17: =IF(A17=0,"",VLOOKUP(A17,#REF!,3)) | F17: =IF(A17=0,,VLOOKUP(A17,#REF!,5)) -> 0 | H17: =+ROUND(F17*G17,3) -> 0
B18: =IF(A18=0,"",VLOOKUP(A18,#REF!,2)) | C18: =IF(A18=0,"",VLOOKUP(A18,#REF!,3)) | F18: =IF(A18=0,,VLOOKUP(A18,#REF!,5)) -> 0 | H18: =+ROUND(F18*G18,3) -> 0
B19: Subtotal Equipo | H19: =SUM(H11:H18) -> 0
B21: II. MATERIALES EN OBRA | P21: MATERIALES
B22: CODIGO | C22: DESCRIPCIÓN | E22: UNIDAD | F22: VALOR UNITARIO | G22: CANTIDAD | H22: VALOR UNITARIO
B23: =IF(A23=0,"",VLOOKUP(A23,#REF!,2)) | C23: =IF(A23=0,"",VLOOKUP(A23,#REF!,3)) | E23: =IF(A23=0,"",VLOOKUP(A23,#REF!,4)) | F23: =IF(A23=0,,VLOOKUP(A23,#REF!,5)) -> 0 | H23: =+ROUND(G23*F23,3) -> 0
B24: =IF(A24=0,"",VLOOKUP(A24,#REF!,2)) | C24: =IF(A24=0,"",VLOOKUP(A24,#REF!,3)) | E24: =IF(A24=0,"",VLOOKUP(A24,#REF!,4)) | F24: =IF(A24=0,,VLOOKUP(A24,#REF!,5)) -> 0 | H24: =+ROUND(G24*F24,3) -> 0 | P24: {=_xlfn._xlws.FILTER(#REF!,ISNUMBER(FIND(J25,#REF!)),"NO ENCONTRADO")} -> #REF!
B25: =IF(A25=0,"",VLOOKUP(A25,#REF!,2)) | C25: =IF(A25=0,"",VLOOKUP(A25,#REF!,3)) | E25: =IF(A25=0,"",VLOOKUP(A25,#REF!,4)) | F25: =IF(A25=0,,VLOOKUP(A25,#REF!,5)) -> 0 | H25: =+ROUND(G25*F25,3) -> 0 | I25: EQUIPO: | J25: Acero A-37
B26: =IF(A26=0,"",VLOOKUP(A26,#REF!,2)) | C26: =IF(A26=0,"",VLOOKUP(A26,#REF!,3)) | E26: =IF(A26=0,"",VLOOKUP(A26,#REF!,4)) | F26: =IF(A26=0,,VLOOKUP(A26,#REF!,5)) -> 0 | H26: =+ROUND(G26*F26,3) -> 0 | I26: ID | J26: {=_xlfn._xlws.FILTER(#REF!,#REF!='APU CAP 3 ITEM- 3.6'!J25,"")} -> #REF!
B27: =IF(A27=0,"",VLOOKUP(A27,#REF!,2)) | C27: =IF(A27=0,"",VLOOKUP(A27,#REF!,3)) | E27: =IF(A27=0,"",VLOOKUP(A27,#REF!,4)) | F27: =IF(A27=0,,VLOOKUP(A27,#REF!,5)) -> 0 | H27: =+ROUND(G27*F27,3) -> 0
B28: =IF(A28=0,"",VLOOKUP(A28,#REF!,2)) | C28: =IF(A28=0,"",VLOOKUP(A28,#REF!,3)) | E28: =IF(A28=0,"",VLOOKUP(A28,#REF!,4)) | F28: =IF(A28=0,,VLOOKUP(A28,#REF!,5)) -> 0 | H28: =+ROUND(G28*F28,3) -> 0 | I28: ID | J28: {=_xlfn._xlws.FILTER(#REF!,#REF!='APU CAP 3 ITEM- 3.6'!J27,"")} -> #REF!
B29: =IF(A29=0,"",VLOOKUP(A29,#REF!,2)) | C29: =IF(A29=0,"",VLOOKUP(A29,#REF!,3)) | E29: =IF(A29=0,"",VLOOKUP(A29,#REF!,4)) | F29: =IF(A29=0,,VLOOKUP(A29,#REF!,5)) -> 0 | H29: =+ROUND(G29*F29,3) -> 0
B30: =IF(A30=0,"",VLOOKUP(A30,#REF!,2)) | C30: =IF(A30=0,"",VLOOKUP(A30,#REF!,3)) | E30: =IF(A30=0,"",VLOOKUP(A30,#REF!,4)) | F30: =IF(A30=0,,VLOOKUP(A30,#REF!,5)) -> 0 | H30: =+ROUND(G30*F30,3) -> 0
B31: =IF(A31=0,"",VLOOKUP(A31,#REF!,2)) | C31: =IF(A31=0,"",VLOOKUP(A31,#REF!,3)) | E31: =IF(A31=0,"",VLOOKUP(A31,#REF!,4)) | F31: =IF(A31=0,,VLOOKUP(A31,#REF!,5)) -> 0 | H31: =+ROUND(G31*F31,3) -> 0
B32: Subtotal Materiales en Obra | H32: =SUM(H23:H31) -> 0
Q33: MATERIALES
B34: III. TRANSPORTES
B35: CODIGO | C35: DESCRIPCIÓN | D35: UNIDAD | E35: CANT. (1) | F35: DISTANCIA (2) | G35: TARIFA | H35: VALOR UNITARIO
A36: 1 | B36: =IF(A36=0,"",VLOOKUP(A36,#REF!,2)) -> #REF! | C36: =IF(A36=0,"",VLOOKUP(A36,#REF!,3)) -> #REF! | D36: =IF(A36=0,"",VLOOKUP(A36,#REF!,4)) -> #REF! | G36: =IF(A36=0,,VLOOKUP(A36,#REF!,5)) -> #REF! | H36: =+ROUND(E36*F36*G36,3) -> #REF! | Q36: {=_xlfn._xlws.FILTER(#REF!,ISNUMBER(FIND(J39,#REF!)),"NO ENCONTRADO")} -> #REF!
B37: =IF(A37=0,"",VLOOKUP(A37,#REF!,2)) | C37: =IF(A37=0,"",VLOOKUP(A37,#REF!,3)) | D37: =IF(A37=0,"",VLOOKUP(A37,#REF!,4)) | G37: =IF(A37=0,,VLOOKUP(A37,#REF!,5)) -> 0 | H37: =+ROUND(E37*F37*G37,3) -> 0
B38: =IF(A38=0,"",VLOOKUP(A38,#REF!,2)) | C38: =IF(A38=0,"",VLOOKUP(A38,#REF!,3)) | D38: =IF(A38=0,"",VLOOKUP(A38,#REF!,4)) | G38: =IF(A38=0,,VLOOKUP(A38,#REF!,5)) -> 0 | H38: =+ROUND(E38*F38*G38,3) -> 0
B39: =IF(A39=0,"",VLOOKUP(A39,#REF!,2)) | C39: =IF(A39=0,"",VLOOKUP(A39,#REF!,3)) | D39: =IF(A39=0,"",VLOOKUP(A39,#REF!,4)) | G39: =IF(A39=0,,VLOOKUP(A39,#REF!,5)) -> 0 | H39: =+ROUND(E39*F39*G39,3) -> 0 | I39: EQUIPO: | J39: Transporte de acero
B40: =IF(A40=0,"",VLOOKUP(A40,#REF!,2)) | C40: =IF(A40=0,"",VLOOKUP(A40,#REF!,3)) | D40: =IF(A40=0,"",VLOOKUP(A40,#REF!,4)) | G40: =IF(A40=0,,VLOOKUP(A40,#REF!,5)) -> 0 | H40: =+ROUND(E40*F40*G40,3) -> 0 | I40: ID | J40: {=_xlfn._xlws.FILTER(#REF!,#REF!='APU CAP 3 ITEM- 3.6'!J39,"")} -> #REF! | K40: {=_xlfn._xlws.FILTER(#REF!,#REF!='APU CAP 3 ITEM- 3.6'!J39,"")} -> #REF!
B41: Subtotal transportes | H41: =SUM(H36:H40) -> #REF!
B43: IV. MANO DE OBRA
B44: CODIGO | C44: DESCRIPCIÓN | D44: JORNAL | E44: % PRE. | F44: JORNAL TOTAL | G44: RENDIMIENTO | H44: VALOR UNITARIO
A45: 2 | C45: =IF(A45=0,"",VLOOKUP(A45,#REF!,2)) -> #REF! | D45: =IF(A45=0,"",VLOOKUP(A45,#REF!,3)) -> #REF! | E45: =IF(A45=0,,0.85) -> 0.85 | F45: =IF(A45=0,"",VLOOKUP(A45,#REF!,6)) -> #REF! | H45: =IF(AND(E45>0,F45>0,G45>0),ROUND(F45/G45,3),0) -> #REF!
E46: =IF(A46=0,,0.85) -> 0 | H46: =IF(AND(E46>0,F46>0,G46>0),ROUND(F46/G46,3),0) -> 0
E47: =IF(A47=0,,0.85) -> 0 | H47: =IF(AND(E47>0,F47>0,G47>0),ROUND(F47/G47,3),0) -> 0 | I47: EQUIPO: | J47: Cuadrilla AA 1 Ay
E48: =IF(A48=0,,0.85) -> 0 | H48: =IF(AND(E48>0,F48>0,G48>0),ROUND(F48/G48,3),0) -> 0 | I48: ID | J48: {=_xlfn._xlws.FILTER(#REF!,#REF!='APU CAP 3 ITEM- 3.6'!J47,"")} -> #REF!
B49: Subtotal mano de obra | H49: =ROUND(SUM(H45:H48),0) -> #REF!
B51: V. COSTOS DIRECTOS | H51: =+ROUND(H49+H32+H41+H19,0) -> #REF!

Sheet APU CAP 4 ITEM- 4.2
B2: ANÁLISIS DE PRECIO UNITARIO
B3: =CONCATENATE("PROYECTO: ",'PRESUPUESTO '!E5) -> PROYECTO: RECUPERACION Y CONSERVACIÓN DE ÁREAS DE IMPORTANCIA ESTRATEGICA DE LA ZONA DE INFLUENCIA DEL COMPLEJO CENAGOSO DE CASCALOA DE MAGANGUÉ, BOLÍVAR
B5: =_xlfn.CONCAT("CAPITULO ",K5) -> #REF! | D5: =VLOOKUP(K5,'PRESUPUESTO '!B12:K26,2) -> #REF! | H5: UNIDAD: | J5: CAPITULO | K5: ='PRESUPUESTO '!#REF! -> #REF!
B6: =_xlfn.CONCAT("ÍTEM ",K6) -> #REF! | D6: =VLOOKUP(K6,'PRESUPUESTO '!B12:K26,5) -> #REF! | H6: =VLOOKUP(K6,'PRESUPUESTO '!B12:K26,6) -> #REF! | J6: ITEM | K6: ='PRESUPUESTO '!#REF! -> #REF! | O6: EQUIPOS
B9: I. EQUIPO | I9: EQUIPO: | J9: Mezcladora de concreto tipo trompo | O9: {=_xlfn._xlws.FILTER(#REF!,ISNUMBER(FIND(J9,#REF!)),"NO ENCONTRADO")} -> #REF!
B10: CODIGO | C10: DESCRIPCIÓN | E10: TIPO | F10: TARIFA/HORAD | G10: RENDIMIENTO | H10: VALOR UNITARIO | I10: ID | J10: {=_xlfn._xlws.FILTER(#REF!,#REF!='APU CAP 4 ITEM- 4.2'!J9,"")} -> #REF!
A11: 2 | B11: =IF(A11=0,"",VLOOKUP(A11,#REF!,2)) -> #REF! | C11: =IF(A11=0,"",VLOOKUP(A11,#REF!,3)) -> #REF! | F11: =IF(A11=0,,VLOOKUP(A11,#REF!,5)) -> #REF! | G11: 0.7 | H11: =+ROUND(F11*G11,3) -> #REF!
A12: 38 | B12: =IF(A12=0,"",VLOOKUP(A12,#REF!,2)) -> #REF! | C12: =IF(A12=0,"",VLOOKUP(A12,#REF!,3)) -> #REF! | F12: =IF(A12=0,,VLOOKUP(A12,#REF!,5)) -> #REF! | H12: =+ROUND(F12*G12,3) -> #REF!
A13: 42 | B13: =IF(A13=0,"",VLOOKUP(A13,#REF!,2)) -> #REF! | C13: =IF(A13=0,"",VLOOKUP(A13,#REF!,3)) -> #REF! | F13: =IF(A13=0,,VLOOKUP(A13,#REF!,5)) -> #REF! | G13: =+G11 -> 0.7 | H13: =+ROUND(F13*G13,3) -> #REF!
A14: 65 | B14: =IF(A14=0,"",VLOOKUP(A14,#REF!,2)) -> #REF! | C14: =IF(A14=0,"",VLOOKUP(A14,#REF!,3)) -> #REF! | F14: =IF(A14=0,,VLOOKUP(A14,#REF!,5)) -> #REF! | G14: 6 | H14: =+ROUND(F14*G14,3) -> #REF!
A15: 109 | B15: =IF(A15=0,"",VLOOKUP(A15,#REF!,2)) -> #REF! | C15: =IF(A15=0,"",VLOOKUP(A15,#REF!,3)) -> #REF! | F15: =IF(A15=0,,VLOOKUP(A15,#REF!,5)) -> #REF! | G15: =+G11 -> 0.7 | H15: =+ROUND(F15*G15,3) -> #REF!
A16: 127 | B16: =IF(A16=0,"",VLOOKUP(A16,#REF!,2)) -> #REF! | C16: =IF(A16=0,"",VLOOKUP(A16,#REF!,3)) -> #REF! | F16: =IF(A16=0,,VLOOKUP(A16,#REF!,5)) -> #REF! | G16: =+G11 -> 0.7 | H16: =+ROUND(F16*G16,3) -> #REF!
B17: =+#REF! -> #REF! | C17: =+#REF! -> #REF! | F17: =+#REF! -> #REF! | G17: 1.5 | H17: =+ROUND(F17*G17,3) -> #REF!
B18: =IF(A18=0,"",VLOOKUP(A18,#REF!,2)) | C18: =IF(A18=0,"",VLOOKUP(A18,#REF!,3)) | F18: =IF(A18=0,,VLOOKUP(A18,#REF!,5)) -> 0 | H18: =+ROUND(F18*G18,3) -> 0
B19: Subtotal Equipo | H19: =SUM(H11:H18) -> #REF!
B21: II. MATERIALES EN OBRA | P21: MATERIALES
B22: CODIGO | C22: DESCRIPCIÓN | E22: UNIDAD | F22: VALOR UNITARIO | G22: CANTIDAD | H22: VALOR UNITARIO
A23: 118 | B23: =+#REF! -> #REF! | C23: =+#REF! -> #REF! | E23: =+#REF! -> #REF! | F23: =+#REF! -> #REF! | G23: 400 | H23: =+ROUND(G23*F23,3) -> #REF! | I23: 583071
A24: 137 | B24: =IF(A24=0,"",VLOOKUP(A24,#REF!,2)) -> #REF! | C24: =IF(A24=0,"",VLOOKUP(A24,#REF!,3)) -> #REF! | E24: =IF(A24=0,"",VLOOKUP(A24,#REF!,4)) -> #REF! | F24: =IF(A24=0,,VLOOKUP(A24,#REF!,5)) -> #REF! | G24: 1.31622 | H24: =+ROUND(G24*F24,3) -> #REF! | P24: {=_xlfn._xlws.FILTER(#REF!,ISNUMBER(FIND(J25,#REF!)),"NO ENCONTRADO")} -> #REF!
B25: =+#REF! -> #REF! | C25: =+#REF! -> #REF! | E25: =+#REF! -> #REF! | F25: =+#REF! -> #REF! | G25: 0.56 | H25: =+ROUND(G25*F25,3) -> #REF! | I25: EQUIPO: | J25: Emulsion acuosa de parafina para curado de concreto, que evite la pérdida prematura de humedad de concretos y morteros
B26: =+#REF! -> #REF! | C26: =+#REF! -> #REF! | E26: =+#REF! -> #REF! | F26: =+#REF! -> #REF! | G26: 0.88 | H26: =+ROUND(G26*F26,3) -> #REF! | I26: ID | J26: {=_xlfn._xlws.FILTER(#REF!,#REF!='APU CAP 4 ITEM- 4.2'!J25,"")} -> #REF!
B27: =IF(A27=0,"",VLOOKUP(A27,#REF!,2)) | C27: =IF(A27=0,"",VLOOKUP(A27,#REF!,3)) | E27: =IF(A27=0,"",VLOOKUP(A27,#REF!,4)) | F27: =IF(A27=0,,VLOOKUP(A27,#REF!,5)) -> 0 | H27: =+ROUND(G27*F27,3) -> 0
B28: =IF(A28=0,"",VLOOKUP(A28,#REF!,2)) | C28: =IF(A28=0,"",VLOOKUP(A28,#REF!,3)) | E28: =IF(A28=0,"",VLOOKUP(A28,#REF!,4)) | F28: =IF(A28=0,,VLOOKUP(A28,#REF!,5)) -> 0 | H28: =+ROUND(G28*F28,3) -> 0 | I28: ID | J28: {=_xlfn._xlws.FILTER(#REF!,#REF!='APU CAP 4 ITEM- 4.2'!J27,"")} -> #REF!
B29: =IF(A29=0,"",VLOOKUP(A29,#REF!,2)) | C29: =IF(A29=0,"",VLOOKUP(A29,#REF!,3)) | E29: =IF(A29=0,"",VLOOKUP(A29,#REF!,4)) | F29: =IF(A29=0,,VLOOKUP(A29,#REF!,5)) -> 0 | H29: =+ROUND(G29*F29,3) -> 0
B30: =IF(A30=0,"",VLOOKUP(A30,#REF!,2)) | C30: =IF(A30=0,"",VLOOKUP(A30,#REF!,3)) | E30: =IF(A30=0,"",VLOOKUP(A30,#REF!,4)) | F30: =IF(A30=0,,VLOOKUP(A30,#REF!,5)) -> 0 | H30: =+ROUND(G30*F30,3) -> 0
B31: =+#REF! -> #REF! | C31: =+#REF! -> #REF! | E31: =+#REF! -> #REF! | F31: =+#REF! -> #REF! | G31: 280 | H31: =+ROUND(G31*F31,3) -> #REF!
B32: Subtotal Materiales en Obra | H32: =SUM(H23:H31) -> #REF!
Q33: MATERIALES
B34: III. TRANSPORTES
B35: CODIGO | C35: DESCRIPCIÓN | D35: UNIDAD | E35: CANT. (1) | F35: DISTANCIA (2) | G35: TARIFA | H35: VALOR UNITARIO
A36: 10 | B36: =IF(A36=0,"",VLOOKUP(A36,#REF!,2)) -> #REF! | C36: =IF(A36=0,"",VLOOKUP(A36,#REF!,3)) -> #REF! | D36: =IF(A36=0,"",VLOOKUP(A36,#REF!,4)) -> #REF! | E36: 1.05 | F36: 1 | G36: =IF(A36=0,,VLOOKUP(A36,#REF!,5)) -> #REF! | H36: =+ROUND(E36*F36*G36,3) -> #REF! | Q36: {=_xlfn._xlws.FILTER(#REF!,ISNUMBER(FIND(J39,#REF!)),"NO ENCONTRADO")} -> #REF!
B37: =+#REF! -> #REF! | C37: =+#REF! -> #REF! | D37: =+#REF! -> #REF! | E37: =+G25*1.05 -> 0.588 | F37: 67 | G37: =+#REF! -> #REF! | H37: =+ROUND(E37*F37*G37,3) -> #REF!
B38: =+#REF! -> #REF! | C38: =+#REF! -> #REF! | D38: =+#REF! -> #REF! | E38: =+G26*1.05 -> 0.924 | F38: 67 | G38: =+#REF! -> #REF! | H38: =+ROUND(E38*F38*G38,3) -> #REF!
B39: =IF(A39=0,"",VLOOKUP(A39,#REF!,2)) | C39: =IF(A39=0,"",VLOOKUP(A39,#REF!,3)) | D39: =IF(A39=0,"",VLOOKUP(A39,#REF!,4)) | G39: =IF(A39=0,,VLOOKUP(A39,#REF!,5)) -> 0 | H39: =+ROUND(E39*F39*G39,3) -> 0 | I39: EQUIPO: | J39: Transporte de concreto
B40: =IF(A40=0,"",VLOOKUP(A40,#REF!,2)) | C40: =IF(A40=0,"",VLOOKUP(A40,#REF!,3)) | D40: =IF(A40=0,"",VLOOKUP(A40,#REF!,4)) | G40: =IF(A40=0,,VLOOKUP(A40,#REF!,5)) -> 0 | H40: =+ROUND(E40*F40*G40,3) -> 0 | I40: ID | J40: {=_xlfn._xlws.FILTER(#REF!,#REF!='APU CAP 4 ITEM- 4.2'!J39,"")} -> #REF! | K40: {=_xlfn._xlws.FILTER(#REF!,#REF!='APU CAP 4 ITEM- 4.2'!J39,"")} -> #REF!
B41: Subtotal transportes | H41: =SUM(H36:H40) -> #REF!
B43: IV. MANO DE OBRA
B44: CODIGO | C44: DESCRIPCIÓN | D44: JORNAL | E44: % PRE. | F44: JORNAL TOTAL | G44: RENDIMIENTO | H44: VALOR UNITARIO
A45: 2 | C45: =IF(A45=0,"",VLOOKUP(A45,#REF!,2)) -> #REF! | D45: =IF(A45=0,"",VLOOKUP(A45,#REF!,3)) -> #REF! | E45: =IF(A45=0,,0.85) -> 0.85 | F45: =IF(A45=0,"",VLOOKUP(A45,#REF!,6)) -> #REF! | G45: 3 | H45: =IF(AND(E45>0,F45>0,G45>0),ROUND(F45/G45,3),0) -> #REF!
A46: 6 | C46: =IF(A46=0,"",VLOOKUP(A46,#REF!,2)) -> #REF! | D46: =IF(A46=0,"",VLOOKUP(A46,#REF!,3)) -> #REF! | E46: =IF(A46=0,,0.85) -> 0.85 | F46: =IF(A46=0,"",VLOOKUP(A46,#REF!,6)) -> #REF! | G46: =+G45 -> 3 | H46: =IF(AND(E46>0,F46>0,G46>0),ROUND(F46/G46,3),0) -> #REF!
C47: =IF(A47=0,"",VLOOKUP(A47,#REF!,2)) | D47: =IF(A47=0,"",VLOOKUP(A47,#REF!,3)) | E47: =IF(A47=0,,0.85) -> 0 | F47: =IF(A47=0,"",VLOOKUP(A47,#REF!,6)) | H47: =IF(AND(E47>0,F47>0,G47>0),ROUND(F47/G47,3),0) -> 0 | I47: EQUIPO: | J47: Cuadrilla AA 5 Ay
C48: =IF(A48=0,"",VLOOKUP(A48,#REF!,2)) | D48: =IF(A48=0,"",VLOOKUP(A48,#REF!,3)) | E48: =IF(A48=0,,0.85) -> 0 | F48: =IF(A48=0,"",VLOOKUP(A48,#REF!,6)) | H48: =IF(AND(E48>0,F48>0,G48>0),ROUND(F48/G48,3),0) -> 0 | I48: ID | J48: {=_xlfn._xlws.FILTER(#REF!,#REF!='APU CAP 4 ITEM- 4.2'!J47,"")} -> #REF!
B49: Subtotal mano de obra | H49: =ROUND(SUM(H45:H48),0) -> #REF!
B51: V. COSTOS DIRECTOS | H51: =+ROUND(H49+H32+H41+H19,0) -> #REF!

Sheet APU CAP 4 ITEM- 4.5
B2: ANÁLISIS DE PRECIO UNITARIO
B3: =CONCATENATE("PROYECTO: ",'PRESUPUESTO '!E5) -> PROYECTO: RECUPERACION Y CONSERVACIÓN DE ÁREAS DE IMPORTANCIA ESTRATEGICA DE LA ZONA DE INFLUENCIA DEL COMPLEJO CENAGOSO DE CASCALOA DE MAGANGUÉ, BOLÍVAR
B5: =_xlfn.CONCAT("CAPITULO ",K5) -> #REF! | D5: =VLOOKUP(K5,'PRESUPUESTO '!B12:K26,2) -> #REF! | H5: UNIDAD: | J5: CAPITULO | K5: ='PRESUPUESTO '!#REF! -> #REF!
B6: =_xlfn.CONCAT("ÍTEM ",K6) -> #REF! | D6: =VLOOKUP(K6,'PRESUPUESTO '!B12:K26,5) -> #REF! | H6: =VLOOKUP(K6,'PRESUPUESTO '!B12:K26,6) -> #REF! | J6: ITEM | K6: ='PRESUPUESTO '!#REF! -> #REF! | O6: EQUIPOS
B9: I. EQUIPO | I9: EQUIPO: | J9: Astilladora de madera para triturar, potencia aproximada 75 HP | O9: {=_xlfn._xlws.FILTER(#REF!,ISNUMBER(FIND(J9,#REF!)),"NO ENCONTRADO")} -> #REF!
B10: CODIGO | C10: DESCRIPCIÓN | E10: TIPO | F10: TARIFA/HORAD | G10: RENDIMIENTO | H10: VALOR UNITARIO | I10: ID | J10: {=_xlfn._xlws.FILTER(#REF!,#REF!='APU CAP 4 ITEM- 4.5'!J9,"")} -> #REF!
B11: =IF(A11=0,"",VLOOKUP(A11,#REF!,2)) | C11: =IF(A11=0,"",VLOOKUP(A11,#REF!,3)) | F11: =IF(A11=0,,VLOOKUP(A11,#REF!,5)) -> 0 | H11: =+ROUND(F11*G11,3) -> 0
B12: =IF(A12=0,"",VLOOKUP(A12,#REF!,2)) | C12: =IF(A12=0,"",VLOOKUP(A12,#REF!,3)) | F12: =IF(A12=0,,VLOOKUP(A12,#REF!,5)) -> 0 | H12: =+ROUND(F12*G12,3) -> 0
B13: =IF(A13=0,"",VLOOKUP(A13,#REF!,2)) | C13: =IF(A13=0,"",VLOOKUP(A13,#REF!,3)) | F13: =IF(A13=0,,VLOOKUP(A13,#REF!,5)) -> 0 | H13: =+ROUND(F13*G13,3) -> 0
B14: =IF(A14=0,"",VLOOKUP(A14,#REF!,2)) | C14: =IF(A14=0,"",VLOOKUP(A14,#REF!,3)) | F14: =IF(A14=0,,VLOOKUP(A14,#REF!,5)) -> 0 | H14: =+ROUND(F14*G14,3) -> 0
B15: =IF(A15=0,"",VLOOKUP(A15,#REF!,2)) | C15: =IF(A15=0,"",VLOOKUP(A15,#REF!,3)) | F15: =IF(A15=0,,VLOOKUP(A15,#REF!,5)) -> 0 | H15: =+ROUND(F15*G15,3) -> 0
B16: =IF(A16=0,"",VLOOKUP(A16,#REF!,2)) | C16: =IF(A16=0,"",VLOOKUP(A16,#REF!,3)) | F16: =IF(A16=0,,VLOOKUP(A16,#REF!,5)) -> 0 | H16: =+ROUND(F16*G16,3) -> 0
B17: =IF(A17=0,"",VLOOKUP(A17,#REF!,2)) | C17: =IF(A17=0,"",VLOOKUP(A17,#REF!,3)) | F17: =IF(A17=0,,VLOOKUP(A17,#REF!,5)) -> 0 | H17: =+ROUND(F17*G17,3) -> 0
B18: =IF(A18=0,"",VLOOKUP(A18,#REF!,2)) | C18: =IF(A18=0,"",VLOOKUP(A18,#REF!,3)) | F18: =IF(A18=0,,VLOOKUP(A18,#REF!,5)) -> 0 | H18: =+ROUND(F18*G18,3) -> 0
B19: Subtotal Equipo | H19: =SUM(H11:H18) -> 0
B21: II. MATERIALES EN OBRA | P21: MATERIALES
B22: CODIGO | C22: DESCRIPCIÓN | E22: UNIDAD | F22: VALOR UNITARIO | G22: CANTIDAD | H22: VALOR UNITARIO
B23: =IF(A23=0,"",VLOOKUP(A23,#REF!,2)) | C23: =IF(A23=0,"",VLOOKUP(A23,#REF!,3)) | E23: =IF(A23=0,"",VLOOKUP(A23,#REF!,4)) | F23: =IF(A23=0,,VLOOKUP(A23,#REF!,5)) -> 0 | H23: =+ROUND(G23*F23,3) -> 0
B24: =IF(A24=0,"",VLOOKUP(A24,#REF!,2)) | C24: =IF(A24=0,"",VLOOKUP(A24,#REF!,3)) | E24: =IF(A24=0,"",VLOOKUP(A24,#REF!,4)) | F24: =IF(A24=0,,VLOOKUP(A24,#REF!,5)) -> 0 | H24: =+ROUND(G24*F24,3) -> 0 | P24: {=_xlfn._xlws.FILTER(#REF!,ISNUMBER(FIND(J25,#REF!)),"NO ENCONTRADO")} -> #REF!
B25: =IF(A25=0,"",VLOOKUP(A25,#REF!,2)) | C25: =IF(A25=0,"",VLOOKUP(A25,#REF!,3)) | E25: =IF(A25=0,"",VLOOKUP(A25,#REF!,4)) | F25: =IF(A25=0,,VLOOKUP(A25,#REF!,5)) -> 0 | H25: =+ROUND(G25*F25,3) -> 0 | I25: EQUIPO: | J25: Acero A-37
B26: =IF(A26=0,"",VLOOKUP(A26,#REF!,2)) | C26: =IF(A26=0,"",VLOOKUP(A26,#REF!,3)) | E26: =IF(A26=0,"",VLOOKUP(A26,#REF!,4)) | F26: =IF(A26=0,,VLOOKUP(A26,#REF!,5)) -> 0 | H26: =+ROUND(G26*F26,3) -> 0 | I26: ID | J26: {=_xlfn._xlws.FILTER(#REF!,#REF!='APU CAP 4 ITEM- 4.5'!J25,"")} -> #REF!
B27: =IF(A27=0,"",VLOOKUP(A27,#REF!,2)) | C27: =IF(A27=0,"",VLOOKUP(A27,#REF!,3)) | E27: =IF(A27=0,"",VLOOKUP(A27,#REF!,4)) | F27: =IF(A27=0,,VLOOKUP(A27,#REF!,5)) -> 0 | H27: =+ROUND(G27*F27,3) -> 0
B28: =IF(A28=0,"",VLOOKUP(A28,#REF!,2)) | C28: =IF(A28=0,"",VLOOKUP(A28,#REF!,3)) | E28: =IF(A28=0,"",VLOOKUP(A28,#REF!,4)) | F28: =IF(A28=0,,VLOOKUP(A28,#REF!,5)) -> 0 | H28: =+ROUND(G28*F28,3) -> 0 | I28: ID | J28: {=_xlfn._xlws.FILTER(#REF!,#REF!='APU CAP 4 ITEM- 4.5'!J27,"")} -> #REF!
B29: =IF(A29=0,"",VLOOKUP(A29,#REF!,2)) | C29: =IF(A29=0,"",VLOOKUP(A29,#REF!,3)) | E29: =IF(A29=0,"",VLOOKUP(A29,#REF!,4)) | F29: =IF(A29=0,,VLOOKUP(A29,#REF!,5)) -> 0 | H29: =+ROUND(G29*F29,3) -> 0
B30: =IF(A30=0,"",VLOOKUP(A30,#REF!,2)) | C30: =IF(A30=0,"",VLOOKUP(A30,#REF!,3)) | E30: =IF(A30=0,"",VLOOKUP(A30,#REF!,4)) | F30: =IF(A30=0,,VLOOKUP(A30,#REF!,5)) -> 0 | H30: =+ROUND(G30*F30,3) -> 0
B31: =IF(A31=0,"",VLOOKUP(A31,#REF!,2)) | C31: =IF(A31=0,"",VLOOKUP(A31,#REF!,3)) | E31: =IF(A31=0,"",VLOOKUP(A31,#REF!,4)) | F31: =IF(A31=0,,VLOOKUP(A31,#REF!,5)) -> 0 | H31: =+ROUND(G31*F31,3) -> 0
B32: Subtotal Materiales en Obra | H32: =SUM(H23:H31) -> 0
Q33: MATERIALES
B34: III. TRANSPORTES
B35: CODIGO | C35: DESCRIPCIÓN | D35: UNIDAD | E35: CANT. (1) | F35: DISTANCIA (2) | G35: TARIFA | H35: VALOR UNITARIO
A36: 1 | B36: =IF(A36=0,"",VLOOKUP(A36,#REF!,2)) -> #REF! | C36: =IF(A36=0,"",VLOOKUP(A36,#REF!,3)) -> #REF! | D36: =IF(A36=0,"",VLOOKUP(A36,#REF!,4)) -> #REF! | G36: =IF(A36=0,,VLOOKUP(A36,#REF!,5)) -> #REF! | H36: =+ROUND(E36*F36*G36,3) -> #REF! | Q36: {=_xlfn._xlws.FILTER(#REF!,ISNUMBER(FIND(J39,#REF!)),"NO ENCONTRADO")} -> #REF!
B37: =IF(A37=0,"",VLOOKUP(A37,#REF!,2)) | C37: =IF(A37=0,"",VLOOKUP(A37,#REF!,3)) | D37: =IF(A37=0,"",VLOOKUP(A37,#REF!,4)) | G37: =IF(A37=0,,VLOOKUP(A37,#REF!,5)) -> 0 | H37: =+ROUND(E37*F37*G37,3) -> 0
B38: =IF(A38=0,"",VLOOKUP(A38,#REF!,2)) | C38: =IF(A38=0,"",VLOOKUP(A38,#REF!,3)) | D38: =IF(A38=0,"",VLOOKUP(A38,#REF!,4)) | G38: =IF(A38=0,,VLOOKUP(A38,#REF!,5)) -> 0 | H38: =+ROUND(E38*F38*G38,3) -> 0
B39: =IF(A39=0,"",VLOOKUP(A39,#REF!,2)) | C39: =IF(A39=0,"",VLOOKUP(A39,#REF!,3)) | D39: =IF(A39=0,"",VLOOKUP(A39,#REF!,4)) | G39: =IF(A39=0,,VLOOKUP(A39,#REF!,5)) -> 0 | H39: =+ROUND(E39*F39*G39,3) -> 0 | I39: EQUIPO: | J39: Transporte de acero
B40: =IF(A40=0,"",VLOOKUP(A40,#REF!,2)) | C40: =IF(A40=0,"",VLOOKUP(A40,#REF!,3)) | D40: =IF(A40=0,"",VLOOKUP(A40,#REF!,4)) | G40: =IF(A40=0,,VLOOKUP(A40,#REF!,5)) -> 0 | H40: =+ROUND(E40*F40*G40,3) -> 0 | I40: ID | J40: {=_xlfn._xlws.FILTER(#REF!,#REF!='APU CAP 4 ITEM- 4.5'!J39,"")} -> #REF! | K40: {=_xlfn._xlws.FILTER(#REF!,#REF!='APU CAP 4 ITEM- 4.5'!J39,"")} -> #REF!
B41: Subtotal transportes | H41: =SUM(H36:H40) -> #REF!
B43: IV. MANO DE OBRA
B44: CODIGO | C44: DESCRIPCIÓN | D44: JORNAL | E44: % PRE. | F44: JORNAL TOTAL | G44: RENDIMIENTO | H44: VALOR UNITARIO
A45: 2 | C45: =IF(A45=0,"",VLOOKUP(A45,#REF!,2)) -> #REF! | D45: =IF(A45=0,"",VLOOKUP(A45,#REF!,3)) -> #REF! | E45: =IF(A45=0,,0.85) -> 0.85 | F45: =IF(A45=0,"",VLOOKUP(A45,#REF!,6)) -> #REF! | H45: =IF(AND(E45>0,F45>0,G45>0),ROUND(F45/G45,3),0) -> #REF!
E46: =IF(A46=0,,0.85) -> 0 | H46: =IF(AND(E46>0,F46>0,G46>0),ROUND(F46/G46,3),0) -> 0
E47: =IF(A47=0,,0.85) -> 0 | H47: =IF(AND(E47>0,F47>0,G47>0),ROUND(F47/G47,3),0) -> 0 | I47: EQUIPO: | J47: Cuadrilla AA 1 Ay
E48: =IF(A48=0,,0.85) -> 0 | H48: =IF(AND(E48>0,F48>0,G48>0),ROUND(F48/G48,3),0) -> 0 | I48: ID | J48: {=_xlfn._xlws.FILTER(#REF!,#REF!='APU CAP 4 ITEM- 4.5'!J47,"")} -> #REF!
B49: Subtotal mano de obra | H49: =ROUND(SUM(H45:H48),0) -> #REF!
B51: V. COSTOS DIRECTOS | H51: =+ROUND(H49+H32+H41+H19,0) -> #REF!

Sheet APU CAP 4 ITEM- 4.6
B2: ANÁLISIS DE PRECIO UNITARIO
B3: =CONCATENATE("PROYECTO: ",'PRESUPUESTO '!E5) -> PROYECTO: RECUPERACION Y CONSERVACIÓN DE ÁREAS DE IMPORTANCIA ESTRATEGICA DE LA ZONA DE INFLUENCIA DEL COMPLEJO CENAGOSO DE CASCALOA DE MAGANGUÉ, BOLÍVAR
B5: =_xlfn.CONCAT("CAPITULO ",K5) -> #REF! | D5: =VLOOKUP(K5,'PRESUPUESTO '!B12:K26,2) -> #REF! | H5: UNIDAD: | J5: CAPITULO | K5: ='PRESUPUESTO '!#REF! -> #REF!
B6: =_xlfn.CONCAT("ÍTEM ",K6) -> #REF! | D6: =VLOOKUP(K6,'PRESUPUESTO '!B12:K26,5) -> #REF! | H6: =VLOOKUP(K6,'PRESUPUESTO '!B12:K26,6) -> #REF! | J6: ITEM | K6: ='PRESUPUESTO '!#REF! -> #REF! | O6: EQUIPOS
B9: I. EQUIPO | I9: EQUIPO: | J9: Astilladora de madera para triturar, potencia aproximada 75 HP | O9: {=_xlfn._xlws.FILTER(#REF!,ISNUMBER(FIND(J9,#REF!)),"NO ENCONTRADO")} -> #REF!
B10: CODIGO | C10: DESCRIPCIÓN | E10: TIPO | F10: TARIFA/HORAD | G10: RENDIMIENTO | H10: VALOR UNITARIO | I10: ID | J10: {=_xlfn._xlws.FILTER(#REF!,#REF!='APU CAP 4 ITEM- 4.6'!J9,"")} -> #REF!
B11: =IF(A11=0,"",VLOOKUP(A11,#REF!,2)) | C11: =IF(A11=0,"",VLOOKUP(A11,#REF!,3)) | F11: =IF(A11=0,,VLOOKUP(A11,#REF!,5)) -> 0 | H11: =+ROUND(F11*G11,3) -> 0
B12: =IF(A12=0,"",VLOOKUP(A12,#REF!,2)) | C12: =IF(A12=0,"",VLOOKUP(A12,#REF!,3)) | F12: =IF(A12=0,,VLOOKUP(A12,#REF!,5)) -> 0 | H12: =+ROUND(F12*G12,3) -> 0
B13: =IF(A13=0,"",VLOOKUP(A13,#REF!,2)) | C13: =IF(A13=0,"",VLOOKUP(A13,#REF!,3)) | F13: =IF(A13=0,,VLOOKUP(A13,#REF!,5)) -> 0 | H13: =+ROUND(F13*G13,3) -> 0
B14: =IF(A14=0,"",VLOOKUP(A14,#REF!,2)) | C14: =IF(A14=0,"",VLOOKUP(A14,#REF!,3)) | F14: =IF(A14=0,,VLOOKUP(A14,#REF!,5)) -> 0 | H14: =+ROUND(F14*G14,3) -> 0
B15: =IF(A15=0,"",VLOOKUP(A15,#REF!,2)) | C15: =IF(A15=0,"",VLOOKUP(A15,#REF!,3)) | F15: =IF(A15=0,,VLOOKUP(A15,#REF!,5)) -> 0 | H15: =+ROUND(F15*G15,3) -> 0
B16: =IF(A16=0,"",VLOOKUP(A16,#REF!,2)) | C16: =IF(A16=0,"",VLOOKUP(A16,#REF!,3)) | F16: =IF(A16=0,,VLOOKUP(A16,#REF!,5)) -> 0 | H16: =+ROUND(F16*G16,3) -> 0
B17: =IF(A17=0,"",VLOOKUP(A17,#REF!,2)) | C17: =IF(A17=0,"",VLOOKUP(A17,#REF!,3)) | F17: =IF(A17=0,,VLOOKUP(A17,#REF!,5)) -> 0 | H17: =+ROUND(F17*G17,3) -> 0
B18: =IF(A18=0,"",VLOOKUP(A18,#REF!,2)) | C18: =IF(A18=0,"",VLOOKUP(A18,#REF!,3)) | F18: =IF(A18=0,,VLOOKUP(A18,#REF!,5)) -> 0 | H18: =+ROUND(F18*G18,3) -> 0
B19: Subtotal Equipo | H19: =SUM(H11:H18) -> 0
B21: II. MATERIALES EN OBRA | P21: MATERIALES
B22: CODIGO | C22: DESCRIPCIÓN | E22: UNIDAD | F22: VALOR UNITARIO | G22: CANTIDAD | H22: VALOR UNITARIO
B23: =IF(A23=0,"",VLOOKUP(A23,#REF!,2)) | C23: =IF(A23=0,"",VLOOKUP(A23,#REF!,3)) | E23: =IF(A23=0,"",VLOOKUP(A23,#REF!,4)) | F23: =IF(A23=0,,VLOOKUP(A23,#REF!,5)) -> 0 | H23: =+ROUND(G23*F23,3) -> 0
B24: =IF(A24=0,"",VLOOKUP(A24,#REF!,2)) | C24: =IF(A24=0,"",VLOOKUP(A24,#REF!,3)) | E24: =IF(A24=0,"",VLOOKUP(A24,#REF!,4)) | F24: =IF(A24=0,,VLOOKUP(A24,#REF!,5)) -> 0 | H24: =+ROUND(G24*F24,3) -> 0 | P24: {=_xlfn._xlws.FILTER(#REF!,ISNUMBER(FIND(J25,#REF!)),"NO ENCONTRADO")} -> #REF!
B25: =IF(A25=0,"",VLOOKUP(A25,#REF!,2)) | C25: =IF(A25=0,"",VLOOKUP(A25,#REF!,3)) | E25: =IF(A25=0,"",VLOOKUP(A25,#REF!,4)) | F25: =IF(A25=0,,VLOOKUP(A25,#REF!,5)) -> 0 | H25: =+ROUND(G25*F25,3) -> 0 | I25: EQUIPO: | J25: Acero A-37
B26: =IF(A26=0,"",VLOOKUP(A26,#REF!,2)) | C26: =IF(A26=0,"",VLOOKUP(A26,#REF!,3)) | E26: =IF(A26=0,"",VLOOKUP(A26,#REF!,4)) | F26: =IF(A26=0,,VLOOKUP(A26,#REF!,5)) -> 0 | H26: =+ROUND(G26*F26,3) -> 0 | I26: ID | J26: {=_xlfn._xlws.FILTER(#REF!,#REF!='APU CAP 4 ITEM- 4.6'!J25,"")} -> #REF!
B27: =IF(A27=0,"",VLOOKUP(A27,#REF!,2)) | C27: =IF(A27=0,"",VLOOKUP(A27,#REF!,3)) | E27: =IF(A27=0,"",VLOOKUP(A27,#REF!,4)) | F27: =IF(A27=0,,VLOOKUP(A27,#REF!,5)) -> 0 | H27: =+ROUND(G27*F27,3) -> 0
B28: =IF(A28=0,"",VLOOKUP(A28,#REF!,2)) | C28: =IF(A28=0,"",VLOOKUP(A28,#REF!,3)) | E28: =IF(A28=0,"",VLOOKUP(A28,#REF!,4)) | F28: =IF(A28=0,,VLOOKUP(A28,#REF!,5)) -> 0 | H28: =+ROUND(G28*F28,3) -> 0 | I28: ID | J28: {=_xlfn._xlws.FILTER(#REF!,#REF!='APU CAP 4 ITEM- 4.6'!J27,"")} -> #REF!
B29: =IF(A29=0,"",VLOOKUP(A29,#REF!,2)) | C29: =IF(A29=0,"",VLOOKUP(A29,#REF!,3)) | E29: =IF(A29=0,"",VLOOKUP(A29,#REF!,4)) | F29: =IF(A29=0,,VLOOKUP(A29,#REF!,5)) -> 0 | H29: =+ROUND(G29*F29,3) -> 0
B30: =IF(A30=0,"",VLOOKUP(A30,#REF!,2)) | C30: =IF(A30=0,"",VLOOKUP(A30,#REF!,3)) | E30: =IF(A30=0,"",VLOOKUP(A30,#REF!,4)) | F30: =IF(A30=0,,VLOOKUP(A30,#REF!,5)) -> 0 | H30: =+ROUND(G30*F30,3) -> 0
B31: =IF(A31=0,"",VLOOKUP(A31,#REF!,2)) | C31: =IF(A31=0,"",VLOOKUP(A31,#REF!,3)) | E31: =IF(A31=0,"",VLOOKUP(A31,#REF!,4)) | F31: =IF(A31=0,,VLOOKUP(A31,#REF!,5)) -> 0 | H31: =+ROUND(G31*F31,3) -> 0
B32: Subtotal Materiales en Obra | H32: =SUM(H23:H31) -> 0
Q33: MATERIALES
B34: III. TRANSPORTES
B35: CODIGO | C35: DESCRIPCIÓN | D35: UNIDAD | E35: CANT. (1) | F35: DISTANCIA (2) | G35: TARIFA | H35: VALOR UNITARIO
A36: 1 | B36: =IF(A36=0,"",VLOOKUP(A36,#REF!,2)) -> #REF! | C36: =IF(A36=0,"",VLOOKUP(A36,#REF!,3)) -> #REF! | D36: =IF(A36=0,"",VLOOKUP(A36,#REF!,4)) -> #REF! | G36: =IF(A36=0,,VLOOKUP(A36,#REF!,5)) -> #REF! | H36: =+ROUND(E36*F36*G36,3) -> #REF! | Q36: {=_xlfn._xlws.FILTER(#REF!,ISNUMBER(FIND(J39,#REF!)),"NO ENCONTRADO")} -> #REF!
B37: =IF(A37=0,"",VLOOKUP(A37,#REF!,2)) | C37: =IF(A37=0,"",VLOOKUP(A37,#REF!,3)) | D37: =IF(A37=0,"",VLOOKUP(A37,#REF!,4)) | G37: =IF(A37=0,,VLOOKUP(A37,#REF!,5)) -> 0 | H37: =+ROUND(E37*F37*G37,3) -> 0
B38: =IF(A38=0,"",VLOOKUP(A38,#REF!,2)) | C38: =IF(A38=0,"",VLOOKUP(A38,#REF!,3)) | D38: =IF(A38=0,"",VLOOKUP(A38,#REF!,4)) | G38: =IF(A38=0,,VLOOKUP(A38,#REF!,5)) -> 0 | H38: =+ROUND(E38*F38*G38,3) -> 0
B39: =IF(A39=0,"",VLOOKUP(A39,#REF!,2)) | C39: =IF(A39=0,"",VLOOKUP(A39,#REF!,3)) | D39: =IF(A39=0,"",VLOOKUP(A39,#REF!,4)) | G39: =IF(A39=0,,VLOOKUP(A39,#REF!,5)) -> 0 | H39: =+ROUND(E39*F39*G39,3) -> 0 | I39: EQUIPO: | J39: Transporte de acero
B40: =IF(A40=0,"",VLOOKUP(A40,#REF!,2)) | C40: =IF(A40=0,"",VLOOKUP(A40,#REF!,3)) | D40: =IF(A40=0,"",VLOOKUP(A40,#REF!,4)) | G40: =IF(A40=0,,VLOOKUP(A40,#REF!,5)) -> 0 | H40: =+ROUND(E40*F40*G40,3) -> 0 | I40: ID | J40: {=_xlfn._xlws.FILTER(#REF!,#REF!='APU CAP 4 ITEM- 4.6'!J39,"")} -> #REF! | K40: {=_xlfn._xlws.FILTER(#REF!,#REF!='APU CAP 4 ITEM- 4.6'!J39,"")} -> #REF!
B41: Subtotal transportes | H41: =SUM(H36:H40) -> #REF!
B43: IV. MANO DE OBRA
B44: CODIGO | C44: DESCRIPCIÓN | D44: JORNAL | E44: % PRE. | F44: JORNAL TOTAL | G44: RENDIMIENTO | H44: VALOR UNITARIO
A45: 2 | C45: =IF(A45=0,"",VLOOKUP(A45,#REF!,2)) -> #REF! | D45: =IF(A45=0,"",VLOOKUP(A45,#REF!,3)) -> #REF! | E45: =IF(A45=0,,0.85) -> 0.85 | F45: =IF(A45=0,"",VLOOKUP(A45,#REF!,6)) -> #REF! | H45: =IF(AND(E45>0,F45>0,G45>0),ROUND(F45/G45,3),0) -> #REF!
E46: =IF(A46=0,,0.85) -> 0 | H46: =IF(AND(E46>0,F46>0,G46>0),ROUND(F46/G46,3),0) -> 0
E47: =IF(A47=0,,0.85) -> 0 | H47: =IF(AND(E47>0,F47>0,G47>0),ROUND(F47/G47,3),0) -> 0 | I47: EQUIPO: | J47: Cuadrilla AA 1 Ay
E48: =IF(A48=0,,0.85) -> 0 | H48: =IF(AND(E48>0,F48>0,G48>0),ROUND(F48/G48,3),0) -> 0 | I48: ID | J48: {=_xlfn._xlws.FILTER(#REF!,#REF!='APU CAP 4 ITEM- 4.6'!J47,"")} -> #REF!
B49: Subtotal mano de obra | H49: =ROUND(SUM(H45:H48),0) -> #REF!
B51: V. COSTOS DIRECTOS | H51: =+ROUND(H49+H32+H41+H19,0) -> #REF!

Sheet APU CAP 5 ITEM- 5.1
B2: ANÁLISIS DE PRECIO UNITARIO
B3: =CONCATENATE("PROYECTO: ",'PRESUPUESTO '!E5) -> PROYECTO: RECUPERACION Y CONSERVACIÓN DE ÁREAS DE IMPORTANCIA ESTRATEGICA DE LA ZONA DE INFLUENCIA DEL COMPLEJO CENAGOSO DE CASCALOA DE MAGANGUÉ, BOLÍVAR
B5: =_xlfn.CONCAT("CAPITULO ",K5) -> #REF! | D5: =VLOOKUP(K5,'PRESUPUESTO '!B12:K26,2) -> #REF! | H5: UNIDAD: | J5: CAPITULO | K5: ='PRESUPUESTO '!#REF! -> #REF!
B6: =_xlfn.CONCAT("ÍTEM ",K6) -> #REF! | D6: =VLOOKUP(K6,'PRESUPUESTO '!B12:K26,5) -> #REF! | H6: =VLOOKUP(K6,'PRESUPUESTO '!B12:K26,6) -> #REF! | J6: ITEM | K6: ='PRESUPUESTO '!#REF! -> #REF! | O6: EQUIPOS
B9: I. EQUIPO | I9: EQUIPO: | J9: Astilladora de madera para triturar, potencia aproximada 75 HP | O9: {=_xlfn._xlws.FILTER(#REF!,ISNUMBER(FIND(J9,#REF!)),"NO ENCONTRADO")} -> #REF!
B10: CODIGO | C10: DESCRIPCIÓN | E10: TIPO | F10: TARIFA/HORAD | G10: RENDIMIENTO | H10: VALOR UNITARIO | I10: ID | J10: {=_xlfn._xlws.FILTER(#REF!,#REF!='APU CAP 5 ITEM- 5.1'!J9,"")} -> #REF!
C11: Herramienta menor 5% M.O. | H11: =5%*H49 -> #REF!
F12: =IF(A12=0,,VLOOKUP(A12,#REF!,5)) -> 0 | H12: =+ROUND(F12*G12,3) -> 0
B13: =IF(A13=0,"",VLOOKUP(A13,#REF!,2)) | C13: =IF(A13=0,"",VLOOKUP(A13,#REF!,3)) | F13: =IF(A13=0,,VLOOKUP(A13,#REF!,5)) -> 0 | H13: =+ROUND(F13*G13,3) -> 0
B14: =IF(A14=0,"",VLOOKUP(A14,#REF!,2)) | C14: =IF(A14=0,"",VLOOKUP(A14,#REF!,3)) | F14: =IF(A14=0,,VLOOKUP(A14,#REF!,5)) -> 0 | H14: =+ROUND(F14*G14,3) -> 0
B15: =IF(A15=0,"",VLOOKUP(A15,#REF!,2)) | C15: =IF(A15=0,"",VLOOKUP(A15,#REF!,3)) | F15: =IF(A15=0,,VLOOKUP(A15,#REF!,5)) -> 0 | H15: =+ROUND(F15*G15,3) -> 0
B16: =IF(A16=0,"",VLOOKUP(A16,#REF!,2)) | C16: =IF(A16=0,"",VLOOKUP(A16,#REF!,3)) | F16: =IF(A16=0,,VLOOKUP(A16,#REF!,5)) -> 0 | H16: =+ROUND(F16*G16,3) -> 0
B17: =IF(A17=0,"",VLOOKUP(A17,#REF!,2)) | C17: =IF(A17=0,"",VLOOKUP(A17,#REF!,3)) | F17: =IF(A17=0,,VLOOKUP(A17,#REF!,5)) -> 0 | H17: =+ROUND(F17*G17,3) -> 0
B18: =IF(A18=0,"",VLOOKUP(A18,#REF!,2)) | C18: =IF(A18=0,"",VLOOKUP(A18,#REF!,3)) | F18: =IF(A18=0,,VLOOKUP(A18,#REF!,5)) -> 0 | H18: =+ROUND(F18*G18,3) -> 0
B19: Subtotal Equipo | H19: =SUM(H11:H18) -> #REF!
B21: II. MATERIALES EN OBRA | P21: MATERIALES
B22: CODIGO | C22: DESCRIPCIÓN | E22: UNIDAD | F22: VALOR UNITARIO | G22: CANTIDAD | H22: VALOR UNITARIO
B23: =IF(A23=0,"",VLOOKUP(A23,#REF!,2)) | F23: =IF(A23=0,,VLOOKUP(A23,#REF!,5)) -> 0 | H23: =+ROUND(G23*F23,3) -> 0
B24: =IF(A24=0,"",VLOOKUP(A24,#REF!,2)) | C24: =IF(A24=0,"",VLOOKUP(A24,#REF!,3)) | E24: =IF(A24=0,"",VLOOKUP(A24,#REF!,4)) | F24: =IF(A24=0,,VLOOKUP(A24,#REF!,5)) -> 0 | H24: =+ROUND(G24*F24,3) -> 0 | P24: {=_xlfn._xlws.FILTER(#REF!,ISNUMBER(FIND(J25,#REF!)),"NO ENCONTRADO")} -> #REF!
B25: =IF(A25=0,"",VLOOKUP(A25,#REF!,2)) | C25: =IF(A25=0,"",VLOOKUP(A25,#REF!,3)) | E25: =IF(A25=0,"",VLOOKUP(A25,#REF!,4)) | F25: =IF(A25=0,,VLOOKUP(A25,#REF!,5)) -> 0 | H25: =+ROUND(G25*F25,3) -> 0 | I25: EQUIPO: | J25: Acero A-37
B26: =IF(A26=0,"",VLOOKUP(A26,#REF!,2)) | C26: =IF(A26=0,"",VLOOKUP(A26,#REF!,3)) | E26: =IF(A26=0,"",VLOOKUP(A26,#REF!,4)) | F26: =IF(A26=0,,VLOOKUP(A26,#REF!,5)) -> 0 | H26: =+ROUND(G26*F26,3) -> 0 | I26: ID | J26: {=_xlfn._xlws.FILTER(#REF!,#REF!='APU CAP 5 ITEM- 5.1'!J25,"")} -> #REF!
B27: =IF(A27=0,"",VLOOKUP(A27,#REF!,2)) | C27: =IF(A27=0,"",VLOOKUP(A27,#REF!,3)) | E27: =IF(A27=0,"",VLOOKUP(A27,#REF!,4)) | F27: =IF(A27=0,,VLOOKUP(A27,#REF!,5)) -> 0 | H27: =+ROUND(G27*F27,3) -> 0
B28: =IF(A28=0,"",VLOOKUP(A28,#REF!,2)) | C28: =IF(A28=0,"",VLOOKUP(A28,#REF!,3)) | E28: =IF(A28=0,"",VLOOKUP(A28,#REF!,4)) | F28: =IF(A28=0,,VLOOKUP(A28,#REF!,5)) -> 0 | H28: =+ROUND(G28*F28,3) -> 0 | I28: ID | J28: {=_xlfn._xlws.FILTER(#REF!,#REF!='APU CAP 5 ITEM- 5.1'!J27,"")} -> #REF!
B29: =IF(A29=0,"",VLOOKUP(A29,#REF!,2)) | C29: =IF(A29=0,"",VLOOKUP(A29,#REF!,3)) | E29: =IF(A29=0,"",VLOOKUP(A29,#REF!,4)) | F29: =IF(A29=0,,VLOOKUP(A29,#REF!,5)) -> 0 | H29: =+ROUND(G29*F29,3) -> 0
B30: =IF(A30=0,"",VLOOKUP(A30,#REF!,2)) | C30: =IF(A30=0,"",VLOOKUP(A30,#REF!,3)) | E30: =IF(A30=0,"",VLOOKUP(A30,#REF!,4)) | F30: =IF(A30=0,,VLOOKUP(A30,#REF!,5)) -> 0 | H30: =+ROUND(G30*F30,3) -> 0
B31: =IF(A31=0,"",VLOOKUP(A31,#REF!,2)) | C31: =IF(A31=0,"",VLOOKUP(A31,#REF!,3)) | E31: =IF(A31=0,"",VLOOKUP(A31,#REF!,4)) | F31: =IF(A31=0,,VLOOKUP(A31,#REF!,5)) -> 0 | H31: =+ROUND(G31*F31,3) -> 0
B32: Subtotal Materiales en Obra | H32: =SUM(H23:H31) -> 0
Q33: MATERIALES
B34: III. TRANSPORTES
B35: CODIGO | C35: DESCRIPCIÓN | D35: UNIDAD | E35: CANT. (1) | F35: DISTANCIA (2) | G35: TARIFA | H35: VALOR UNITARIO
A36: 19 | B36: =IF(A36=0,"",VLOOKUP(A36,#REF!,2)) -> #REF! | C36: =IF(A36=0,"",VLOOKUP(A36,#REF!,3)) -> #REF! | D36: =IF(A36=0,"",VLOOKUP(A36,#REF!,4)) -> #REF! | E36: 1.3 | F36: 25 | G36: =IF(A36=0,,VLOOKUP(A36,#REF!,5)) -> #REF! | H36: =+ROUND(E36*F36*G36,3) -> #REF! | Q36: {=_xlfn._xlws.FILTER(#REF!,ISNUMBER(FIND(J39,#REF!)),"NO ENCONTRADO")} -> #REF!
B37: =IF(A37=0,"",VLOOKUP(A37,#REF!,2)) | C37: =IF(A37=0,"",VLOOKUP(A37,#REF!,3)) | D37: =IF(A37=0,"",VLOOKUP(A37,#REF!,4)) | G37: =IF(A37=0,,VLOOKUP(A37,#REF!,5)) -> 0 | H37: =+ROUND(E37*F37*G37,3) -> 0
B38: =IF(A38=0,"",VLOOKUP(A38,#REF!,2)) | C38: =IF(A38=0,"",VLOOKUP(A38,#REF!,3)) | D38: =IF(A38=0,"",VLOOKUP(A38,#REF!,4)) | G38: =IF(A38=0,,VLOOKUP(A38,#REF!,5)) -> 0 | H38: =+ROUND(E38*F38*G38,3) -> 0
B39: =IF(A39=0,"",VLOOKUP(A39,#REF!,2)) | C39: =IF(A39=0,"",VLOOKUP(A39,#REF!,3)) | D39: =IF(A39=0,"",VLOOKUP(A39,#REF!,4)) | G39: =IF(A39=0,,VLOOKUP(A39,#REF!,5)) -> 0 | H39: =+ROUND(E39*F39*G39,3) -> 0 | I39: EQUIPO: | J39: Transporte de acero
B40: =IF(A40=0,"",VLOOKUP(A40,#REF!,2)) | C40: =IF(A40=0,"",VLOOKUP(A40,#REF!,3)) | D40: =IF(A40=0,"",VLOOKUP(A40,#REF!,4)) | G40: =IF(A40=0,,VLOOKUP(A40,#REF!,5)) -> 0 | H40: =+ROUND(E40*F40*G40,3) -> 0 | I40: ID | J40: {=_xlfn._xlws.FILTER(#REF!,#REF!='APU CAP 5 ITEM- 5.1'!J39,"")} -> #REF! | K40: {=_xlfn._xlws.FILTER(#REF!,#REF!='APU CAP 5 ITEM- 5.1'!J39,"")} -> #REF!
B41: Subtotal transportes | H41: =SUM(H36:H40) -> #REF!
B43: IV. MANO DE OBRA
B44: CODIGO | C44: DESCRIPCIÓN | D44: JORNAL | E44: % PRE. | F44: JORNAL TOTAL | G44: RENDIMIENTO | H44: VALOR UNITARIO
A45: 2 | C45: =IF(A45=0,"",VLOOKUP(A45,#REF!,2)) -> #REF! | D45: =IF(A45=0,"",VLOOKUP(A45,#REF!,3)) -> #REF! | E45: =IF(A45=0,,0.85) -> 0.85 | F45: =IF(A45=0,"",VLOOKUP(A45,#REF!,6)) -> #REF! | G45: 50 | H45: =IF(AND(E45>0,F45>0,G45>0),ROUND(F45/G45,3),0) -> #REF!
A46: 5 | C46: =IF(A46=0,"",VLOOKUP(A46,#REF!,2)) -> #REF! | D46: =IF(A46=0,"",VLOOKUP(A46,#REF!,3)) -> #REF! | E46: =IF(A46=0,,0.85) -> 0.85 | F46: =IF(A46=0,"",VLOOKUP(A46,#REF!,6)) -> #REF! | G46: 50 | H46: =IF(AND(E46>0,F46>0,G46>0),ROUND(F46/G46,3),0) -> #REF!
C47: =IF(A47=0,"",VLOOKUP(A47,#REF!,2)) | D47: =IF(A47=0,"",VLOOKUP(A47,#REF!,3)) | E47: =IF(A47=0,,0.85) -> 0 | F47: =IF(A47=0,"",VLOOKUP(A47,#REF!,6)) | H47: =IF(AND(E47>0,F47>0,G47>0),ROUND(F47/G47,3),0) -> 0 | I47: EQUIPO: | J47: Cuadrilla AA 1 Ay
C48: =IF(A48=0,"",VLOOKUP(A48,#REF!,2)) | D48: =IF(A48=0,"",VLOOKUP(A48,#REF!,3)) | E48: =IF(A48=0,,0.85) -> 0 | F48: =IF(A48=0,"",VLOOKUP(A48,#REF!,6)) | H48: =IF(AND(E48>0,F48>0,G48>0),ROUND(F48/G48,3),0) -> 0 | I48: ID | J48: {=_xlfn._xlws.FILTER(#REF!,#REF!='APU CAP 5 ITEM- 5.1'!J47,"")} -> #REF!
B49: Subtotal mano de obra | H49: =ROUND(SUM(H45:H48),0) -> #REF!
B51: V. COSTOS DIRECTOS | H51: =+ROUND(H49+H32+H41+H19,0) -> #REF!

Sheet APU CAP 5 ITEM- 5.2
B2: ANÁLISIS DE PRECIO UNITARIO
B3: =CONCATENATE("PROYECTO: ",'PRESUPUESTO '!E5) -> PROYECTO: RECUPERACION Y CONSERVACIÓN DE ÁREAS DE IMPORTANCIA ESTRATEGICA DE LA ZONA DE INFLUENCIA DEL COMPLEJO CENAGOSO DE CASCALOA DE MAGANGUÉ, BOLÍVAR
B5: =_xlfn.CONCAT("CAPITULO ",K5) -> #REF! | D5: =VLOOKUP(K5,'PRESUPUESTO '!B12:K26,2) -> #REF! | H5: UNIDAD: | J5: CAPITULO | K5: ='PRESUPUESTO '!#REF! -> #REF!
B6: =_xlfn.CONCAT("ÍTEM ",K6) -> #REF! | D6: =VLOOKUP(K6,'PRESUPUESTO '!B12:K26,5) -> #REF! | H6: =VLOOKUP(K6,'PRESUPUESTO '!B12:K26,6) -> #REF! | J6: ITEM | K6: ='PRESUPUESTO '!#REF! -> #REF! | O6: EQUIPOS
B9: I. EQUIPO | I9: EQUIPO: | J9: Compactador manual (saltarín) peso de operación (kg.) 52, fuerza de impacto por golpe (KN) 12 | O9: {=_xlfn._xlws.FILTER(#REF!,ISNUMBER(FIND(J9,#REF!)),"NO ENCONTRADO")} -> #REF!
B10: CODIGO | C10: DESCRIPCIÓN | E10: TIPO | F10: TARIFA/HORAD | G10: RENDIMIENTO | H10: VALOR UNITARIO | I10: ID | J10: {=_xlfn._xlws.FILTER(#REF!,#REF!='APU CAP 5 ITEM- 5.2'!J9,"")} -> #REF!
A11: 31 | B11: =IF(A11=0,"",VLOOKUP(A11,#REF!,2)) -> #REF! | C11: =IF(A11=0,"",VLOOKUP(A11,#REF!,3)) -> #REF! | F11: =IF(A11=0,,VLOOKUP(A11,#REF!,5)) -> #REF! | G11: 0.35 | H11: =+ROUND(F11*G11,3) -> #REF!
B12: =IF(A12=0,"",VLOOKUP(A12,#REF!,2)) | C12: Herramienta menor 5% M.O. | H12: =5%*H49 -> #REF!
B13: =IF(A13=0,"",VLOOKUP(A13,#REF!,2)) | C13: =IF(A13=0,"",VLOOKUP(A13,#REF!,3)) | F13: =IF(A13=0,,VLOOKUP(A13,#REF!,5)) -> 0 | H13: =+ROUND(F13*G13,3) -> 0
B14: =IF(A14=0,"",VLOOKUP(A14,#REF!,2)) | C14: =IF(A14=0,"",VLOOKUP(A14,#REF!,3)) | F14: =IF(A14=0,,VLOOKUP(A14,#REF!,5)) -> 0 | H14: =+ROUND(F14*G14,3) -> 0
B15: =IF(A15=0,"",VLOOKUP(A15,#REF!,2)) | C15: =IF(A15=0,"",VLOOKUP(A15,#REF!,3)) | F15: =IF(A15=0,,VLOOKUP(A15,#REF!,5)) -> 0 | H15: =+ROUND(F15*G15,3) -> 0
B16: =IF(A16=0,"",VLOOKUP(A16,#REF!,2)) | C16: =IF(A16=0,"",VLOOKUP(A16,#REF!,3)) | F16: =IF(A16=0,,VLOOKUP(A16,#REF!,5)) -> 0 | H16: =+ROUND(F16*G16,3) -> 0
B17: =IF(A17=0,"",VLOOKUP(A17,#REF!,2)) | C17: =IF(A17=0,"",VLOOKUP(A17,#REF!,3)) | F17: =IF(A17=0,,VLOOKUP(A17,#REF!,5)) -> 0 | H17: =+ROUND(F17*G17,3) -> 0
B18: =IF(A18=0,"",VLOOKUP(A18,#REF!,2)) | C18: =IF(A18=0,"",VLOOKUP(A18,#REF!,3)) | F18: =IF(A18=0,,VLOOKUP(A18,#REF!,5)) -> 0 | H18: =+ROUND(F18*G18,3) -> 0
B19: Subtotal Equipo | H19: =SUM(H11:H18) -> #REF!
B21: II. MATERIALES EN OBRA | P21: MATERIALES
B22: CODIGO | C22: DESCRIPCIÓN | E22: UNIDAD | F22: VALOR UNITARIO | G22: CANTIDAD | H22: VALOR UNITARIO
A23: 238 | B23: =IF(A23=0,"",VLOOKUP(A23,#REF!,2)) -> #REF! | C23: =IF(A23=0,"",VLOOKUP(A23,#REF!,3)) -> #REF! | E23: =IF(A23=0,"",VLOOKUP(A23,#REF!,4)) -> #REF! | F23: =IF(A23=0,,VLOOKUP(A23,#REF!,5)) -> #REF! | G23: 1.3 | H23: =+ROUND(G23*F23,3) -> #REF!
A24: 39 | B24: =IF(A24=0,"",VLOOKUP(A24,#REF!,2)) -> #REF! | C24: =IF(A24=0,"",VLOOKUP(A24,#REF!,3)) -> #REF! | E24: =IF(A24=0,"",VLOOKUP(A24,#REF!,4)) -> #REF! | F24: =IF(A24=0,,VLOOKUP(A24,#REF!,5)) -> #REF! | G24: 30 | H24: =+ROUND(G24*F24,3) -> #REF! | P24: {=_xlfn._xlws.FILTER(#REF!,ISNUMBER(FIND(J25,#REF!)),"NO ENCONTRADO")} -> #REF!
B25: =IF(A25=0,"",VLOOKUP(A25,#REF!,2)) | C25: =IF(A25=0,"",VLOOKUP(A25,#REF!,3)) | E25: =IF(A25=0,"",VLOOKUP(A25,#REF!,4)) | F25: =IF(A25=0,,VLOOKUP(A25,#REF!,5)) -> 0 | H25: =+ROUND(G25*F25,3) -> 0 | I25: EQUIPO: | J25: Agua
B26: =IF(A26=0,"",VLOOKUP(A26,#REF!,2)) | C26: =IF(A26=0,"",VLOOKUP(A26,#REF!,3)) | E26: =IF(A26=0,"",VLOOKUP(A26,#REF!,4)) | F26: =IF(A26=0,,VLOOKUP(A26,#REF!,5)) -> 0 | H26: =+ROUND(G26*F26,3) -> 0 | I26: ID | J26: {=_xlfn._xlws.FILTER(#REF!,#REF!='APU CAP 5 ITEM- 5.2'!J25,"")} -> #REF!
B27: =IF(A27=0,"",VLOOKUP(A27,#REF!,2)) | C27: =IF(A27=0,"",VLOOKUP(A27,#REF!,3)) | E27: =IF(A27=0,"",VLOOKUP(A27,#REF!,4)) | F27: =IF(A27=0,,VLOOKUP(A27,#REF!,5)) -> 0 | H27: =+ROUND(G27*F27,3) -> 0
B28: =IF(A28=0,"",VLOOKUP(A28,#REF!,2)) | C28: =IF(A28=0,"",VLOOKUP(A28,#REF!,3)) | E28: =IF(A28=0,"",VLOOKUP(A28,#REF!,4)) | F28: =IF(A28=0,,VLOOKUP(A28,#REF!,5)) -> 0 | H28: =+ROUND(G28*F28,3) -> 0 | I28: ID | J28: {=_xlfn._xlws.FILTER(#REF!,#REF!='APU CAP 5 ITEM- 5.2'!J27,"")} -> #REF!
B29: =IF(A29=0,"",VLOOKUP(A29,#REF!,2)) | C29: =IF(A29=0,"",VLOOKUP(A29,#REF!,3)) | E29: =IF(A29=0,"",VLOOKUP(A29,#REF!,4)) | F29: =IF(A29=0,,VLOOKUP(A29,#REF!,5)) -> 0 | H29: =+ROUND(G29*F29,3) -> 0
B30: =IF(A30=0,"",VLOOKUP(A30,#REF!,2)) | C30: =IF(A30=0,"",VLOOKUP(A30,#REF!,3)) | E30: =IF(A30=0,"",VLOOKUP(A30,#REF!,4)) | F30: =IF(A30=0,,VLOOKUP(A30,#REF!,5)) -> 0 | H30: =+ROUND(G30*F30,3) -> 0
B31: =IF(A31=0,"",VLOOKUP(A31,#REF!,2)) | C31: =IF(A31=0,"",VLOOKUP(A31,#REF!,3)) | E31: =IF(A31=0,"",VLOOKUP(A31,#REF!,4)) | F31: =IF(A31=0,,VLOOKUP(A31,#REF!,5)) -> 0 | H31: =+ROUND(G31*F31,3) -> 0
B32: Subtotal Materiales en Obra | H32: =SUM(H23:H31) -> #REF!
Q33: MATERIALES
B34: III. TRANSPORTES
B35: CODIGO | C35: DESCRIPCIÓN | D35: UNIDAD | E35: CANT. (1) | F35: DISTANCIA (2) | G35: TARIFA | H35: VALOR UNITARIO
A36: 20 | B36: =IF(A36=0,"",VLOOKUP(A36,#REF!,2)) -> #REF! | C36: =IF(A36=0,"",VLOOKUP(A36,#REF!,3)) -> #REF! | D36: =IF(A36=0,"",VLOOKUP(A36,#REF!,4)) -> #REF! | E36: =G23 -> 1.3 | F36: 25 | G36: =IF(A36=0,,VLOOKUP(A36,#REF!,5)) -> #REF! | H36: =+ROUND(E36*F36*G36,3) -> #REF! | Q36: {=_xlfn._xlws.FILTER(#REF!,ISNUMBER(FIND(J39,#REF!)),"NO ENCONTRADO")} -> #REF!
B37: =IF(A37=0,"",VLOOKUP(A37,#REF!,2)) | C37: =IF(A37=0,"",VLOOKUP(A37,#REF!,3)) | D37: =IF(A37=0,"",VLOOKUP(A37,#REF!,4)) | G37: =IF(A37=0,,VLOOKUP(A37,#REF!,5)) -> 0 | H37: =+ROUND(E37*F37*G37,3) -> 0
B38: =IF(A38=0,"",VLOOKUP(A38,#REF!,2)) | C38: =IF(A38=0,"",VLOOKUP(A38,#REF!,3)) | D38: =IF(A38=0,"",VLOOKUP(A38,#REF!,4)) | G38: =IF(A38=0,,VLOOKUP(A38,#REF!,5)) -> 0 | H38: =+ROUND(E38*F38*G38,3) -> 0
B39: =IF(A39=0,"",VLOOKUP(A39,#REF!,2)) | C39: =IF(A39=0,"",VLOOKUP(A39,#REF!,3)) | D39: =IF(A39=0,"",VLOOKUP(A39,#REF!,4)) | G39: =IF(A39=0,,VLOOKUP(A39,#REF!,5)) -> 0 | H39: =+ROUND(E39*F39*G39,3) -> 0 | I39: EQUIPO: | J39: Transporte de material de relleno
B40: =IF(A40=0,"",VLOOKUP(A40,#REF!,2)) | C40: =IF(A40=0,"",VLOOKUP(A40,#REF!,3)) | D40: =IF(A40=0,"",VLOOKUP(A40,#REF!,4)) | G40: =IF(A40=0,,VLOOKUP(A40,#REF!,5)) -> 0 | H40: =+ROUND(E40*F40*G40,3) -> 0 | I40: ID | J40: {=_xlfn._xlws.FILTER(#REF!,#REF!='APU CAP 5 ITEM- 5.2'!J39,"")} -> #REF! | K40: {=_xlfn._xlws.FILTER(#REF!,#REF!='APU CAP 5 ITEM- 5.2'!J39,"")} -> #REF!
B41: Subtotal transportes | H41: =SUM(H36:H40) -> #REF!
B43: IV. MANO DE OBRA
B44: CODIGO | C44: DESCRIPCIÓN | D44: JORNAL | E44: % PRE. | F44: JORNAL TOTAL | G44: RENDIMIENTO | H44: VALOR UNITARIO
A45: 2 | C45: =IF(A45=0,"",VLOOKUP(A45,#REF!,2)) -> #REF! | D45: =IF(A45=0,"",VLOOKUP(A45,#REF!,3)) -> #REF! | E45: =IF(A45=0,,0.85) -> 0.85 | F45: =IF(A45=0,"",VLOOKUP(A45,#REF!,6)) -> #REF! | G45: 25 | H45: =IF(AND(E45>0,F45>0,G45>0),ROUND(F45/G45,3),0) -> #REF!
E46: =IF(A46=0,,0.85) -> 0 | H46: =IF(AND(E46>0,F46>0,G46>0),ROUND(F46/G46,3),0) -> 0
E47: =IF(A47=0,,0.85) -> 0 | H47: =IF(AND(E47>0,F47>0,G47>0),ROUND(F47/G47,3),0) -> 0 | I47: EQUIPO: | J47: Cuadrilla AA 1 Ay
E48: =IF(A48=0,,0.85) -> 0 | H48: =IF(AND(E48>0,F48>0,G48>0),ROUND(F48/G48,3),0) -> 0 | I48: ID | J48: {=_xlfn._xlws.FILTER(#REF!,#REF!='APU CAP 5 ITEM- 5.2'!J47,"")} -> #REF!
B49: Subtotal mano de obra | H49: =ROUND(SUM(H45:H48),0) -> #REF!
B51: V. COSTOS DIRECTOS | H51: =+ROUND(H49+H32+H41+H19,0) -> #REF!

Sheet APU CAP 5 ITEM- 5.3
B2: ANÁLISIS DE PRECIO UNITARIO
B3: =CONCATENATE("PROYECTO: ",'PRESUPUESTO '!E5) -> PROYECTO: RECUPERACION Y CONSERVACIÓN DE ÁREAS DE IMPORTANCIA ESTRATEGICA DE LA ZONA DE INFLUENCIA DEL COMPLEJO CENAGOSO DE CASCALOA DE MAGANGUÉ, BOLÍVAR
B5: =_xlfn.CONCAT("CAPITULO ",K5) -> #REF! | D5: =VLOOKUP(K5,'PRESUPUESTO '!B12:K26,2) -> #REF! | H5: UNIDAD: | J5: CAPITULO | K5: ='PRESUPUESTO '!#REF! -> #REF!
B6: =_xlfn.CONCAT("ÍTEM ",K6) -> #REF! | D6: =VLOOKUP(K6,'PRESUPUESTO '!B12:K26,5) -> #REF! | H6: =VLOOKUP(K6,'PRESUPUESTO '!B12:K26,6) -> #REF! | J6: ITEM | K6: ='PRESUPUESTO '!#REF! -> #REF! | O6: EQUIPOS
B9: I. EQUIPO | I9: EQUIPO: | J9: Formaleta | O9: {=_xlfn._xlws.FILTER(#REF!,ISNUMBER(FIND(J9,#REF!)),"NO ENCONTRADO")} -> #REF!
B10: CODIGO | C10: DESCRIPCIÓN | E10: TIPO | F10: TARIFA/HORAD | G10: RENDIMIENTO | H10: VALOR UNITARIO | I10: ID | J10: {=_xlfn._xlws.FILTER(#REF!,#REF!='APU CAP 5 ITEM- 5.3'!J9,"")} -> #REF!
A11: 2 | B11: =IF(A11=0,"",VLOOKUP(A11,#REF!,2)) -> #REF! | C11: =IF(A11=0,"",VLOOKUP(A11,#REF!,3)) -> #REF! | F11: =IF(A11=0,,VLOOKUP(A11,#REF!,5)) -> #REF! | G11: 1.25 | H11: =+ROUND(F11*G11,3) -> #REF!
A12: 65 | B12: =IF(A12=0,"",VLOOKUP(A12,#REF!,2)) -> #REF! | C12: =IF(A12=0,"",VLOOKUP(A12,#REF!,3)) -> #REF! | F12: =IF(A12=0,,VLOOKUP(A12,#REF!,5)) -> #REF! | G12: 1.5 | H12: =+ROUND(F12*G12,3) -> #REF!
A13: 127 | B13: =IF(A13=0,"",VLOOKUP(A13,#REF!,2)) -> #REF! | C13: =IF(A13=0,"",VLOOKUP(A13,#REF!,3)) -> #REF! | F13: =IF(A13=0,,VLOOKUP(A13,#REF!,5)) -> #REF! | G13: 1.25 | H13: =+ROUND(F13*G13,3) -> #REF!
B14: =IF(A14=0,"",VLOOKUP(A14,#REF!,2)) | C14: =IF(A14=0,"",VLOOKUP(A14,#REF!,3)) | F14: =IF(A14=0,,VLOOKUP(A14,#REF!,5)) -> 0 | H14: =+ROUND(F14*G14,3) -> 0
B15: =IF(A15=0,"",VLOOKUP(A15,#REF!,2)) | C15: =IF(A15=0,"",VLOOKUP(A15,#REF!,3)) | F15: =IF(A15=0,,VLOOKUP(A15,#REF!,5)) -> 0 | H15: =+ROUND(F15*G15,3) -> 0
B16: =IF(A16=0,"",VLOOKUP(A16,#REF!,2)) | C16: =IF(A16=0,"",VLOOKUP(A16,#REF!,3)) | F16: =IF(A16=0,,VLOOKUP(A16,#REF!,5)) -> 0 | H16: =+ROUND(F16*G16,3) -> 0
B17: =IF(A17=0,"",VLOOKUP(A17,#REF!,2)) | C17: =IF(A17=0,"",VLOOKUP(A17,#REF!,3)) | F17: =IF(A17=0,,VLOOKUP(A17,#REF!,5)) -> 0 | H17: =+ROUND(F17*G17,3) -> 0
B18: =IF(A18=0,"",VLOOKUP(A18,#REF!,2)) | C18: =IF(A18=0,"",VLOOKUP(A18,#REF!,3)) | F18: =IF(A18=0,,VLOOKUP(A18,#REF!,5)) -> 0 | H18: =+ROUND(F18*G18,3) -> 0
B19: Subtotal Equipo | H19: =SUM(H11:H18) -> #REF!
B21: II. MATERIALES EN OBRA | P21: MATERIALES
B22: CODIGO | C22: DESCRIPCIÓN | E22: UNIDAD | F22: VALOR UNITARIO | G22: CANTIDAD | H22: VALOR UNITARIO
A23: 118 | B23: =IF(A23=0,"",VLOOKUP(A23,#REF!,2)) -> #REF! | C23: =IF(A23=0,"",VLOOKUP(A23,#REF!,3)) -> #REF! | E23: =IF(A23=0,"",VLOOKUP(A23,#REF!,4)) -> #REF! | F23: =IF(A23=0,,VLOOKUP(A23,#REF!,5)) -> #REF! | G23: 1.05 | H23: =+ROUND(G23*F23,3) -> #REF!
A24: 137 | B24: =IF(A24=0,"",VLOOKUP(A24,#REF!,2)) -> #REF! | C24: =IF(A24=0,"",VLOOKUP(A24,#REF!,3)) -> #REF! | E24: =IF(A24=0,"",VLOOKUP(A24,#REF!,4)) -> #REF! | F24: =IF(A24=0,,VLOOKUP(A24,#REF!,5)) -> #REF! | G24: 1.2 | H24: =+ROUND(G24*F24,3) -> #REF! | P24: {=_xlfn._xlws.FILTER(#REF!,ISNUMBER(FIND(J25,#REF!)),"NO ENCONTRADO")} -> #REF!
B25: =IF(A25=0,"",VLOOKUP(A25,#REF!,2)) | C25: =IF(A25=0,"",VLOOKUP(A25,#REF!,3)) | E25: =IF(A25=0,"",VLOOKUP(A25,#REF!,4)) | F25: =IF(A25=0,,VLOOKUP(A25,#REF!,5)) -> 0 | H25: =+ROUND(G25*F25,3) -> 0 | I25: EQUIPO: | J25: sol
B26: =IF(A26=0,"",VLOOKUP(A26,#REF!,2)) | C26: =IF(A26=0,"",VLOOKUP(A26,#REF!,3)) | E26: =IF(A26=0,"",VLOOKUP(A26,#REF!,4)) | F26: =IF(A26=0,,VLOOKUP(A26,#REF!,5)) -> 0 | H26: =+ROUND(G26*F26,3) -> 0 | I26: ID | J26: {=_xlfn._xlws.FILTER(#REF!,#REF!='APU CAP 5 ITEM- 5.3'!J25,"")} -> #REF!
B27: =IF(A27=0,"",VLOOKUP(A27,#REF!,2)) | C27: =IF(A27=0,"",VLOOKUP(A27,#REF!,3)) | E27: =IF(A27=0,"",VLOOKUP(A27,#REF!,4)) | F27: =IF(A27=0,,VLOOKUP(A27,#REF!,5)) -> 0 | H27: =+ROUND(G27*F27,3) -> 0
B28: =IF(A28=0,"",VLOOKUP(A28,#REF!,2)) | C28: =IF(A28=0,"",VLOOKUP(A28,#REF!,3)) | E28: =IF(A28=0,"",VLOOKUP(A28,#REF!,4)) | F28: =IF(A28=0,,VLOOKUP(A28,#REF!,5)) -> 0 | H28: =+ROUND(G28*F28,3) -> 0 | I28: ID | J28: {=_xlfn._xlws.FILTER(#REF!,#REF!='APU CAP 5 ITEM- 5.3'!J27,"")} -> #REF!
B29: =IF(A29=0,"",VLOOKUP(A29,#REF!,2)) | C29: =IF(A29=0,"",VLOOKUP(A29,#REF!,3)) | E29: =IF(A29=0,"",VLOOKUP(A29,#REF!,4)) | F29: =IF(A29=0,,VLOOKUP(A29,#REF!,5)) -> 0 | H29: =+ROUND(G29*F29,3) -> 0
B30: =IF(A30=0,"",VLOOKUP(A30,#REF!,2)) | C30: =IF(A30=0,"",VLOOKUP(A30,#REF!,3)) | E30: =IF(A30=0,"",VLOOKUP(A30,#REF!,4)) | F30: =IF(A30=0,,VLOOKUP(A30,#REF!,5)) -> 0 | H30: =+ROUND(G30*F30,3) -> 0
B31: =IF(A31=0,"",VLOOKUP(A31,#REF!,2)) | C31: =IF(A31=0,"",VLOOKUP(A31,#REF!,3)) | E31: =IF(A31=0,"",VLOOKUP(A31,#REF!,4)) | F31: =IF(A31=0,,VLOOKUP(A31,#REF!,5)) -> 0 | H31: =+ROUND(G31*F31,3) -> 0
B32: Subtotal Materiales en Obra | H32: =SUM(H23:H31) -> #REF!
Q33: MATERIALES
B34: III. TRANSPORTES
B35: CODIGO | C35: DESCRIPCIÓN | D35: UNIDAD | E35: CANT. (1) | F35: DISTANCIA (2) | G35: TARIFA | H35: VALOR UNITARIO
B36: =IF(A36=0,"",VLOOKUP(A36,#REF!,2)) | C36: =IF(A36=0,"",VLOOKUP(A36,#REF!,3)) | D36: =IF(A36=0,"",VLOOKUP(A36,#REF!,4)) | G36: =IF(A36=0,,VLOOKUP(A36,#REF!,5)) -> 0 | H36: =+ROUND(E36*F36*G36,3) -> 0 | Q36: {=_xlfn._xlws.FILTER(#REF!,ISNUMBER(FIND(J39,#REF!)),"NO ENCONTRADO")} -> #REF!
B37: =IF(A37=0,"",VLOOKUP(A37,#REF!,2)) | C37: =IF(A37=0,"",VLOOKUP(A37,#REF!,3)) | D37: =IF(A37=0,"",VLOOKUP(A37,#REF!,4)) | G37: =IF(A37=0,,VLOOKUP(A37,#REF!,5)) -> 0 | H37: =+ROUND(E37*F37*G37,3) -> 0
B38: =IF(A38=0,"",VLOOKUP(A38,#REF!,2)) | C38: =IF(A38=0,"",VLOOKUP(A38,#REF!,3)) | D38: =IF(A38=0,"",VLOOKUP(A38,#REF!,4)) | G38: =IF(A38=0,,VLOOKUP(A38,#REF!,5)) -> 0 | H38: =+ROUND(E38*F38*G38,3) -> 0
B39: =IF(A39=0,"",VLOOKUP(A39,#REF!,2)) | C39: =IF(A39=0,"",VLOOKUP(A39,#REF!,3)) | D39: =IF(A39=0,"",VLOOKUP(A39,#REF!,4)) | G39: =IF(A39=0,,VLOOKUP(A39,#REF!,5)) -> 0 | H39: =+ROUND(E39*F39*G39,3) -> 0 | I39: EQUIPO: | J39: Transporte de acero
B40: =IF(A40=0,"",VLOOKUP(A40,#REF!,2)) | C40: =IF(A40=0,"",VLOOKUP(A40,#REF!,3)) | D40: =IF(A40=0,"",VLOOKUP(A40,#REF!,4)) | G40: =IF(A40=0,,VLOOKUP(A40,#REF!,5)) -> 0 | H40: =+ROUND(E40*F40*G40,3) -> 0 | I40: ID | J40: {=_xlfn._xlws.FILTER(#REF!,#REF!='APU CAP 5 ITEM- 5.3'!J39,"")} -> #REF! | K40: {=_xlfn._xlws.FILTER(#REF!,#REF!='APU CAP 5 ITEM- 5.3'!J39,"")} -> #REF!
B41: Subtotal transportes | H41: =SUM(H36:H40) -> 0
B43: IV. MANO DE OBRA
B44: CODIGO | C44: DESCRIPCIÓN | D44: JORNAL | E44: % PRE. | F44: JORNAL TOTAL | G44: RENDIMIENTO | H44: VALOR UNITARIO
A45: 2 | C45: =IF(A45=0,"",VLOOKUP(A45,#REF!,2)) -> #REF! | D45: =IF(A45=0,"",VLOOKUP(A45,#REF!,3)) -> #REF! | E45: =IF(A45=0,,0.85) -> 0.85 | F45: =IF(A45=0,"",VLOOKUP(A45,#REF!,6)) -> #REF! | G45: 3.5 | H45: =IF(AND(E45>0,F45>0,G45>0),ROUND(F45/G45,3),0) -> #REF!
A46: 6 | C46: =IF(A46=0,"",VLOOKUP(A46,#REF!,2)) -> #REF! | D46: =IF(A46=0,"",VLOOKUP(A46,#REF!,3)) -> #REF! | E46: =IF(A46=0,,0.85) -> 0.85 | F46: =IF(A46=0,"",VLOOKUP(A46,#REF!,6)) -> #REF! | G46: 3.5 | H46: =IF(AND(E46>0,F46>0,G46>0),ROUND(F46/G46,3),0) -> #REF!
E47: =IF(A47=0,,0.85) -> 0 | H47: =IF(AND(E47>0,F47>0,G47>0),ROUND(F47/G47,3),0) -> 0 | I47: EQUIPO: | J47: Cuadrilla AA 1 Ay
E48: =IF(A48=0,,0.85) -> 0 | H48: =IF(AND(E48>0,F48>0,G48>0),ROUND(F48/G48,3),0) -> 0 | I48: ID | J48: {=_xlfn._xlws.FILTER(#REF!,#REF!='APU CAP 5 ITEM- 5.3'!J47,"")} -> #REF!
B49: Subtotal mano de obra | H49: =ROUND(SUM(H45:H48),0) -> #REF!
B51: V. COSTOS DIRECTOS | H51: =+ROUND(H49+H32+H41+H19,0) -> #REF!

Sheet APU CAP 5 ITEM- 5.4
B2: ANÁLISIS DE PRECIO UNITARIO
B3: =CONCATENATE("PROYECTO: ",'PRESUPUESTO '!E5) -> PROYECTO: RECUPERACION Y CONSERVACIÓN DE ÁREAS DE IMPORTANCIA ESTRATEGICA DE LA ZONA DE INFLUENCIA DEL COMPLEJO CENAGOSO DE CASCALOA DE MAGANGUÉ, BOLÍVAR
B5: =_xlfn.CONCAT("CAPITULO ",K5) -> #REF! | D5: =VLOOKUP(K5,'PRESUPUESTO '!B12:K26,2) -> #REF! | H5: UNIDAD: | J5: CAPITULO | K5: ='PRESUPUESTO '!#REF! -> #REF!
B6: =_xlfn.CONCAT("ÍTEM ",K6) -> #REF! | D6: =VLOOKUP(K6,'PRESUPUESTO '!B12:K26,5) -> #REF! | H6: =VLOOKUP(K6,'PRESUPUESTO '!B12:K26,6) -> #REF! | J6: ITEM | K6: ='PRESUPUESTO '!#REF! -> #REF! | O6: EQUIPOS
B9: I. EQUIPO | I9: EQUIPO: | J9: Astilladora de madera para triturar, potencia aproximada 75 HP | O9: {=_xlfn._xlws.FILTER(#REF!,ISNUMBER(FIND(J9,#REF!)),"NO ENCONTRADO")} -> #REF!
B10: CODIGO | C10: DESCRIPCIÓN | E10: TIPO | F10: TARIFA/HORAD | G10: RENDIMIENTO | H10: VALOR UNITARIO | I10: ID | J10: {=_xlfn._xlws.FILTER(#REF!,#REF!='APU CAP 5 ITEM- 5.4'!J9,"")} -> #REF!
A11: 27 | B11: =IF(A11=0,"",VLOOKUP(A11,#REF!,2)) -> #REF! | C11: =IF(A11=0,"",VLOOKUP(A11,#REF!,3)) -> #REF! | F11: =IF(A11=0,,VLOOKUP(A11,#REF!,5)) -> #REF! | G11: 0.1 | H11: =+ROUND(F11*G11,3) -> #REF!
B12: =IF(A12=0,"",VLOOKUP(A12,#REF!,2)) | C12: Herramienta menor 5% M.O. | F12: =IF(A12=0,,VLOOKUP(A12,#REF!,5)) -> 0 | H12: =H49*5% -> #REF!
B13: =IF(A13=0,"",VLOOKUP(A13,#REF!,2)) | C13: =IF(A13=0,"",VLOOKUP(A13,#REF!,3)) | F13: =IF(A13=0,,VLOOKUP(A13,#REF!,5)) -> 0 | H13: =+ROUND(F13*G13,3) -> 0
B14: =IF(A14=0,"",VLOOKUP(A14,#REF!,2)) | C14: =IF(A14=0,"",VLOOKUP(A14,#REF!,3)) | F14: =IF(A14=0,,VLOOKUP(A14,#REF!,5)) -> 0 | H14: =+ROUND(F14*G14,3) -> 0
B15: =IF(A15=0,"",VLOOKUP(A15,#REF!,2)) | C15: =IF(A15=0,"",VLOOKUP(A15,#REF!,3)) | F15: =IF(A15=0,,VLOOKUP(A15,#REF!,5)) -> 0 | H15: =+ROUND(F15*G15,3) -> 0
B16: =IF(A16=0,"",VLOOKUP(A16,#REF!,2)) | C16: =IF(A16=0,"",VLOOKUP(A16,#REF!,3)) | F16: =IF(A16=0,,VLOOKUP(A16,#REF!,5)) -> 0 | H16: =+ROUND(F16*G16,3) -> 0
B17: =IF(A17=0,"",VLOOKUP(A17,#REF!,2)) | C17: =IF(A17=0,"",VLOOKUP(A17,#REF!,3)) | F17: =IF(A17=0,,VLOOKUP(A17,#REF!,5)) -> 0 | H17: =+ROUND(F17*G17,3) -> 0
B18: =IF(A18=0,"",VLOOKUP(A18,#REF!,2)) | C18: =IF(A18=0,"",VLOOKUP(A18,#REF!,3)) | F18: =IF(A18=0,,VLOOKUP(A18,#REF!,5)) -> 0 | H18: =+ROUND(F18*G18,3) -> 0
B19: Subtotal Equipo | H19: =SUM(H11:H18) -> #REF!
B21: II. MATERIALES EN OBRA | P21: MATERIALES
B22: CODIGO | C22: DESCRIPCIÓN | E22: UNIDAD | F22: VALOR UNITARIO | G22: CANTIDAD | H22: VALOR UNITARIO
A23: 5 | B23: =IF(A23=0,"",VLOOKUP(A23,#REF!,2)) -> #REF! | C23: =IF(A23=0,"",VLOOKUP(A23,#REF!,3)) -> #REF! | E23: =IF(A23=0,"",VLOOKUP(A23,#REF!,4)) -> #REF! | F23: =IF(A23=0,,VLOOKUP(A23,#REF!,5)) -> #REF! | G23: 1.06 | H23: =+ROUND(G23*F23,3) -> #REF!
A24: 45 | B24: =IF(A24=0,"",VLOOKUP(A24,#REF!,2)) -> #REF! | C24: =IF(A24=0,"",VLOOKUP(A24,#REF!,3)) -> #REF! | E24: =IF(A24=0,"",VLOOKUP(A24,#REF!,4)) -> #REF! | F24: =IF(A24=0,,VLOOKUP(A24,#REF!,5)) -> #REF! | G24: 0.05 | H24: =+ROUND(G24*F24,3) -> #REF! | P24: {=_xlfn._xlws.FILTER(#REF!,ISNUMBER(FIND(J25,#REF!)),"NO ENCONTRADO")} -> #REF!
B25: =IF(A25=0,"",VLOOKUP(A25,#REF!,2)) | C25: =IF(A25=0,"",VLOOKUP(A25,#REF!,3)) | E25: =IF(A25=0,"",VLOOKUP(A25,#REF!,4)) | F25: =IF(A25=0,,VLOOKUP(A25,#REF!,5)) -> 0 | H25: =+ROUND(G25*F25,3) -> 0 | I25: EQUIPO: | J25: Acero A-37
B26: =IF(A26=0,"",VLOOKUP(A26,#REF!,2)) | C26: =IF(A26=0,"",VLOOKUP(A26,#REF!,3)) | E26: =IF(A26=0,"",VLOOKUP(A26,#REF!,4)) | F26: =IF(A26=0,,VLOOKUP(A26,#REF!,5)) -> 0 | H26: =+ROUND(G26*F26,3) -> 0 | I26: ID | J26: {=_xlfn._xlws.FILTER(#REF!,#REF!='APU CAP 5 ITEM- 5.4'!J25,"")} -> #REF!
B27: =IF(A27=0,"",VLOOKUP(A27,#REF!,2)) | C27: =IF(A27=0,"",VLOOKUP(A27,#REF!,3)) | E27: =IF(A27=0,"",VLOOKUP(A27,#REF!,4)) | F27: =IF(A27=0,,VLOOKUP(A27,#REF!,5)) -> 0 | H27: =+ROUND(G27*F27,3) -> 0
B28: =IF(A28=0,"",VLOOKUP(A28,#REF!,2)) | C28: =IF(A28=0,"",VLOOKUP(A28,#REF!,3)) | E28: =IF(A28=0,"",VLOOKUP(A28,#REF!,4)) | F28: =IF(A28=0,,VLOOKUP(A28,#REF!,5)) -> 0 | H28: =+ROUND(G28*F28,3) -> 0 | I28: ID | J28: {=_xlfn._xlws.FILTER(#REF!,#REF!='APU CAP 5 ITEM- 5.4'!J27,"")} -> #REF!
B29: =IF(A29=0,"",VLOOKUP(A29,#REF!,2)) | C29: =IF(A29=0,"",VLOOKUP(A29,#REF!,3)) | E29: =IF(A29=0,"",VLOOKUP(A29,#REF!,4)) | F29: =IF(A29=0,,VLOOKUP(A29,#REF!,5)) -> 0 | H29: =+ROUND(G29*F29,3) -> 0
B30: =IF(A30=0,"",VLOOKUP(A30,#REF!,2)) | C30: =IF(A30=0,"",VLOOKUP(A30,#REF!,3)) | E30: =IF(A30=0,"",VLOOKUP(A30,#REF!,4)) | F30: =IF(A30=0,,VLOOKUP(A30,#REF!,5)) -> 0 | H30: =+ROUND(G30*F30,3) -> 0
B31: =IF(A31=0,"",VLOOKUP(A31,#REF!,2)) | C31: =IF(A31=0,"",VLOOKUP(A31,#REF!,3)) | E31: =IF(A31=0,"",VLOOKUP(A31,#REF!,4)) | F31: =IF(A31=0,,VLOOKUP(A31,#REF!,5)) -> 0 | H31: =+ROUND(G31*F31,3) -> 0
B32: Subtotal Materiales en Obra | H32: =SUM(H23:H31) -> #REF!
Q33: MATERIALES
B34: III. TRANSPORTES
B35: CODIGO | C35: DESCRIPCIÓN | D35: UNIDAD | E35: CANT. (1) | F35: DISTANCIA (2) | G35: TARIFA | H35: VALOR UNITARIO
A36: 1 | B36: =IF(A36=0,"",VLOOKUP(A36,#REF!,2)) -> #REF! | C36: =IF(A36=0,"",VLOOKUP(A36,#REF!,3)) -> #REF! | D36: =IF(A36=0,"",VLOOKUP(A36,#REF!,4)) -> #REF! | G36: =IF(A36=0,,VLOOKUP(A36,#REF!,5)) -> #REF! | H36: =+ROUND(E36*F36*G36,3) -> #REF! | Q36: {=_xlfn._xlws.FILTER(#REF!,ISNUMBER(FIND(J39,#REF!)),"NO ENCONTRADO")} -> #REF!
B37: =IF(A37=0,"",VLOOKUP(A37,#REF!,2)) | C37: =IF(A37=0,"",VLOOKUP(A37,#REF!,3)) | D37: =IF(A37=0,"",VLOOKUP(A37,#REF!,4)) | G37: =IF(A37=0,,VLOOKUP(A37,#REF!,5)) -> 0 | H37: =+ROUND(E37*F37*G37,3) -> 0
B38: =IF(A38=0,"",VLOOKUP(A38,#REF!,2)) | C38: =IF(A38=0,"",VLOOKUP(A38,#REF!,3)) | D38: =IF(A38=0,"",VLOOKUP(A38,#REF!,4)) | G38: =IF(A38=0,,VLOOKUP(A38,#REF!,5)) -> 0 | H38: =+ROUND(E38*F38*G38,3) -> 0
B39: =IF(A39=0,"",VLOOKUP(A39,#REF!,2)) | C39: =IF(A39=0,"",VLOOKUP(A39,#REF!,3)) | D39: =IF(A39=0,"",VLOOKUP(A39,#REF!,4)) | G39: =IF(A39=0,,VLOOKUP(A39,#REF!,5)) -> 0 | H39: =+ROUND(E39*F39*G39,3) -> 0 | I39: EQUIPO: | J39: Transporte de acero
B40: =IF(A40=0,"",VLOOKUP(A40,#REF!,2)) | C40: =IF(A40=0,"",VLOOKUP(A40,#REF!,3)) | D40: =IF(A40=0,"",VLOOKUP(A40,#REF!,4)) | G40: =IF(A40=0,,VLOOKUP(A40,#REF!,5)) -> 0 | H40: =+ROUND(E40*F40*G40,3) -> 0 | I40: ID | J40: {=_xlfn._xlws.FILTER(#REF!,#REF!='APU CAP 5 ITEM- 5.4'!J39,"")} -> #REF! | K40: {=_xlfn._xlws.FILTER(#REF!,#REF!='APU CAP 5 ITEM- 5.4'!J39,"")} -> #REF!
B41: Subtotal transportes | H41: =SUM(H36:H40) -> #REF!
B43: IV. MANO DE OBRA
B44: CODIGO | C44: DESCRIPCIÓN | D44: JORNAL | E44: % PRE. | F44: JORNAL TOTAL | G44: RENDIMIENTO | H44: VALOR UNITARIO
A45: 2 | C45: =IF(A45=0,"",VLOOKUP(A45,#REF!,2)) -> #REF! | D45: =IF(A45=0,"",VLOOKUP(A45,#REF!,3)) -> #REF! | E45: =IF(A45=0,,0.85) -> 0.85 | F45: =IF(A45=0,"",VLOOKUP(A45,#REF!,6)) -> #REF! | G45: 115 | H45: =IF(AND(E45>0,F45>0,G45>0),ROUND(F45/G45,3),0) -> #REF!
E46: =IF(A46=0,,0.85) -> 0 | H46: =IF(AND(E46>0,F46>0,G46>0),ROUND(F46/G46,3),0) -> 0
E47: =IF(A47=0,,0.85) -> 0 | H47: =IF(AND(E47>0,F47>0,G47>0),ROUND(F47/G47,3),0) -> 0 | I47: EQUIPO: | J47: Cuadrilla AA 1 Ay
E48: =IF(A48=0,,0.85) -> 0 | H48: =IF(AND(E48>0,F48>0,G48>0),ROUND(F48/G48,3),0) -> 0 | I48: ID | J48: {=_xlfn._xlws.FILTER(#REF!,#REF!='APU CAP 5 ITEM- 5.4'!J47,"")} -> #REF!
B49: Subtotal mano de obra | H49: =ROUND(SUM(H45:H48),0) -> #REF!
B51: V. COSTOS DIRECTOS | H51: =+ROUND(H49+H32+H41+H19,0) -> #REF!

Sheet APU CAP 5 ITEM- 5.5
B2: ANÁLISIS DE PRECIO UNITARIO
B3: =CONCATENATE("PROYECTO: ",'PRESUPUESTO '!E5) -> PROYECTO: RECUPERACION Y CONSERVACIÓN DE ÁREAS DE IMPORTANCIA ESTRATEGICA DE LA ZONA DE INFLUENCIA DEL COMPLEJO CENAGOSO DE CASCALOA DE MAGANGUÉ, BOLÍVAR
B5: =_xlfn.CONCAT("CAPITULO ",K5) -> #REF! | D5: =VLOOKUP(K5,'PRESUPUESTO '!B12:K26,2) -> #REF! | H5: UNIDAD: | J5: CAPITULO | K5: ='PRESUPUESTO '!#REF! -> #REF!
B6: =_xlfn.CONCAT("ÍTEM ",K6) -> #REF! | D6: =VLOOKUP(K6,'PRESUPUESTO '!B12:K26,5) -> #REF! | H6: =VLOOKUP(K6,'PRESUPUESTO '!B12:K26,6) -> #REF! | J6: ITEM | K6: ='PRESUPUESTO '!#REF! -> #REF! | O6: EQUIPOS
B9: I. EQUIPO | I9: EQUIPO: | J9: Astilladora de madera para triturar, potencia aproximada 75 HP | O9: {=_xlfn._xlws.FILTER(#REF!,ISNUMBER(FIND(J9,#REF!)),"NO ENCONTRADO")} -> #REF!
B10: CODIGO | C10: DESCRIPCIÓN | E10: TIPO | F10: TARIFA/HORAD | G10: RENDIMIENTO | H10: VALOR UNITARIO | I10: ID | J10: {=_xlfn._xlws.FILTER(#REF!,#REF!='APU CAP 5 ITEM- 5.5'!J9,"")} -> #REF!
B11: =IF(A11=0,"",VLOOKUP(A11,#REF!,2)) | C11: =IF(A11=0,"",VLOOKUP(A11,#REF!,3)) | F11: =IF(A11=0,,VLOOKUP(A11,#REF!,5)) -> 0 | H11: =+ROUND(F11*G11,3) -> 0
B12: =IF(A12=0,"",VLOOKUP(A12,#REF!,2)) | C12: =IF(A12=0,"",VLOOKUP(A12,#REF!,3)) | F12: =IF(A12=0,,VLOOKUP(A12,#REF!,5)) -> 0 | H12: =+ROUND(F12*G12,3) -> 0
B13: =IF(A13=0,"",VLOOKUP(A13,#REF!,2)) | C13: =IF(A13=0,"",VLOOKUP(A13,#REF!,3)) | F13: =IF(A13=0,,VLOOKUP(A13,#REF!,5)) -> 0 | H13: =+ROUND(F13*G13,3) -> 0
B14: =IF(A14=0,"",VLOOKUP(A14,#REF!,2)) | C14: =IF(A14=0,"",VLOOKUP(A14,#REF!,3)) | F14: =IF(A14=0,,VLOOKUP(A14,#REF!,5)) -> 0 | H14: =+ROUND(F14*G14,3) -> 0
B15: =IF(A15=0,"",VLOOKUP(A15,#REF!,2)) | C15: =IF(A15=0,"",VLOOKUP(A15,#REF!,3)) | F15: =IF(A15=0,,VLOOKUP(A15,#REF!,5)) -> 0 | H15: =+ROUND(F15*G15,3) -> 0
B16: =IF(A16=0,"",VLOOKUP(A16,#REF!,2)) | C16: =IF(A16=0,"",VLOOKUP(A16,#REF!,3)) | F16: =IF(A16=0,,VLOOKUP(A16,#REF!,5)) -> 0 | H16: =+ROUND(F16*G16,3) -> 0
B17: =IF(A17=0,"",VLOOKUP(A17,#REF!,2)) | C17: =IF(A17=0,"",VLOOKUP(A17,#REF!,3)) | F17: =IF(A17=0,,VLOOKUP(A17,#REF!,5)) -> 0 | H17: =+ROUND(F17*G17,3) -> 0
B18: =IF(A18=0,"",VLOOKUP(A18,#REF!,2)) | C18: =IF(A18=0,"",VLOOKUP(A18,#REF!,3)) | F18: =IF(A18=0,,VLOOKUP(A18,#REF!,5)) -> 0 | H18: =+ROUND(F18*G18,3) -> 0
B19: Subtotal Equipo | H19: =SUM(H11:H18) -> 0
B21: II. MATERIALES EN OBRA | P21: MATERIALES
B22: CODIGO | C22: DESCRIPCIÓN | E22: UNIDAD | F22: VALOR UNITARIO | G22: CANTIDAD | H22: VALOR UNITARIO
B23: =IF(A23=0,"",VLOOKUP(A23,#REF!,2)) | C23: =IF(A23=0,"",VLOOKUP(A23,#REF!,3)) | E23: =IF(A23=0,"",VLOOKUP(A23,#REF!,4)) | F23: =IF(A23=0,,VLOOKUP(A23,#REF!,5)) -> 0 | H23: =+ROUND(G23*F23,3) -> 0
B24: =IF(A24=0,"",VLOOKUP(A24,#REF!,2)) | C24: =IF(A24=0,"",VLOOKUP(A24,#REF!,3)) | E24: =IF(A24=0,"",VLOOKUP(A24,#REF!,4)) | F24: =IF(A24=0,,VLOOKUP(A24,#REF!,5)) -> 0 | H24: =+ROUND(G24*F24,3) -> 0 | P24: {=_xlfn._xlws.FILTER(#REF!,ISNUMBER(FIND(J25,#REF!)),"NO ENCONTRADO")} -> #REF!
B25: =IF(A25=0,"",VLOOKUP(A25,#REF!,2)) | C25: =IF(A25=0,"",VLOOKUP(A25,#REF!,3)) | E25: =IF(A25=0,"",VLOOKUP(A25,#REF!,4)) | F25: =IF(A25=0,,VLOOKUP(A25,#REF!,5)) -> 0 | H25: =+ROUND(G25*F25,3) -> 0 | I25: EQUIPO: | J25: Acero A-37
B26: =IF(A26=0,"",VLOOKUP(A26,#REF!,2)) | C26: =IF(A26=0,"",VLOOKUP(A26,#REF!,3)) | E26: =IF(A26=0,"",VLOOKUP(A26,#REF!,4)) | F26: =IF(A26=0,,VLOOKUP(A26,#REF!,5)) -> 0 | H26: =+ROUND(G26*F26,3) -> 0 | I26: ID | J26: {=_xlfn._xlws.FILTER(#REF!,#REF!='APU CAP 5 ITEM- 5.5'!J25,"")} -> #REF!
B27: =IF(A27=0,"",VLOOKUP(A27,#REF!,2)) | C27: =IF(A27=0,"",VLOOKUP(A27,#REF!,3)) | E27: =IF(A27=0,"",VLOOKUP(A27,#REF!,4)) | F27: =IF(A27=0,,VLOOKUP(A27,#REF!,5)) -> 0 | H27: =+ROUND(G27*F27,3) -> 0
B28: =IF(A28=0,"",VLOOKUP(A28,#REF!,2)) | C28: =IF(A28=0,"",VLOOKUP(A28,#REF!,3)) | E28: =IF(A28=0,"",VLOOKUP(A28,#REF!,4)) | F28: =IF(A28=0,,VLOOKUP(A28,#REF!,5)) -> 0 | H28: =+ROUND(G28*F28,3) -> 0 | I28: ID | J28: {=_xlfn._xlws.FILTER(#REF!,#REF!='APU CAP 5 ITEM- 5.5'!J27,"")} -> #REF!
B29: =IF(A29=0,"",VLOOKUP(A29,#REF!,2)) | C29: =IF(A29=0,"",VLOOKUP(A29,#REF!,3)) | E29: =IF(A29=0,"",VLOOKUP(A29,#REF!,4)) | F29: =IF(A29=0,,VLOOKUP(A29,#REF!,5)) -> 0 | H29: =+ROUND(G29*F29,3) -> 0
B30: =IF(A30=0,"",VLOOKUP(A30,#REF!,2)) | C30: =IF(A30=0,"",VLOOKUP(A30,#REF!,3)) | E30: =IF(A30=0,"",VLOOKUP(A30,#REF!,4)) | F30: =IF(A30=0,,VLOOKUP(A30,#REF!,5)) -> 0 | H30: =+ROUND(G30*F30,3) -> 0
B31: =IF(A31=0,"",VLOOKUP(A31,#REF!,2)) | C31: =IF(A31=0,"",VLOOKUP(A31,#REF!,3)) | E31: =IF(A31=0,"",VLOOKUP(A31,#REF!,4)) | F31: =IF(A31=0,,VLOOKUP(A31,#REF!,5)) -> 0 | H31: =+ROUND(G31*F31,3) -> 0
B32: Subtotal Materiales en Obra | H32: =SUM(H23:H31) -> 0
Q33: MATERIALES
B34: III. TRANSPORTES
B35: CODIGO | C35: DESCRIPCIÓN | D35: UNIDAD | E35: CANT. (1) | F35: DISTANCIA (2) | G35: TARIFA | H35: VALOR UNITARIO
A36: 1 | B36: =IF(A36=0,"",VLOOKUP(A36,#REF!,2)) -> #REF! | C36: =IF(A36=0,"",VLOOKUP(A36,#REF!,3)) -> #REF! | D36: =IF(A36=0,"",VLOOKUP(A36,#REF!,4)) -> #REF! | G36: =IF(A36=0,,VLOOKUP(A36,#REF!,5)) -> #REF! | H36: =+ROUND(E36*F36*G36,3) -> #REF! | Q36: {=_xlfn._xlws.FILTER(#REF!,ISNUMBER(FIND(J39,#REF!)),"NO ENCONTRADO")} -> #REF!
B37: =IF(A37=0,"",VLOOKUP(A37,#REF!,2)) | C37: =IF(A37=0,"",VLOOKUP(A37,#REF!,3)) | D37: =IF(A37=0,"",VLOOKUP(A37,#REF!,4)) | G37: =IF(A37=0,,VLOOKUP(A37,#REF!,5)) -> 0 | H37: =+ROUND(E37*F37*G37,3) -> 0
B38: =IF(A38=0,"",VLOOKUP(A38,#REF!,2)) | C38: =IF(A38=0,"",VLOOKUP(A38,#REF!,3)) | D38: =IF(A38=0,"",VLOOKUP(A38,#REF!,4)) | G38: =IF(A38=0,,VLOOKUP(A38,#REF!,5)) -> 0 | H38: =+ROUND(E38*F38*G38,3) -> 0
B39: =IF(A39=0,"",VLOOKUP(A39,#REF!,2)) | C39: =IF(A39=0,"",VLOOKUP(A39,#REF!,3)) | D39: =IF(A39=0,"",VLOOKUP(A39,#REF!,4)) | G39: =IF(A39=0,,VLOOKUP(A39,#REF!,5)) -> 0 | H39: =+ROUND(E39*F39*G39,3) -> 0 | I39: EQUIPO: | J39: Transporte de acero
B40: =IF(A40=0,"",VLOOKUP(A40,#REF!,2)) | C40: =IF(A40=0,"",VLOOKUP(A40,#REF!,3)) | D40: =IF(A40=0,"",VLOOKUP(A40,#REF!,4)) | G40: =IF(A40=0,,VLOOKUP(A40,#REF!,5)) -> 0 | H40: =+ROUND(E40*F40*G40,3) -> 0 | I40: ID | J40: {=_xlfn._xlws.FILTER(#REF!,#REF!='APU CAP 5 ITEM- 5.5'!J39,"")} -> #REF! | K40: {=_xlfn._xlws.FILTER(#REF!,#REF!='APU CAP 5 ITEM- 5.5'!J39,"")} -> #REF!
B41: Subtotal transportes | H41: =SUM(H36:H40) -> #REF!
B43: IV. MANO DE OBRA
B44: CODIGO | C44: DESCRIPCIÓN | D44: JORNAL | E44: % PRE. | F44: JORNAL TOTAL | G44: RENDIMIENTO | H44: VALOR UNITARIO
A45: 2 | C45: =IF(A45=0,"",VLOOKUP(A45,#REF!,2)) -> #REF! | D45: =IF(A45=0,"",VLOOKUP(A45,#REF!,3)) -> #REF! | E45: =IF(A45=0,,0.85) -> 0.85 | F45: =IF(A45=0,"",VLOOKUP(A45,#REF!,6)) -> #REF! | H45: =IF(AND(E45>0,F45>0,G45>0),ROUND(F45/G45,3),0) -> #REF!
E46: =IF(A46=0,,0.85) -> 0 | H46: =IF(AND(E46>0,F46>0,G46>0),ROUND(F46/G46,3),0) -> 0
E47: =IF(A47=0,,0.85) -> 0 | H47: =IF(AND(E47>0,F47>0,G47>0),ROUND(F47/G47,3),0) -> 0 | I47: EQUIPO: | J47: Cuadrilla AA 1 Ay
E48: =IF(A48=0,,0.85) -> 0 | H48: =IF(AND(E48>0,F48>0,G48>0),ROUND(F48/G48,3),0) -> 0 | I48: ID | J48: {=_xlfn._xlws.FILTER(#REF!,#REF!='APU CAP 5 ITEM- 5.5'!J47,"")} -> #REF!
B49: Subtotal mano de obra | H49: =ROUND(SUM(H45:H48),0) -> #REF!
B51: V. COSTOS DIRECTOS | H51: =+ROUND(H49+H32+H41+H19,0) -> #REF!

Sheet APU CAP 5 ITEM- 5.6
B2: ANÁLISIS DE PRECIO UNITARIO
B3: =CONCATENATE("PROYECTO: ",'PRESUPUESTO '!E5) -> PROYECTO: RECUPERACION Y CONSERVACIÓN DE ÁREAS DE IMPORTANCIA ESTRATEGICA DE LA ZONA DE INFLUENCIA DEL COMPLEJO CENAGOSO DE CASCALOA DE MAGANGUÉ, BOLÍVAR
B5: =_xlfn.CONCAT("CAPITULO ",K5) -> #REF! | D5: =VLOOKUP(K5,'PRESUPUESTO '!B12:K26,2) -> #REF! | H5: UNIDAD: | J5: CAPITULO | K5: ='PRESUPUESTO '!#REF! -> #REF!
B6: =_xlfn.CONCAT("ÍTEM ",K6) -> #REF! | D6: =VLOOKUP(K6,'PRESUPUESTO '!B12:K26,5) -> #REF! | H6: =VLOOKUP(K6,'PRESUPUESTO '!B12:K26,6) -> #REF! | J6: ITEM | K6: ='PRESUPUESTO '!#REF! -> #REF! | O6: EQUIPOS
B9: I. EQUIPO | I9: EQUIPO: | J9: Astilladora de madera para triturar, potencia aproximada 75 HP | O9: {=_xlfn._xlws.FILTER(#REF!,ISNUMBER(FIND(J9,#REF!)),"NO ENCONTRADO")} -> #REF!
B10: CODIGO | C10: DESCRIPCIÓN | E10: TIPO | F10: TARIFA/HORAD | G10: RENDIMIENTO | H10: VALOR UNITARIO | I10: ID | J10: {=_xlfn._xlws.FILTER(#REF!,#REF!='APU CAP 5 ITEM- 5.6'!J9,"")} -> #REF!
B11: =IF(A11=0,"",VLOOKUP(A11,#REF!,2)) | C11: =IF(A11=0,"",VLOOKUP(A11,#REF!,3)) | F11: =IF(A11=0,,VLOOKUP(A11,#REF!,5)) -> 0 | H11: =+ROUND(F11*G11,3) -> 0
B12: =IF(A12=0,"",VLOOKUP(A12,#REF!,2)) | C12: =IF(A12=0,"",VLOOKUP(A12,#REF!,3)) | F12: =IF(A12=0,,VLOOKUP(A12,#REF!,5)) -> 0 | H12: =+ROUND(F12*G12,3) -> 0
B13: =IF(A13=0,"",VLOOKUP(A13,#REF!,2)) | C13: =IF(A13=0,"",VLOOKUP(A13,#REF!,3)) | F13: =IF(A13=0,,VLOOKUP(A13,#REF!,5)) -> 0 | H13: =+ROUND(F13*G13,3) -> 0
B14: =IF(A14=0,"",VLOOKUP(A14,#REF!,2)) | C14: =IF(A14=0,"",VLOOKUP(A14,#REF!,3)) | F14: =IF(A14=0,,VLOOKUP(A14,#REF!,5)) -> 0 | H14: =+ROUND(F14*G14,3) -> 0
B15: =IF(A15=0,"",VLOOKUP(A15,#REF!,2)) | C15: =IF(A15=0,"",VLOOKUP(A15,#REF!,3)) | F15: =IF(A15=0,,VLOOKUP(A15,#REF!,5)) -> 0 | H15: =+ROUND(F15*G15,3) -> 0
B16: =IF(A16=0,"",VLOOKUP(A16,#REF!,2)) | C16: =IF(A16=0,"",VLOOKUP(A16,#REF!,3)) | F16: =IF(A16=0,,VLOOKUP(A16,#REF!,5)) -> 0 | H16: =+ROUND(F16*G16,3) -> 0
B17: =IF(A17=0,"",VLOOKUP(A17,#REF!,2)) | C17: =IF(A17=0,"",VLOOKUP(A17,#REF!,3)) | F17: =IF(A17=0,,VLOOKUP(A17,#REF!,5)) -> 0 | H17: =+ROUND(F17*G17,3) -> 0
B18: =IF(A18=0,"",VLOOKUP(A18,#REF!,2)) | C18: =IF(A18=0,"",VLOOKUP(A18,#REF!,3)) | F18: =IF(A18=0,,VLOOKUP(A18,#REF!,5)) -> 0 | H18: =+ROUND(F18*G18,3) -> 0
B19: Subtotal Equipo | H19: =SUM(H11:H18) -> 0
B21: II. MATERIALES EN OBRA | P21: MATERIALES
B22: CODIGO | C22: DESCRIPCIÓN | E22: UNIDAD | F22: VALOR UNITARIO | G22: CANTIDAD | H22: VALOR UNITARIO
B23: =IF(A23=0,"",VLOOKUP(A23,#REF!,2)) | C23: =IF(A23=0,"",VLOOKUP(A23,#REF!,3)) | E23: =IF(A23=0,"",VLOOKUP(A23,#REF!,4)) | F23: =IF(A23=0,,VLOOKUP(A23,#REF!,5)) -> 0 | H23: =+ROUND(G23*F23,3) -> 0
B24: =IF(A24=0,"",VLOOKUP(A24,#REF!,2)) | C24: =IF(A24=0,"",VLOOKUP(A24,#REF!,3)) | E24: =IF(A24=0,"",VLOOKUP(A24,#REF!,4)) | F24: =IF(A24=0,,VLOOKUP(A24,#REF!,5)) -> 0 | H24: =+ROUND(G24*F24,3) -> 0 | P24: {=_xlfn._xlws.FILTER(#REF!,ISNUMBER(FIND(J25,#REF!)),"NO ENCONTRADO")} -> #REF!
B25: =IF(A25=0,"",VLOOKUP(A25,#REF!,2)) | C25: =IF(A25=0,"",VLOOKUP(A25,#REF!,3)) | E25: =IF(A25=0,"",VLOOKUP(A25,#REF!,4)) | F25: =IF(A25=0,,VLOOKUP(A25,#REF!,5)) -> 0 | H25: =+ROUND(G25*F25,3) -> 0 | I25: EQUIPO: | J25: Acero A-37
B26: =IF(A26=0,"",VLOOKUP(A26,#REF!,2)) | C26: =IF(A26=0,"",VLOOKUP(A26,#REF!,3)) | E26: =IF(A26=0,"",VLOOKUP(A26,#REF!,4)) | F26: =IF(A26=0,,VLOOKUP(A26,#REF!,5)) -> 0 | H26: =+ROUND(G26*F26,3) -> 0 | I26: ID | J26: {=_xlfn._xlws.FILTER(#REF!,#REF!='APU CAP 5 ITEM- 5.6'!J25,"")} -> #REF!
B27: =IF(A27=0,"",VLOOKUP(A27,#REF!,2)) | C27: =IF(A27=0,"",VLOOKUP(A27,#REF!,3)) | E27: =IF(A27=0,"",VLOOKUP(A27,#REF!,4)) | F27: =IF(A27=0,,VLOOKUP(A27,#REF!,5)) -> 0 | H27: =+ROUND(G27*F27,3) -> 0
B28: =IF(A28=0,"",VLOOKUP(A28,#REF!,2)) | C28: =IF(A28=0,"",VLOOKUP(A28,#REF!,3)) | E28: =IF(A28=0,"",VLOOKUP(A28,#REF!,4)) | F28: =IF(A28=0,,VLOOKUP(A28,#REF!,5)) -> 0 | H28: =+ROUND(G28*F28,3) -> 0 | I28: ID | J28: {=_xlfn._xlws.FILTER(#REF!,#REF!='APU CAP 5 ITEM- 5.6'!J27,"")} -> #REF!
B29: =IF(A29=0,"",VLOOKUP(A29,#REF!,2)) | C29: =IF(A29=0,"",VLOOKUP(A29,#REF!,3)) | E29: =IF(A29=0,"",VLOOKUP(A29,#REF!,4)) | F29: =IF(A29=0,,VLOOKUP(A29,#REF!,5)) -> 0 | H29: =+ROUND(G29*F29,3) -> 0
B30: =IF(A30=0,"",VLOOKUP(A30,#REF!,2)) | C30: =IF(A30=0,"",VLOOKUP(A30,#REF!,3)) | E30: =IF(A30=0,"",VLOOKUP(A30,#REF!,4)) | F30: =IF(A30=0,,VLOOKUP(A30,#REF!,5)) -> 0 | H30: =+ROUND(G30*F30,3) -> 0
B31: =IF(A31=0,"",VLOOKUP(A31,#REF!,2)) | C31: =IF(A31=0,"",VLOOKUP(A31,#REF!,3)) | E31: =IF(A31=0,"",VLOOKUP(A31,#REF!,4)) | F31: =IF(A31=0,,VLOOKUP(A31,#REF!,5)) -> 0 | H31: =+ROUND(G31*F31,3) -> 0
B32: Subtotal Materiales en Obra | H32: =SUM(H23:H31) -> 0
Q33: MATERIALES
B34: III. TRANSPORTES
B35: CODIGO | C35: DESCRIPCIÓN | D35: UNIDAD | E35: CANT. (1) | F35: DISTANCIA (2) | G35: TARIFA | H35: VALOR UNITARIO
A36: 1 | B36: =IF(A36=0,"",VLOOKUP(A36,#REF!,2)) -> #REF! | C36: =IF(A36=0,"",VLOOKUP(A36,#REF!,3)) -> #REF! | D36: =IF(A36=0,"",VLOOKUP(A36,#REF!,4)) -> #REF! | G36: =IF(A36=0,,VLOOKUP(A36,#REF!,5)) -> #REF! | H36: =+ROUND(E36*F36*G36,3) -> #REF! | Q36: {=_xlfn._xlws.FILTER(#REF!,ISNUMBER(FIND(J39,#REF!)),"NO ENCONTRADO")} -> #REF!
B37: =IF(A37=0,"",VLOOKUP(A37,#REF!,2)) | C37: =IF(A37=0,"",VLOOKUP(A37,#REF!,3)) | D37: =IF(A37=0,"",VLOOKUP(A37,#REF!,4)) | G37: =IF(A37=0,,VLOOKUP(A37,#REF!,5)) -> 0 | H37: =+ROUND(E37*F37*G37,3) -> 0
B38: =IF(A38=0,"",VLOOKUP(A38,#REF!,2)) | C38: =IF(A38=0,"",VLOOKUP(A38,#REF!,3)) | D38: =IF(A38=0,"",VLOOKUP(A38,#REF!,4)) | G38: =IF(A38=0,,VLOOKUP(A38,#REF!,5)) -> 0 | H38: =+ROUND(E38*F38*G38,3) -> 0
B39: =IF(A39=0,"",VLOOKUP(A39,#REF!,2)) | C39: =IF(A39=0,"",VLOOKUP(A39,#REF!,3)) | D39: =IF(A39=0,"",VLOOKUP(A39,#REF!,4)) | G39: =IF(A39=0,,VLOOKUP(A39,#REF!,5)) -> 0 | H39: =+ROUND(E39*F39*G39,3) -> 0 | I39: EQUIPO: | J39: Transporte de acero
B40: =IF(A40=0,"",VLOOKUP(A40,#REF!,2)) | C40: =IF(A40=0,"",VLOOKUP(A40,#REF!,3)) | D40: =IF(A40=0,"",VLOOKUP(A40,#REF!,4)) | G40: =IF(A40=0,,VLOOKUP(A40,#REF!,5)) -> 0 | H40: =+ROUND(E40*F40*G40,3) -> 0 | I40: ID | J40: {=_xlfn._xlws.FILTER(#REF!,#REF!='APU CAP 5 ITEM- 5.6'!J39,"")} -> #REF! | K40: {=_xlfn._xlws.FILTER(#REF!,#REF!='APU CAP 5 ITEM- 5.6'!J39,"")} -> #REF!
B41: Subtotal transportes | H41: =SUM(H36:H40) -> #REF!
B43: IV. MANO DE OBRA
B44: CODIGO | C44: DESCRIPCIÓN | D44: JORNAL | E44: % PRE. | F44: JORNAL TOTAL | G44: RENDIMIENTO | H44: VALOR UNITARIO
A45: 2 | C45: =IF(A45=0,"",VLOOKUP(A45,#REF!,2)) -> #REF! | D45: =IF(A45=0,"",VLOOKUP(A45,#REF!,3)) -> #REF! | E45: =IF(A45=0,,0.85) -> 0.85 | F45: =IF(A45=0,"",VLOOKUP(A45,#REF!,6)) -> #REF! | H45: =IF(AND(E45>0,F45>0,G45>0),ROUND(F45/G45,3),0) -> #REF!
E46: =IF(A46=0,,0.85) -> 0 | H46: =IF(AND(E46>0,F46>0,G46>0),ROUND(F46/G46,3),0) -> 0
E47: =IF(A47=0,,0.85) -> 0 | H47: =IF(AND(E47>0,F47>0,G47>0),ROUND(F47/G47,3),0) -> 0 | I47: EQUIPO: | J47: Cuadrilla AA 1 Ay
E48: =IF(A48=0,,0.85) -> 0 | H48: =IF(AND(E48>0,F48>0,G48>0),ROUND(F48/G48,3),0) -> 0 | I48: ID | J48: {=_xlfn._xlws.FILTER(#REF!,#REF!='APU CAP 5 ITEM- 5.6'!J47,"")} -> #REF!
B49: Subtotal mano de obra | H49: =ROUND(SUM(H45:H48),0) -> #REF!
B51: V. COSTOS DIRECTOS | H51: =+ROUND(H49+H32+H41+H19,0) -> #REF!

Sheet APU CAP 6 ITEM- 6.2
B2: ANÁLISIS DE PRECIO UNITARIO
B3: =CONCATENATE("PROYECTO: ",'PRESUPUESTO '!E5) -> PROYECTO: RECUPERACION Y CONSERVACIÓN DE ÁREAS DE IMPORTANCIA ESTRATEGICA DE LA ZONA DE INFLUENCIA DEL COMPLEJO CENAGOSO DE CASCALOA DE MAGANGUÉ, BOLÍVAR
B5: =_xlfn.CONCAT("CAPITULO ",K5) -> #REF! | D5: =VLOOKUP(K5,'PRESUPUESTO '!B12:K26,2) -> #REF! | H5: UNIDAD: | J5: CAPITULO | K5: ='PRESUPUESTO '!#REF! -> #REF!
B6: =_xlfn.CONCAT("ÍTEM ",K6) -> #REF! | D6: =VLOOKUP(K6,'PRESUPUESTO '!B12:K26,5) -> #REF! | H6: =VLOOKUP(K6,'PRESUPUESTO '!B12:K26,6) -> #REF! | J6: ITEM | K6: ='PRESUPUESTO '!#REF! -> #REF! | O6: EQUIPOS
B9: I. EQUIPO | I9: EQUIPO: | J9: Astilladora de madera para triturar, potencia aproximada 75 HP | O9: {=_xlfn._xlws.FILTER(#REF!,ISNUMBER(FIND(J9,#REF!)),"NO ENCONTRADO")} -> #REF!
B10: CODIGO | C10: DESCRIPCIÓN | E10: TIPO | F10: TARIFA/HORAD | G10: RENDIMIENTO | H10: VALOR UNITARIO | I10: ID | J10: {=_xlfn._xlws.FILTER(#REF!,#REF!='APU CAP 6 ITEM- 6.2'!J9,"")} -> #REF!
B11: =IF(A11=0,"",VLOOKUP(A11,#REF!,2)) | C11: =IF(A11=0,"",VLOOKUP(A11,#REF!,3)) | F11: =IF(A11=0,,VLOOKUP(A11,#REF!,5)) -> 0 | H11: =+ROUND(F11*G11,3) -> 0
B12: =IF(A12=0,"",VLOOKUP(A12,#REF!,2)) | C12: =IF(A12=0,"",VLOOKUP(A12,#REF!,3)) | F12: =IF(A12=0,,VLOOKUP(A12,#REF!,5)) -> 0 | H12: =+ROUND(F12*G12,3) -> 0
B13: =IF(A13=0,"",VLOOKUP(A13,#REF!,2)) | C13: =IF(A13=0,"",VLOOKUP(A13,#REF!,3)) | F13: =IF(A13=0,,VLOOKUP(A13,#REF!,5)) -> 0 | H13: =+ROUND(F13*G13,3) -> 0
B14: =IF(A14=0,"",VLOOKUP(A14,#REF!,2)) | C14: =IF(A14=0,"",VLOOKUP(A14,#REF!,3)) | F14: =IF(A14=0,,VLOOKUP(A14,#REF!,5)) -> 0 | H14: =+ROUND(F14*G14,3) -> 0
B15: =IF(A15=0,"",VLOOKUP(A15,#REF!,2)) | C15: =IF(A15=0,"",VLOOKUP(A15,#REF!,3)) | F15: =IF(A15=0,,VLOOKUP(A15,#REF!,5)) -> 0 | H15: =+ROUND(F15*G15,3) -> 0
B16: =IF(A16=0,"",VLOOKUP(A16,#REF!,2)) | C16: =IF(A16=0,"",VLOOKUP(A16,#REF!,3)) | F16: =IF(A16=0,,VLOOKUP(A16,#REF!,5)) -> 0 | H16: =+ROUND(F16*G16,3) -> 0
B17: =IF(A17=0,"",VLOOKUP(A17,#REF!,2)) | C17: =IF(A17=0,"",VLOOKUP(A17,#REF!,3)) | F17: =IF(A17=0,,VLOOKUP(A17,#REF!,5)) -> 0 | H17: =+ROUND(F17*G17,3) -> 0
B18: =IF(A18=0,"",VLOOKUP(A18,#REF!,2)) | C18: =IF(A18=0,"",VLOOKUP(A18,#REF!,3)) | F18: =IF(A18=0,,VLOOKUP(A18,#REF!,5)) -> 0 | H18: =+ROUND(F18*G18,3) -> 0
B19: Subtotal Equipo | H19: =SUM(H11:H18) -> 0
B21: II. MATERIALES EN OBRA | P21: MATERIALES
B22: CODIGO | C22: DESCRIPCIÓN | E22: UNIDAD | F22: VALOR UNITARIO | G22: CANTIDAD | H22: VALOR UNITARIO
B23: =IF(A23=0,"",VLOOKUP(A23,#REF!,2)) | C23: =IF(A23=0,"",VLOOKUP(A23,#REF!,3)) | E23: =IF(A23=0,"",VLOOKUP(A23,#REF!,4)) | F23: =IF(A23=0,,VLOOKUP(A23,#REF!,5)) -> 0 | H23: =+ROUND(G23*F23,3) -> 0
B24: =IF(A24=0,"",VLOOKUP(A24,#REF!,2)) | C24: =IF(A24=0,"",VLOOKUP(A24,#REF!,3)) | E24: =IF(A24=0,"",VLOOKUP(A24,#REF!,4)) | F24: =IF(A24=0,,VLOOKUP(A24,#REF!,5)) -> 0 | H24: =+ROUND(G24*F24,3) -> 0 | P24: {=_xlfn._xlws.FILTER(#REF!,ISNUMBER(FIND(J25,#REF!)),"NO ENCONTRADO")} -> #REF!
B25: =IF(A25=0,"",VLOOKUP(A25,#REF!,2)) | C25: =IF(A25=0,"",VLOOKUP(A25,#REF!,3)) | E25: =IF(A25=0,"",VLOOKUP(A25,#REF!,4)) | F25: =IF(A25=0,,VLOOKUP(A25,#REF!,5)) -> 0 | H25: =+ROUND(G25*F25,3) -> 0 | I25: EQUIPO: | J25: Acero A-37
B26: =IF(A26=0,"",VLOOKUP(A26,#REF!,2)) | C26: =IF(A26=0,"",VLOOKUP(A26,#REF!,3)) | E26: =IF(A26=0,"",VLOOKUP(A26,#REF!,4)) | F26: =IF(A26=0,,VLOOKUP(A26,#REF!,5)) -> 0 | H26: =+ROUND(G26*F26,3) -> 0 | I26: ID | J26: {=_xlfn._xlws.FILTER(#REF!,#REF!='APU CAP 6 ITEM- 6.2'!J25,"")} -> #REF!
B27: =IF(A27=0,"",VLOOKUP(A27,#REF!,2)) | C27: =IF(A27=0,"",VLOOKUP(A27,#REF!,3)) | E27: =IF(A27=0,"",VLOOKUP(A27,#REF!,4)) | F27: =IF(A27=0,,VLOOKUP(A27,#REF!,5)) -> 0 | H27: =+ROUND(G27*F27,3) -> 0
B28: =IF(A28=0,"",VLOOKUP(A28,#REF!,2)) | C28: =IF(A28=0,"",VLOOKUP(A28,#REF!,3)) | E28: =IF(A28=0,"",VLOOKUP(A28,#REF!,4)) | F28: =IF(A28=0,,VLOOKUP(A28,#REF!,5)) -> 0 | H28: =+ROUND(G28*F28,3) -> 0 | I28: ID | J28: {=_xlfn._xlws.FILTER(#REF!,#REF!='APU CAP 6 ITEM- 6.2'!J27,"")} -> #REF!
